 Dungeon Crawl Stone Soup version 0.23-a0-643-g9ccc95a (webtiles) character file.

1559999 Azzok the Archmage (level 27, -3/323 HPs)
             Began as a Demonspawn Fire Elementalist on Dec 30, 2018.
             Was the Champion of Vehumet.
             Killed by dispel undead
             ... invoked by a Tzitzimitl
             ... summoned by Roafa
              (56 damage)
             ... on level 22 of a ziggurat on Dec 31, 2018.
             The game lasted 11:28:13 (98420 turns).

Azzok the Archmage (Demonspawn Fire Elementalist)  Turns: 98420, Time: 11:28:14

Health: -3/323     AC: 25    Str: 12    XL:     27
Magic:  0/72       EV: 35    Int: 47    God:    Vehumet [******]
Gold:   13692      SH: 20    Dex: 20    Spells: 3/80 levels left

rFire    + + .     SeeInvis +   N - +8 mithril axe "Arga" {speed, MR+}
rCold    + + +     Gourm    .   Z - +2 shield of Resistance {rF+ rC+ MR+}
rNeg     + + +     Faith    .   U - +4 robe of Augmentation {Str+4 Int+4 Dex+4}
rPois    ∞         Spirit   +   (helmet unavailable)
rElec    +         Reflect  .   Y - scarf {rC+ rF+}
rCorr    +         Harm     .   T - +3 pair of gauntlets of War {Slay+5}
MR       +++++     Clarity  +   j - +0 pair of boots "Dabbiane" {rElec Regen+ Str-2 Int+8}
Stlth    +++++++++.             R - amulet of Weapsef {RegenMP rElec rF+ MP+9 SInv}
HPRegen  4.03/turn              d - ring of Fuist {rElec rF- rC+++ MP+9 Int+3}
MPRegen  1.11/turn              D - ring of the Realms {+Blink Int+6 SInv}

@: lich-form (expiring), darkness, very slightly contaminated, slowed, silenced,
invisible, deflect missiles, very slow
A: horns 3, talons 1, yellow scales 3, clarity, powered by death 3, robust 3,
magic shield, magic regeneration, magic link
}: 5/15 runes: barnacled, slimy, silver, golden, gossamer
a: End Transformation, Renounce Religion, Evoke Blink


You were on level 22 of a ziggurat.
You worshipped Vehumet.
Vehumet was exalted by your worship.
You were not hungry.
You were a lich.
You visited 12 branches of the dungeon, and saw 56 of its levels.
You visited 9 ziggurats (completing 8), and saw 238 of their levels.
You also visited: Ice Cave.

You collected 20249 gold pieces.
You spent 6557 gold pieces at shops.

Inventory:

Hand Weapons
 w - the +9 staff of Wucad Mu {channel}
   (You found it on level 12 of a ziggurat)
 N - the +8 mithril axe "Arga" (weapon) {speed, MR+}
   (You found it on level 26 of a ziggurat)

   Attacks with this weapon are significantly faster.
   It affects your resistance to hostile enchantments.
Missiles
 E - 103 javelins of penetration (quivered)
Armour
 g - the +2 robe of Vines {NoPotionHeal Regen+7}
   (You found it on level 16 of a ziggurat)

   It increases your rate of regeneration.
 j - the +0 pair of boots "Dabbiane" (worn) {rElec Regen+ Str-2 Int+8}
   (You found it on level 25 of a ziggurat)

   It affects your strength (-2).
   It affects your intelligence (+8).
   It insulates you from electricity.
   It increases your rate of regeneration.
 I - the +9 scales of the Dragon King {rPois rF+ rC+ MR+}
   (You found it on level 20 of a ziggurat)

   It protects you from fire.
   It protects you from cold.
   It protects you from poison.
   It affects your resistance to hostile enchantments.
 P - the +8 orange crystal plate armour {Archmagi, Int+3 Clar}
   (You found it on level 21 of a ziggurat)

   It affects your intelligence (+3).
   It protects you against confusion.
 T - the +3 pair of gauntlets of War (worn) {Slay+5}
   (You acquired it on level 25 of a ziggurat)

   It affects your accuracy and damage with ranged weapons and melee attacks
   (+5).
 U - the +4 robe of Augmentation (worn) {Str+4 Int+4 Dex+4}
   (You found it on level 17 of a ziggurat)

   It affects your strength (+4).
   It affects your intelligence (+4).
   It affects your dexterity (+4).
 Y - a scarf of resistance (worn)
 Z - the +2 shield of Resistance (worn) {rF+ rC+ MR+}
   (You found it on level 21 of a ziggurat)

   It protects you from fire.
   It protects you from cold.
   It affects your resistance to hostile enchantments.
Magical Staves
 a - an uncursed staff of earth
 b - an uncursed staff of conjuration
Jewellery
 d - the ring of Fuist (left hand) {rElec rF- rC+++ MP+9 Int+3}
   (You found it on level 24 of a ziggurat)

   [ring of magical power]

   It affects your intelligence (+3).
   It makes you vulnerable to fire.
   It renders you almost immune to cold.
   It insulates you from electricity.
   It affects your magic capacity (+9).
 D - the ring of the Realms (right hand) {+Blink Int+6 SInv}
   (You found it on level 7 of a ziggurat)

   [ring of see invisible]

   It affects your intelligence (+6).
   It lets you see invisible.
   It lets you blink.
 G - the ring "Walyh" {Wiz +Inv rF+ Int+4}
   (You found it on level 16 of a ziggurat)

   [ring of wizardry]

   It improves your spell success rate.
   It affects your intelligence (+4).
   It protects you from fire.
   It lets you turn invisible.
 K - the ring of Gihihom {Wiz Int+5 Slay-3 SInv}
   (You acquired it on level 3 of the Depths)

   [ring of wizardry]

   It improves your spell success rate.
   It affects your intelligence (+5).
   It affects your accuracy and damage with ranged weapons and melee attacks
   (-3).
   It lets you see invisible.
 R - the amulet of Weapsef (around neck) {RegenMP rElec rF+ MP+9 SInv}
   (You found it on level 21 of a ziggurat)

   [amulet of magic regeneration]

   It increases your magic regeneration.
   It protects you from fire.
   It insulates you from electricity.
   It affects your magic capacity (+9).
   It lets you see invisible.
 X - the amulet of Bifix {RegenMP rF++}
   (You found it on level 15 of a ziggurat)

   [amulet of magic regeneration]

   It increases your magic regeneration.
   It greatly protects you from fire.
Wands
 f - a wand of digging (55)
 o - a wand of acid (54)
 u - a wand of clouds (7)
 M - a wand of scattershot (2)
 Q - a wand of paralysis (68)
Scrolls
 e - 185 scrolls of teleportation
 i - 161 scrolls of remove curse
 p - 7 scrolls of identify
 s - 15 scrolls of immolation
 t - 14 scrolls of fear
 x - 86 scrolls of enchant armour
 y - 9 scrolls of summoning
 H - 138 scrolls of fog
 J - 57 scrolls of magic mapping
 O - 95 scrolls of blinking
 V - 46 scrolls of amnesia
Potions
 h - 9 potions of cancellation
 k - 10 potions of invisibility
 l - 8 potions of magic
 m - 16 potions of flight
 n - 17 potions of lignification
 q - 169 potions of mutation {!q}
 r - 8 potions of resistance
 v - 13 potions of agility
 z - 77 potions of heal wounds
 A - 31 potions of haste
 B - 44 potions of curing
 C - 22 potions of might
 F - 23 potions of brilliance
 L - 15 potions of ambrosia
Miscellaneous
 S - a +8 figurine of a ziggurat
Comestibles
 c - 214 rations


   Skills:
 O Level 27 Fighting
 O Level 27 Short Blades
 O Level 27 Long Blades
 O Level 27 Axes
 O Level 27 Maces & Flails
 O Level 27 Polearms
 O Level 27 Staves
 O Level 27 Slings
 O Level 27 Bows
 O Level 27 Crossbows
 O Level 27 Throwing
 O Level 27 Armour
 O Level 27 Dodging
 O Level 27 Stealth
 O Level 27 Shields
 O Level 27 Unarmed Combat
 O Level 27 Spellcasting
 O Level 27 Conjurations
 O Level 27 Hexes
 O Level 27 Charms
 O Level 27 Summonings
 O Level 27 Necromancy
 O Level 27 Translocations
 O Level 27 Transmutations
 O Level 27 Fire Magic
 O Level 27 Ice Magic
 O Level 27 Air Magic
 O Level 27 Earth Magic
 O Level 27 Poison Magic
 O Level 27 Invocations
 O Level 27 Evocations


You had 3 spell levels left.
You knew the following spells:

 Your Spells              Type           Power        Failure   Level  Hunger
a - Necromutation         Tmut/Necr      #########.   1%          8    N/A
b - Lehudib's Crystal Sp  Conj/Erth      ########..   0%          8    N/A
c - Ignition              Fire           ########..   0%          8    N/A
d - Fire Storm            Conj/Fire      ########..   1%          9    N/A
e - Tornado               Air            ########..   1%          9    N/A
f - Darkness              Hex            ########..   0%          6    N/A
g - Glaciate              Conj/Ice       ########..   1%          9    N/A
h - Shatter               Erth           ########..   1%          9    N/A
i - Deflect Missiles      Chrm/Air       ########..   0%          6    N/A
j - Yara's Violent Unrav  Hex/Tmut       ########..   0%          5    N/A

Your spell library contained the following spells:

 Spells                   Type           Power        Failure   Level  Hunger
 Chain Lightning          Conj/Air       ########..   0%          8    N/A
 Animate Skeleton         Necr           N/A          0%          1    N/A
 Apportation              Tloc           ######       0%          1    N/A
 Beastly Appendage        Tmut           ######       0%          1    N/A
 Confusing Touch          Hex            ######       0%          1    N/A
 Corona                   Hex            #######      0%          1    N/A
 Flame Tongue             Conj/Fire      #####        0%          1    N/A
 Freeze                   Ice            ####         0%          1    N/A
 Infusion                 Chrm           ####         0%          1    N/A
 Magic Dart               Conj           ####         0%          1    N/A
 Pain                     Necr           ####         0%          1    N/A
 Sandblast                Erth           ######       0%          1    N/A
 Shock                    Conj/Air       ####         0%          1    N/A
 Sting                    Conj/Pois      ####         0%          1    N/A
 Summon Butterflies       Summ           ########     0%          1    N/A
 Summon Small Mammal      Summ           ####         0%          1    N/A
 Blink                    Tloc           N/A          0%          2    N/A
 Call Imp                 Summ           ########     0%          2    N/A
 Corpse Rot               Necr           N/A          0%          2    N/A
 Ensorcelled Hibernation  Hex/Ice        ######       0%          2    N/A
 Passwall                 Tmut/Erth      ########     0%          2    N/A
 Poisonous Vapours        Pois/Air       ######       0%          2    N/A
 Searing Ray              Conj           ######       0%          2    N/A
 Shroud of Golubria       Chrm/Tloc      ########..   0%          2    N/A
 Slow                     Hex            ########     0%          2    N/A
 Song of Slaying          Chrm           ########     0%          2    N/A
 Sticks to Snakes         Tmut           ########     0%          2    N/A
 Sublimation of Blood     Necr           #########.   0%          2    N/A
 Swiftness                Chrm/Air       ########     0%          2    N/A
 Throw Flame              Conj/Fire      ######       0%          2    N/A
 Throw Frost              Conj/Ice       ######       0%          2    N/A
 Call Canine Familiar     Summ           ########     0%          3    N/A
 Confuse                  Hex            ########     0%          3    N/A
 Conjure Flame            Conj/Fire      ########     0%          3    N/A
 Dazzling Spray           Conj/Hex       ######       0%          3    N/A
 Gell's Gravitas          Tloc           ########..   0%          3    N/A
 Ignite Poison            Fire/Tmut/Pois ########     0%          3    N/A
 Inner Flame              Hex/Fire       ########     0%          3    N/A
 Lesser Beckoning         Tloc           ########..   0%          3    N/A
 Mephitic Cloud           Conj/Pois/Air  ########     0%          3    N/A
 Ozocubu's Armour         Chrm/Ice       ########     0%          3    N/A
 Portal Projectile        Hex/Tloc       ######       0%          3    N/A
 Recall                   Summ/Tloc      N/A          0%          3    N/A
 Regeneration             Chrm/Necr      #########.   0%          3    N/A
 Spectral Weapon          Hex/Chrm       ########     0%          3    N/A
 Spider Form              Tmut/Pois      ########..   0%          3    N/A
 Static Discharge         Conj/Air       ########     0%          3    N/A
 Stone Arrow              Conj/Erth      ######       0%          3    N/A
 Summon Guardian Golem    Hex/Summ       ########     0%          3    N/A
 Teleport Other           Tloc           ########     0%          3    N/A
 Tukima's Dance           Hex            ########     0%          3    N/A
 Vampiric Draining        Necr           #########.   0%          3    N/A
 Airstrike                Air            ########..   0%          4    N/A
 Animate Dead             Necr           N/A          0%          4    N/A
 Cause Fear               Hex            ########..   0%          4    N/A
 Force Lance              Conj/Tloc      ########     0%          4    N/A
 Fulminant Prism          Conj/Hex       ########..   0%          4    N/A
 Ice Form                 Ice/Tmut       ########     0%          4    N/A
 Iskenderun's Mystic Bla  Conj           ########     0%          4    N/A
 Leda's Liquefaction      Hex/Erth       ########..   0%          4    N/A
 Olgreb's Toxic Radiance  Pois           ########     0%          4    N/A
 Passage of Golubria      Tloc           N/A          0%          4    N/A
 Petrify                  Tmut/Erth      ########     0%          4    N/A
 Sticky Flame             Conj/Fire      ########     0%          4    N/A
 Summon Ice Beast         Ice/Summ       ########     0%          4    N/A
 Summon Lightning Spire   Summ/Air       ########     0%          4    N/A
 Throw Icicle             Conj/Ice       ########     0%          4    N/A
 Agony                    Necr           ########     0%          5    N/A
 Alistair's Intoxication  Tmut/Pois      ########     0%          5    N/A
 Aura of Abjuration       Summ           ########..   0%          5    N/A
 Blade Hands              Tmut           ########..   0%          5    N/A
 Bolt of Draining         Conj/Necr      #########.   0%          5    N/A
 Bolt of Magma            Conj/Fire/Erth ########..   0%          5    N/A
 Borgnjor's Vile Clutch   Necr/Erth      #########.   0%          5    N/A
 Dispel Undead            Necr           ########     0%          5    N/A
 Excruciating Wounds      Chrm/Necr      #########.   0%          5    N/A
 Fireball                 Conj/Fire      ########..   0%          5    N/A
 Irradiate                Conj/Tmut      ########..   0%          5    N/A
 Iskenderun's Battlesphe  Conj/Chrm      ########     0%          5    N/A
 Lee's Rapid Deconstruct  Erth           ########..   0%          5    N/A
 Lightning Bolt           Conj/Air       ########..   0%          5    N/A
 Metabolic Englaciation   Hex/Ice        ########..   0%          5    N/A
 Silence                  Hex/Air        ########..   0%          5    N/A
 Summon Demon             Summ           ########..   0%          5    N/A
 Summon Forest            Summ/Tloc      ########..   0%          5    N/A
 Summon Mana Viper        Hex/Summ       ########     0%          5    N/A
 Venom Bolt               Conj/Pois      ########..   0%          5    N/A
 Bolt of Cold             Conj/Ice       ########..   0%          6    N/A
 Bolt of Fire             Conj/Fire      ########..   0%          6    N/A
 Conjure Ball Lightning   Conj/Air       ########..   0%          6    N/A
 Death Channel            Necr           #########.   0%          6    N/A
 Dispersal                Tloc           ########..   0%          6    N/A
 Freezing Cloud           Conj/Ice/Air   ########..   0%          6    N/A
 Hydra Form               Tmut           ########..   0%          6    N/A
 Invisibility             Hex            ########     0%          6    N/A
 Iron Shot                Conj/Erth      ########..   0%          6    N/A
 Ozocubu's Refrigeration  Ice            ########..   0%          6    N/A
 Poison Arrow             Conj/Pois      ########..   0%          6    N/A
 Shadow Creatures         Summ           N/A          0%          6    N/A
 Simulacrum               Ice/Necr       #########.   0%          6    N/A
 Statue Form              Tmut/Erth      ########.    0%          6    N/A
 Dragon Form              Tmut           ########..   0%          7    N/A
 Haunt                    Necr/Summ      #########.   0%          7    N/A
 Malign Gateway           Summ/Tloc      ########..   0%          7    N/A
 Monstrous Menagerie      Summ           ########..   0%          7    N/A
 Orb of Destruction       Conj           ########..   0%          7    N/A
 Ring of Flames           Chrm/Fire      ########..   0%          7    N/A
 Spellforged Servitor     Conj/Summ      ########..   0%          7    N/A
 Summon Greater Demon     Summ           ########..   0%          7    N/A
 Summon Hydra             Summ           ########..   0%          7    N/A
 Borgnjor's Revivificati  Necr           #########.   1%          8    N/A
 Controlled Blink         Tloc           N/A          1%          8    N/A
 Death's Door             Chrm/Necr      #########.   1%          8    N/A
 Discord                  Hex            ########..   1%          8    N/A
 Disjunction              Tloc           ########..   1%          8    N/A
 Infestation              Necr           #########.   1%          8    N/A
 Summon Horrible Things   Summ           ########..   1%          8    N/A
 Dragon's Call            Summ           ########..   1%          9    N/A

Dungeon Overview and Level Annotations

Branches:
Dungeon (15/15)            Temple (1/1) D:7            Lair (6/6) D:9
 Shoals (4/4) Lair:4       Spider (4/4) Lair:4        Slime (5/5) Lair:5
    Orc (2/2) D:9             Elf (3/3) Orc:2        Vaults (5/5) D:13
  Crypt (3/3) Vaults:2       Tomb (3/3) Crypt:3      Depths (5/5) D:15
    Zot (0/5) Depths:5

Altars:
Ashenzari
Dithmenos
Elyvilon
Fedhas
Gozag
Hepliaklqana
Kikubaaqudgha
Makhleb
Nemelex Xobeh
Qazlal
Ru
Sif Muna
Trog
Vehumet
Wu Jian
Xom
Yredelemnul
Zin
The Shining One
Beogh

Shops:
D:9 !(   D:10 !   D:12 [   D:14 }   D:15 =   Orc:1 :([*   Orc:2 ([(*(
Elf:2 ::=}=(?*   Shoals:3 [   Vaults:2 }   Vaults:5 (:

Portals:
Hell: Depths:1 Depths:2 Depths:3 Depths:4 Depths:5
Abyss: Depths:1 Depths:4
Pandemonium: Depths:3

Annotations:
D:6 1 runed door
D:7 exclusion: downstairs
D:13 2 transporters
Crypt:1 2 transporters


Innate Abilities, Weirdness & Mutations

You have a pair of large horns on your head.
You are completely covered in yellow scales. (AC +4, rCorr)
You regenerate a lot of health from kills.
You are extremely robust. (+30% HP)
When hurt, damage is shared between your health and your magic reserves.
You regenerate magic rapidly.
When low on magic, you restore magic in place of health.
You have sharp toenails.
You possess an exceptional clarity of mind.


Message History

The Killer Klown is severely wounded.
Meawafial hits you!!!
* * * LOW MAGIC WARNING * * *;
* * * LOW HITPOINT WARNING * * *
You feel your power leaking away.
* * * LOW MAGIC WARNING * * *
The golden eye blinks at you. You resist with almost no effort.
Keckuk comes into view.
The golden eye blinks at you. You resist with almost no effort.
Roafa gestures.
You block Meawafial's attack.
The Killer Klown blinks!
The golden eye blinks at you. You resist with almost no effort.
The golden eye blinks at you. You resist with almost no effort.
You block Deadasha's attack. The Tzitzimitl gestures at you.
You convulse!
* * * LOW MAGIC WARNING * * *
You die...

·v············▓▓
&··············▓
···········(·((▓▓
················▓
§&···········GGG▓
†····†······GW3C▓
·&·········(2&p&▓▓
·†···8&····(p&&&L▓
···&p·p·····bbW1▓▓
····88····†(b2&&▓
·····88····(&242▓
·X···p·†··§··4·1▓
·D&§··†··†··&8·▓▓
·p···········8·▓
X········†···(▓▓
·····▒▒·····8▓▓


You could see Deadasha, Disub, Goil, Juce, Keckuk (wandering), Meawafial,
Nosewkomump, Roafa (invisible), Teygasto, 2 Killer Klowns, a Tzitzimitl, a
Brimstone Fiend, a fire giant, a hell beast, 2 green deaths, a great orb of
eyes, a blizzard demon, a sun demon, an ice devil, a freezing wraith, a chaos
spawn, a wraith and 3 golden eyes.

Vanquished Creatures
  the Royal Jelly (Slime:5)
  193 pandemonium lords
  131 orbs of fire
  172 ancient liches
  73 juggernauts
  A juggernaut (shapeshifter) (Zig:22)
  260 greater mummies
  Boris (Depths:4)
  Sojobo (Depths:5)
  30 shard shrikes
  Saint Roka (Elf:3)
  54 caustic shrikes
  78 Killer Klowns
  The ghost of Laeqaniwn the Corrupter of Planes, a veteran DrWn of Lugonu (Depths:5)
  A curse toe (Zig:18)
  2 caustic shrikes (shapeshifter) (Zig:19)
  167 golden dragons
  Nikola (Spider:1)
  46 profane servitors
  22 pearl dragons
  13 doom hounds
  Jory (Depths:5)
  63 Tzitzimimeh
  An iron giant (shapeshifter) (Zig:26)
  89 Brimstone Fiends
  Jorgrun (Spider:2)
  70 iron giants
  104 bone dragons
  48 hellephants
  153 tentacled monstrosities
  43 electric golems
  The ghost of Onteab the Crack Shot, an adept CeHu of Okawaru (Elf:2)
  73 Hell Sentinels
  60 Ice Fiends
  164 deep elf blademasters
  109 liches
  181 titans
  The ghost of Titucsi the Tortoise, an adept GrFi of Makhleb (Crypt:1)
  8 quicksilver dragons (shapeshifter)
  207 deep elf master archers
  55 tentacled starspawn
  Asterion (Spider:1)
  59 quicksilver dragons
  542 acid blobs
  4 sphinxes (shapeshifter)
  44 sphinxes
  2 acid blobs (shapeshifter)
  19 thorn hunters
  3 krakens
  108 ancient champions
  4 shadow dragons (shapeshifter)
  58 Executioners
  45 shadow dragons
  Kirke (Spider:2)
  83 storm dragons
  17 tengu reavers
  127 revenants
  2 storm dragons (shapeshifter)
  149 draconian monks
  298 nagarajas
  233 azure jellies
  Ilsuiw (Shoals:2)
  9 fire giants (shapeshifter)
  21 daevas
  50 iron dragons
  Roxanne (D:14)
  7 azure jellies (shapeshifter)
  5 frost giants (shapeshifter)
  147 ghost moths
  An iron dragon (shapeshifter) (Zig:26)
  47 blood saints
  188 fire giants
  73 frost giants
  121 draconian scorchers
  3 ghost moths (shapeshifter)
  153 draconian knights
  101 orc warlords
  46 warmongers
  88 emperor scorpions
  129 draconian shifters
  14 deep elf sorcerers
  41 vault wardens
  253 balrugs
  15 angels
  37 juggernaut zombies
  27 caustic shrike zombies
  86 curse skulls
  50 cacodemons
  50 war gargoyles
  129 draconian stormcallers
  139 draconian annihilators
  8 deep elf elementalists
  27 ghouls
  7 stone giants (shapeshifter)
  173 reapers
  3 spriggan defenders (Depths:4)
  31 caustic shrike skeletons
  21 juggernaut skeletons
  33 ironheart preservers
  191 stone giants
  56 very ugly things
  19 apis
  120 corrupters
  83 vampire knights
  Azrael (D:15)
  12 ophanim
  62 black draconians
  76 bennus
  62 green draconians
  3 dire elephants (shapeshifter)
  116 entropy weavers
  66 black suns
  30 lorocyprocas
  18 dire elephants
  519 starcursed masses
  A minotaur (shapeshifter) (Zig:18)
  52 yellow draconians
  130 deep elf demonologists
  145 deep elf annihilators
  2 minotaurs (Depths:3)
  4 spark wasps (shapeshifter)
  71 white draconians
  64 spark wasps
  73 purple draconians
  63 red draconians
  52 ettins
  122 merfolk javelineers
  142 green deaths
  62 deep elf death magi
  14 crystal guardians
  108 eidola
  99 blizzard demons
  3 ettins (shapeshifter)
  218 mummy priests
  58 death oozes
  150 fire dragons
  21 jiangshi
  64 merfolk impalers
  A spectral golden dragon (Zig:15)
  24 quicksilver dragon zombies
  164 hydras
  162 deep elf high priests
  A great orb of eyes (shapeshifter) (Zig:14)
  32 vault guards
  66 yaktaur captains
  30 hell beasts
  81 great orbs of eyes
  3 monstrous demonspawn
  13 quicksilver dragon skeletons
  A hydra (shapeshifter) (Zig:18)
  82 naga warriors
  A caustic shrike simulacrum (Zig:24)
  57 ice dragons
  21 merfolk avatars
  19 rakshasas
  30 catoblepae
  A spectral tengu (Zig:15)
  21 ghost crabs
  127 shambling mangroves
  50 centaur warriors
  2 catoblepae (shapeshifter)
  3 juggernaut simulacra
  A spectral sphinx (Zig:15)
  56 anacondas
  4 anacondas (shapeshifter)
  16 alligator snapping turtles
  2 alligator snapping turtles (shapeshifter)
  46 spriggan air magi
  25 death knights
  48 satyrs
  183 merfolk aquamancers
  4 two-headed ogres (shapeshifter)
  62 two-headed ogres
  34 alligators
  35 ogre magi
  A satyr (shapeshifter) (Zig:26)
  5 tengu warriors
  A deep troll shaman (Depths:5)
  4 queen ants (shapeshifter)
  15 death yaks
  120 death scarabs
  30 hell hogs
  A deep troll earth mage (Depths:5)
  99 orc high priests
  115 vampire magi
  The ghost of Duffy the Cleaver, a novice FoFi of the Shining One (D:8)
  207 dancing weapons
  64 thrashing horrors
  3 shock serpents (shapeshifter)
  158 naga sharpshooters
  A queen ant (D:11)
  Nergalle (Lair:3)
  55 soul eaters
  31 titan zombies
  Sonja (Lair:5)
  36 hell knights
  11 sun demons
  16 iron golems
  138 shock serpents
  34 titan skeletons
  56 shadow wraiths
  6 spriggan berserkers
  35 iron trolls
  138 deep elf knights
  A fire crab (shapeshifter) (Depths:2)
  60 skeletal warriors
  5 iron trolls (shapeshifter)
  26 storm dragon zombies
  27 sixfirhies
  123 wretched stars
  4 death drakes (shapeshifter)
  43 fire crabs
  22 salamander mystics
  8 deep trolls
  28 spatial maelstroms
  5 sea snakes (shapeshifter)
  12 spark wasp zombies
  5 gelid demonspawn
  An orange crystal statue (Zig:20)
  3 quicksilver dragon simulacra
  9 wizards
  7 cherubim
  33 glowing orange brains
  75 death drakes
  47 golden dragon zombies
  19 storm dragon skeletons
  4 swamp dragons (shapeshifter)
  3 deep trolls (shapeshifter)
  96 flayed ghosts
  60 sea snakes
  41 shadow demons
  44 naga ritualists
  11 unseen horrors
  4 infernal demonspawn
  3 glowing orange brains (shapeshifter)
  4 lindwurms (shapeshifter)
  4 torturous demonspawn
  127 swamp dragons
  47 spriggan druids
  101 harpies
  A kraken simulacrum (Shoals:4)
  139 deep elf archers
  A wolf spider zombie (Crypt:3)
  46 ironbrand convokers
  54 phantasmal warriors
  78 orc knights
  Pikel (D:8)
  25 golden dragon skeletons
  3 unseen horrors (shapeshifter)
  22 sphinx zombies
  26 shadow dragon zombies
  215 large abominations
  3 harpies (shapeshifter)
  A mana viper (shapeshifter) (Zig:26)
  22 necromancers
  76 orc sorcerers
  2 shining eyes (shapeshifter)
  384 deep elf magi
  15 oklob plants
  A spectral ice dragon (Zig:2)
  29 iron dragon zombies
  30 tengu skeletons
  176 orb spiders
  44 mana vipers
  15 frost giant zombies
  94 shining eyes
  3 manticores (shapeshifter)
  53 ugly things
  107 wolf spiders
  25 salamanders
  8 fire giant zombies
  5 stone giant zombies
  73 fauns
  25 shadow dragon skeletons
  15 worldbinders
  65 cyclopes
  5 fauns (shapeshifter)
  2 cyclopes (shapeshifter)
  2 shock serpent zombies
  39 merfolk sirens
  2 moths of wrath (shapeshifter)
  2 elephants (shapeshifter)
  18 sphinx skeletons
  3 centaur zombies
  83 moths of wrath
  5 salamanders (shapeshifter)
  59 apocalypse crabs
  15 elephants
  65 manticores
  32 iron dragon skeletons
  249 black mambas
  Maurice (D:9)
  A black mamba (shapeshifter) (Zig:11)
  2 titan simulacra
  47 vault sentinels
  2 guardian serpents (shapeshifter)
  98 guardian serpents
  143 naga magi
  27 orange demons
  8 stone giant skeletons
  77 eyes of devastation
  10 frost giant skeletons
  An ice statue (IceCv)
  54 rust devils
  Psyche (D:9)
  4 fire giant skeletons
  107 torpor snails
  A torpor snail (shapeshifter) (Vaults:5)
  227 water nymphs
  9 water nymphs (shapeshifter)
  A death yak zombie (Crypt:1)
  72 smoke demons
  63 spiny frogs
  3 rime drakes (shapeshifter)
  27 rime drakes
  A storm dragon simulacrum (Zig:23)
  14 gargoyles
  155 hellions
  82 demonic crawlers
  4 yaktaurs (shapeshifter)
  56 efreet
  42 hellwings
  2 kobold demonologists
  32 komodo dragons
  2 komodo dragons (shapeshifter)
  81 freezing wraiths
  2 golden dragon simulacra
  A catoblepas zombie (Crypt:3)
  54 ice devils
  A yaktaur skeleton (Depths:1)
  2 catoblepas skeletons
  A tengu conjurer (Depths:3)
  62 red devils
  148 tormentors
  41 spriggan skeletons
  112 yaktaurs
  63 ancient zymes
  3 meliai (Spider:3)
  143 jumping spiders
  2 merfolk (shapeshifter)
  268 merfolk
  9 silent spectres
  398 guardian mummies
  A queen bee (Spider:3)
  3 queen bees (shapeshifter)
  The ghost of azzavlup the Slasher, a novice VSFi of Uskayaw (D:6)
  3 meliai (shapeshifter)
  A minotaur skeleton (Crypt:3)
  A harpy zombie (Crypt:3)
  232 hornets
  47 trolls
  2 trolls (shapeshifter)
  18 polar bears
  2 polar bears (shapeshifter)
  3 tyrant leeches (shapeshifter)
  2 slime creatures (shapeshifter)
  55 bog bodies
  A shadow dragon simulacrum (Zig:27)
  2 tengu simulacra
  3 wind drakes (shapeshifter)
  2 alligator zombies (Crypt:1)
  2 harpy skeletons
  66 raiju
  57 snapping turtles
  2 sphinx simulacra
  39 wind drakes
  Prince Ribbit (D:9)
  375 slime creatures
  A raiju (shapeshifter) (Zig:27)
  28 tyrant leeches
  4 jumping spiders (shapeshifter)
  22 dream sheep
  A hydra skeleton (Crypt:3)
  A deep troll zombie (Depths:1)
  A fire dragon zombie (Crypt:2)
  22 blink frogs
  A hippogriff (shapeshifter) (Zig:11)
  30 hippogriffs
  A snapping turtle (shapeshifter) (Zig:18)
  2 dream sheep (shapeshifter)
  7 ettin zombies
  2 fire giant simulacra
  An ice dragon zombie (Tomb:3)
  40 spriggan zombies
  A stone giant simulacrum (Tomb:3)
  A centaur simulacrum (D:15)
  10 ettin skeletons
  190 redbacks
  An ice dragon skeleton (Tomb:2)
  226 flying skulls
  39 shadows
  4 redbacks (shapeshifter)
  9 spriggans
  114 water elementals
  97 tarantellas
  17 wyverns
  3 yaks (shapeshifter)
  51 ynoxinuls
  63 air elementals
  5 tarantellas (shapeshifter)
  A wyvern (shapeshifter) (Zig:19)
  95 wraiths
  3 fire bats
  Grum (Lair:1)
  A black mamba zombie (Crypt:3)
  3 spriggan simulacra
  A fire dragon skeleton (Crypt:3)
  2 spriggans (shapeshifter)
  7 vampires
  92 yaks
  2 fire bats (shapeshifter)
  9 basilisks
  107 fire elementals
  40 golden eyes
  A human (shapeshifter) (Zig:18)
  180 ushabtiu
  A dire elephant simulacrum (Tomb:3)
  3 basilisks (shapeshifter)
  2 golden eyes (shapeshifter)
  2 humans (D:13)
  8 hungry ghosts
  68 chaos spawn
  9 elf simulacra
  A wind drake skeleton (Crypt:1)
  17 steam dragons
  41 neqoxecs
  24 vampire mosquitoes
  4 swamp worms (shapeshifter)
  46 wargs
  4 soldier ants (shapeshifter)
  97 nagas
  9 spatial vortices
  A gelid demonspawn zombie (Crypt:1)
  20 soldier ants
  2 wargs (shapeshifter)
  38 tengu zombies
  23 insubstantial wisps
  21 acid dragons
  An acid dragon (shapeshifter) (Zig:24)
  90 hell hounds
  A porcupine (shapeshifter) (Zig:21)
  4 floating eyes (shapeshifter)
  10 porcupines
  43 floating eyes
  42 water moccasins
  Duvessa (D:5)
  A hornet zombie (D:15)
  3 black bears
  256 orc warriors
  A spiny frog skeleton (Tomb:3)
  41 swamp drakes
  2 swamp drakes (shapeshifter)
  15 ice beasts
  2 sky beasts (shapeshifter) (Zig:26)
  2 black bears (shapeshifter)
  A manticore zombie (Tomb:1)
  3 sky beasts
  2 slaves
  3 snapping turtle zombies
  97 eyes of draining
  An eye of draining (shapeshifter) (Zig:26)
  7 phantoms
  35 necrophages
  171 ogres
  A boggart (Depths:2)
  17 wolves
  49 centaurs
  98 small abominations
  40 crocodiles
  4 big kobolds
  103 elf zombies
  3 gnoll sergeants
  72 earth elementals
  23 bullfrogs
  Dowan (D:5)
  2 glowing shapeshifter simulacra
  A wyvern zombie (D:12)
  91 elf skeletons
  8 wyvern skeletons
  7 scorpions
  A water moccasin zombie (Crypt:2)
  24 killer bees
  A killer bee (shapeshifter) (Vaults:5)
  13 wights
  A yak skeleton (Crypt:2)
  A polar bear skeleton (Crypt:1)
  7 howler monkeys
  2 electric eels
  9 crimson imps
  2 bullfrog zombies (D:6)
  4 jellies
  A human simulacrum (Vaults:2)
  6 human zombies
  48 iron imps
  58 orc wizards
  2 bullfrog skeletons
  4 hounds
  8 centaur skeletons
  2 gnoll shamans
  54 orc priests
  5 human skeletons
  34 worker ants
  6 iguanas
  A lightning spire (Zig:23)
  A naga zombie (Crypt:2)
  An ogre zombie (D:10)
  A crocodile skeleton (Crypt:1)
  An ogre skeleton (Crypt:2)
  A hound skeleton (D:4)
  715 mummies
  2 worker ant zombies
  2 howler monkey skeletons (D:4)
  A howler monkey zombie (D:11)
  7 gnolls
  21 adders
  20 shadow imps
  45 white imps
  4 oozes
  An adder skeleton (D:9)
  An adder zombie (D:5)
  3 worms
  A worm (shapeshifter) (Zig:19)
  A dart slug (D:1)
  5 leopard geckos
  108 orcs
  5 giant cockroaches
  9 goblins
  4 hobgoblins
  8 jackals
  29 kobolds
  2 quokkas
  2 bats
  3 frilled lizards
  A jackal skeleton (D:6)
  A jackal zombie (D:6)
  2 orc skeletons (D:10)
  2 quokka skeletons
  5 rats
  318 blocks of ice
  15 briar patches
  7 bushes
  106 crawling corpses
  558 fire vortices
  12 fungi
  41 plants
  30 starspawn tentacles
  3 tentacles (Shoals:4)
  14 withered plants (Crypt:3)
25870 creatures vanquished.

Vanquished Creatures (collateral kills)
  5 ancient liches
  2 orbs of fire
  7 juggernauts
  2 shard shrikes
  2 caustic shrikes
  2 Killer Klowns
  7 golden dragons
  2 profane servitors
  2 doom hounds
  10 bone dragons
  12 iron giants
  11 pandemonium lords
  3 hellephants
  3 Tzitzimimeh
  A Brimstone Fiend (Zig:18)
  5 tentacled monstrosities
  3 Ice Fiends
  5 liches
  3 Hell Sentinels
  A quicksilver dragon (Zig:22)
  An Executioner (Zig:10)
  8 titans
  2 deep elf master archers
  4 deep elf blademasters
  An acid blob (shapeshifter) (Zig:18)
  42 acid blobs
  5 ancient champions
  2 tentacled starspawn
  2 sphinxes
  8 storm dragons
  5 revenants
  5 shadow dragons
  2 draconian monks (Zig:21)
  8 nagarajas
  An azure jelly (Zig:17)
  9 fire giants
  2 ghost moths
  7 draconian knights
  7 frost giants
  2 iron dragons
  2 draconian scorchers
  3 orc warlords
  2 cacodemons
  5 draconian stormcallers
  A caustic shrike zombie (Zig:22)
  4 corrupters
  3 vault wardens
  5 draconian shifters
  5 draconian annihilators
  2 ghouls
  7 emperor scorpions
  An angel (Zig:10)
  3 warmongers
  A curse skull (Zig:7)
  6 reapers
  2 war gargoyles
  3 juggernaut skeletons
  4 juggernaut zombies
  A blood saint (Zig:19)
  2 entropy weavers
  A caustic shrike skeleton (Zig:22)
  4 green draconians
  6 stone giants
  7 vampire knights
  3 very ugly things
  2 apis (Zig:10)
  2 dire elephants (Zig:13)
  4 deep elf demonologists
  A deep elf annihilator (Zig:27)
  4 black draconians
  A red draconian (Zig:24)
  2 purple draconians
  5 yellow draconians
  63 starcursed masses
  2 spark wasps
  2 white draconians (Zig:15)
  A deep elf death mage (Zig:19)
  An ettin (Zig:17)
  2 eidola
  2 blizzard demons
  A merfolk javelineer (Zig:24)
  2 fire dragons
  A merfolk impaler (Zig:24)
  2 deep elf high priests
  3 great orbs of eyes
  3 green deaths
  An ice dragon (Zig:27)
  A hydra (shapeshifter) (Zig:14)
  2 naga warriors
  A spriggan air mage (Zig:16)
  An anaconda (Zig:14)
  2 hell hogs
  5 shambling mangroves
  An alligator snapping turtle (Zig:20)
  An orc high priest (Zig:27)
  A thrashing horror (Zig:24)
  3 titan zombies
  2 naga sharpshooters
  A shock serpent (Zig:25)
  3 storm dragon zombies
  A soul eater (Zig:12)
  3 skeletal warriors
  A deep elf knight (Zig:26)
  6 wretched stars
  8 large abominations
  3 titan skeletons
  A sixfirhy (Zig:22)
  A death drake (Zig:25)
  2 spatial maelstroms (Zig:24)
  5 swamp dragons
  A flayed ghost (Zig:27)
  2 storm dragon skeletons
  A gelid demonspawn (Zig:25)
  A shadow dragon zombie (Zig:15)
  A golden dragon skeleton (Zig:27)
  A tengu zombie (Zig:16)
  An anaconda skeleton (Crypt:3)
  A deep elf archer (Zig:17)
  A naga ritualist (Zig:15)
  6 iron dragon zombies
  2 necromancers
  5 orb spiders
  2 sphinx zombies
  A phantasmal warrior (Zig:21)
  A harpy (Zig:24)
  An ugly thing (Zig:20)
  An orc knight (Zig:10)
  2 fire giant zombies
  2 wolf spiders
  A shining eye (Zig:17)
  2 shadow dragon skeletons
  A moth of wrath (Zig:25)
  5 deep elf magi
  6 sphinx skeletons
  A frost giant skeleton (Zig:15)
  A salamander (Zig:12)
  A manticore (shapeshifter) (Zig:25)
  An iron dragon skeleton (Zig:27)
  A water nymph (Zig:24)
  A naga mage (Zig:14)
  5 spriggan zombies
  5 smoke demons
  2 spiny frogs
  3 black mambas
  3 fire giant skeletons
  A gargoyle (Zig:13)
  A vault sentinel (Vaults:5)
  9 elf zombies
  An orange demon (Zig:20)
  A spriggan skeleton (Zig:15)
  2 rime drakes
  2 torpor snails (Zig:17)
  An ice devil (Zig:22)
  A hellion (Zig:27)
  2 tormentors
  8 demonic crawlers
  A komodo dragon (Zig:17)
  A freezing wraith (Zig:11)
  An ancient zyme (Zig:22)
  A hydra zombie (Crypt:2)
  8 jumping spiders
  A jumping spider (shapeshifter) (Zig:24)
  A wind drake (Zig:6)
  6 raiju
  7 slime creatures
  A fire dragon zombie (Crypt:3)
  A blink frog (Zig:17)
  9 hornets
  A raiju (shapeshifter) (Zig:5)
  5 redbacks
  A shadow (Zig:27)
  A spriggan simulacrum (Zig:15)
  An air elemental (Zig:15)
  7 tarantellas
  2 wyverns (Zig:27)
  A wyvern (shapeshifter) (Zig:25)
  2 water elementals
  2 ynoxinuls
  10 golden eyes
  A basilisk (Zig:13)
  2 chaos spawn
  A neqoxec (Zig:22)
  A steam dragon (Zig:27)
  3 elf skeletons
  A vampire mosquito (Zig:23)
  A warg (Zig:9)
  2 nagas
  2 floating eyes (shapeshifter)
  3 floating eyes
  2 hell hounds
  2 eyes of draining
  5 swamp drakes
  A black bear (shapeshifter) (Zig:15)
  2 orc warriors
  An ice beast (Zig:11)
  2 necrophages (Zig:27)
  A wolf (Zig:17)
  3 crocodiles
  4 small abominations
  3 wights
  An orc priest (Zig:22)
  An orc wizard (Zig:9)
  2 mummies
  8 shadow imps
  7 white imps
  An ooze (shapeshifter) (Vaults:5)
  An orc (Vaults:5)
  3 blocks of ice
  A briar patch (Zig:23)
  17 crawling corpses
  3 starspawn tentacles
716 creatures vanquished.

Vanquished Creatures (others)
  2 pandemonium lords (Zig:26)
  A juggernaut (Zig:23)
  A Killer Klown (Zig:18)
  A Tzitzimitl (Zig:25)
  A deep elf master archer (Zig:12)
  A titan (Zig:16)
  3 deep elf blademasters
  4 eldritch tentacles
  A balrug (Zig:19)
  A nagaraja (Zig:22)
  A frost giant (Zig:11)
  A fire giant (Zig:17)
  2 cacodemons
  A draconian scorcher (Zig:22)
  A war gargoyle (Vaults:5)
  A caustic shrike skeleton (Zig:23)
  A starcursed mass (Zig:24)
  A spark wasp (Zig:16)
  A deep elf demonologist (Zig:27)
  A lorocyproca (Zig:18)
  A deep elf annihilator (Zig:12)
  A blizzard demon (Zig:25)
  2 deep elf death magi
  3 deep elf high priests (Zig:26)
  4 spriggan air magi (Zig:25)
  A merfolk aquamancer (Zig:16)
  A hell hog (Zig:24)
  2 shock serpents (Zig:25)
  A thrashing horror (Zig:15)
  3 dancing weapons
  2 deep elf knights
  A death drake (Zig:23)
  4 deep elf archers
  12 deep elf magi
  A rust devil (Zig:16)
  A merfolk (Shoals:4)
  An ancient zyme (Zig:27)
  2 hornets
  2 wraiths
  A flying skull (Zig:9)
  A large abomination (Zig:24)
  2 water elementals
  A shadow (Zig:18)
  A fire elemental (Zig:17)
  A ynoxinul (Zig:22)
  3 humans (Spider:2)
  8 insubstantial wisps
  An acid dragon (Zig:27)
  3 earth elementals
  A small abomination (Zig:18)
  A hound (D:8)
  A kobold (D:8)
  309 blocks of ice
  2 bushes (Zig:22)
  A crawling corpse (Zig:27)
  8639 fire vortices
  20 fungi
  48 plants
  66 starspawn tentacles
  17 tentacles
  11 withered plants (Crypt:3)
9210 creatures vanquished.

Grand Total: 35796 creatures vanquished

Notes
Turn   | Place    | Note
-------+----------+-------------------------------------------
     0 | D:1      | Azzok the Demonspawn Fire Elementalist began the quest for
                  | the Orb.
     0 | D:1      | Reached XP level 1. HP: 13/13 MP: 3/3
   231 | D:1      | Gained mutation: You regenerate a little health from kills.
                  | [demonic ancestry]
   231 | D:1      | Reached XP level 2. HP: 19/19 MP: 3/5
  1012 | D:2      | Gained mutation: You regenerate health from kills. [demonic
                  | ancestry]
  1012 | D:2      | Reached XP level 3. HP: 23/24 MP: 0/6
  1647 | D:3      | Gained mutation: You have a pair of small horns on your
                  | head. [demonic ancestry]
  1647 | D:3      | Reached XP level 4. HP: 28/30 MP: 4/8
  1855 | D:3      | You fall through a shaft for 3 floors!
  2042 | D:6      | Noticed a centaur
  2048 | D:6      | Found a runed door.
  2049 | D:6      | Noticed a bullfrog
  2050 | D:6      | Noticed azzavlup's ghost (novice VSFi)
  2150 | D:6      | Gained mutation: You regenerate a lot of health from kills.
                  | [demonic ancestry]
  2150 | D:6      | Reached XP level 5. HP: 35/35 MP: 1/9
  2272 | D:5      | Entered Level 5 of the Dungeon
  2320 | D:4      | Noticed an ogre
  2333 | D:4      | Killed an ogre
  2645 | D:4      | Noticed an ogre
  2652 | D:4      | Learned a level 3 spell: Conjure Flame
  2657 | D:4      | Learned a level 4 spell: Sticky Flame
  2660 | D:4      | Noticed a phantom
  2694 | D:4      | Killed an ogre
  2694 | D:4      | Gained mutation: When hurt, damage is shared between your
                  | health and your magic reserves. [demonic ancestry]
  2694 | D:4      | Reached XP level 6. HP: 41/41 MP: 1/11
  2799 | D:4      | Found a stormy altar of Qazlal.
  2800 | D:4      | Noticed a water elemental
  2800 | D:4      | Noticed a fire elemental
  2800 | D:4      | Noticed an air elemental
  3265 | D:4      | Reached XP level 7. HP: 41/46 MP: 8/13
  3887 | D:4      | Learned a level 5 spell: Fireball
  4013 | D:3      | Reached skill level 5 in Fire Magic
  4527 | D:4      | Reached skill level 5 in Spellcasting
  4527 | D:4      | Reached skill level 5 in Conjurations
  4938 | D:5      | Gained mutation: You are partially covered in yellow
                  | scales. (AC +2) [demonic ancestry]
  4938 | D:5      | Reached XP level 8. HP: 52/52 MP: 8/15
  5710 | D:5      | Noticed Duvessa
  5710 | D:5      | Noticed Dowan
  5731 | D:5      | Killed Duvessa
  5813 | D:5      | Killed Dowan
  6238 | D:6      | Found a hazy altar of Hepliaklqana.
  6423 | D:6      | Found a runed door.
  6856 | D:6      | Found a glowing silver altar of Zin.
  6856 | D:6      | Found a deep blue altar of Sif Muna.
  7458 | D:6      | Reached XP level 9. HP: 46/57 MP: 8/18
  8110 | D:7      | Found a staircase to the Ecumenical Temple.
  8147 | Temple   | Entered the Ecumenical Temple
  8304 | Temple   | Became a worshipper of Vehumet
  8386 | D:7      | Reached skill level 1 in Fighting
  9503 | D:8      | Noticed a two-headed ogre
  9549 | D:8      | Noticed Pikel
  9912 | D:8      | Killed Pikel
  9912 | D:8      | Reached * piety under Vehumet
  9912 | D:8      | Offered knowledge of Sting by Vehumet.
 10262 | D:8      | Noticed a two-headed ogre
 10343 | D:8      | Killed a two-headed ogre
 10343 | D:8      | Reached XP level 10. HP: 71/71 MP: 4/21
 10700 | D:8      | Found an opulent altar of Gozag.
 10962 | D:8      | Found a runed gate.
 10962 | D:8      | Found a runed gate.
 10962 | D:8      | Found a runed gate.
 11047 | D:8      | Noticed Duffy's ghost (novice FoFi)
 11104 | D:9      | Noticed Prince Ribbit
 11408 | D:9      | Found a staircase to the Lair.
 11616 | D:9      | Paralysed by a hornet for 2 turns
 11767 | D:9      | Reached skill level 5 in Fighting
 11836 | D:9      | Offered knowledge of Searing Ray by Vehumet.
 11850 | D:9      | Found a staircase to the Orcish Mines.
 11912 | D:9      | Reached ** piety under Vehumet
 11912 | D:9      | Reached skill level 1 in Shields
 12234 | D:9      | Found Poddenio's Distillery.
 12239 | D:9      | Bought a potion of degeneration for 14 gold pieces
 12241 | D:9      | Bought a potion of mutation for 112 gold pieces
 12241 | D:9      | Bought a potion of haste for 140 gold pieces
 12241 | D:9      | Bought a potion of heal wounds for 70 gold pieces
 12241 | D:9      | Bought a potion of lignification for 42 gold pieces
 12241 | D:9      | Bought a potion of heal wounds for 70 gold pieces
 12241 | D:9      | Bought a potion of heal wounds for 70 gold pieces
 12248 | D:9      | Noticed Psyche
 12252 | D:9      | Killed Psyche
 12492 | D:9      | Killed Prince Ribbit
 12797 | D:9      | Gained mutation: You are mostly covered in yellow scales.
                  | (AC +3) [demonic ancestry]
 12797 | D:9      | Reached XP level 11. HP: 79/79 MP: 7/23
 12797 | D:9      | Noticed Maurice
 12891 | D:9      | Killed Maurice
 13036 | D:9      | Offered knowledge of Mephitic Cloud by Vehumet.
 13190 | D:9      | Found Naretul's Antique Weapon Boutique.
 13295 | D:10     | Entered Level 10 of the Dungeon
 13368 | D:10     | Found Viph's Distillery.
 14074 | D:10     | Noticed a two-headed ogre
 14085 | D:10     | Killed a two-headed ogre
 14246 | D:10     | Learned a level 2 spell: Blink
 14720 | D:10     | Found an ancient bone altar of Kikubaaqudgha.
 14759 | D:10     | Reached *** piety under Vehumet
 15416 | D:11     | Noticed a purple ugly thing
 15420 | D:11     | Offered knowledge of Iskenderun's Mystic Blast by Vehumet.
 15422 | D:11     | Killed a purple ugly thing
 15422 | D:11     | Reached skill level 10 in Conjurations
 15792 | D:11     | Noticed a cyan ugly thing
 16384 | D:11     | Reached **** piety under Vehumet
 16457 | D:11     | Killed a cyan ugly thing
 16457 | D:11     | Reached skill level 10 in Fire Magic
 16858 | D:11     | Offered knowledge of Irradiate by Vehumet.
 17100 | D:11     | Reached skill level 10 in Spellcasting
 17223 | D:11     | Noticed a queen ant
 17229 | D:11     | Killed a queen ant
 17229 | D:11     | Gained mutation: You have a pair of horns on your head.
                  | [demonic ancestry]
 17229 | D:11     | Reached XP level 12. HP: 86/86 MP: 13/26
 17649 | Lair:1   | Entered Level 1 of the Lair of Beasts
 17662 | Lair:1   | Noticed Grum
 17665 | Lair:1   | Killed Grum
 17968 | Lair:1   | Reached ***** piety under Vehumet
 18250 | Lair:1   | Offered knowledge of Spellforged Servitor by Vehumet.
 18331 | Lair:1   | Learned a level 7 spell: Spellforged Servitor
 18349 | Lair:1   | Noticed a six-headed hydra
 18760 | Lair:1   | Killed a six-headed hydra
 19119 | Lair:2   | Noticed a five-headed hydra
 19126 | Lair:1   | Killed a five-headed hydra
 20794 | Lair:3   | Noticed Nergalle
 21300 | Lair:3   | Killed Nergalle
 21715 | Lair:4   | Reached skill level 5 in Dodging
 21854 | Lair:4   | Gained mutation: You regenerate magic rapidly. [demonic
                  | ancestry]
 21854 | Lair:4   | Reached XP level 13. HP: 91/91 MP: 20/28
 22568 | Lair:4   | Found a staircase to the Shoals.
 22850 | Lair:4   | Got a transparent ivory ring
 22889 | Lair:4   | Found a hole to the Spider Nest.
 23051 | Lair:5   | Got a pair of distressingly furry boots
 23074 | Lair:5   | Offered knowledge of Airstrike by Vehumet.
 23297 | Lair:5   | Noticed Sonja
 23299 | Lair:5   | Killed Sonja
 23712 | Lair:5   | Found a staircase to the Slime Pits.
 24319 | Lair:6   | Entered Level 6 of the Lair of Beasts
 24816 | Lair:6   | Reached XP level 14. HP: 98/98 MP: 17/30
 26003 | Lair:6   | Offered knowledge of Freezing Cloud by Vehumet.
 27255 | Lair:1   | Identified a scroll of acquirement
 27454 | Orc:1    | Entered Level 1 of the Orcish Mines
 27454 | Orc:1    | Found Xiumus's Weapon Boutique.
 27514 | Orc:1    | Found Hitralumo's Armour Boutique.
 27790 | Orc:1    | Found Ohuis's Book Boutique.
 27813 | Orc:1    | Found Siustut's Assorted Antiques.
 27817 | Orc:1    | Bought a metal-bound book for 360 gold pieces
 27817 | Orc:1    | Bought a scroll of identify for 48 gold pieces
 27817 | Orc:1    | Identified the +0 pair of boots "Earthly Heaven" {Regen+
                  | Int+6} (You found it on level 5 of the Lair of Beasts)
 28015 | Orc:2    | Entered Level 2 of the Orcish Mines
 28195 | Orc:2    | Noticed a stone giant
 28269 | Orc:2    | Killed a stone giant
 28563 | Orc:2    | Offered knowledge of Bolt of Magma by Vehumet.
 28740 | Orc:2    | Reached XP level 15. HP: 103/103 MP: 14/31
 28859 | Orc:1    | Learned a level 5 spell: Bolt of Magma
 28865 | Orc:2    | Paralysed by an ogre mage for 4 turns
 29223 | Orc:2    | Found Vuxon's Weapon Emporium.
 29223 | Orc:2    | Found Xenkeame's General Store.
 29224 | Orc:2    | Found Ratu's Antique Weapon Boutique.
 29224 | Orc:2    | Found Naulowoi's Antique Armour Emporium.
 29284 | Orc:2    | Found a staircase to the Elven Halls.
 29307 | Orc:2    | Found Ifes's Antique Weapon Boutique.
 29653 | D:12     | Identified the ring of Daosoduc {rCorr *Drain rElec rPois
                  | Int+4} (You found it on level 4 of the Lair of Beasts)
 29958 | D:12     | Offered knowledge of Iron Shot by Vehumet.
 29974 | D:12     | Learned a level 6 spell: Iron Shot
 30406 | D:12     | Found Epoofuev's Antique Armour Shop.
 31252 | D:13     | Found a gate to the Vaults.
 31496 | D:13     | Reached skill level 10 in Dodging
 31661 | D:13     | Found a sparkling altar of Nemelex Xobeh.
 31898 | D:13     | Found a transporter.
 31902 | D:13     | Found a transporter.
 31905 | D:13     | Noticed an acid blob
 32179 | D:14     | Reached ****** piety under Vehumet
 32258 | D:14     | Offered knowledge of Bolt of Fire by Vehumet.
 32272 | D:14     | Learned a level 6 spell: Bolt of Fire
 32278 | D:14     | Found Diorupusch's Gadget Shoppe.
 32309 | D:14     | Noticed Roxanne
 32410 | D:14     | Found a frozen archway.
 32469 | IceCv    | Entered an ice cave
 32962 | IceCv    | Noticed a frost giant
 32964 | IceCv    | Offered knowledge of Ozocubu's Refrigeration by Vehumet.
 32966 | IceCv    | Killed a frost giant
 33891 | D:14     | Reached XP level 16. HP: 93/109 MP: 9/33
 34060 | D:14     | Reached skill level 1 in Earth Magic
 34454 | D:14     | Killed Roxanne
 34580 | D:15     | Entered Level 15 of the Dungeon
 34580 | D:15     | Found Dythimen's Jewellery Boutique.
 34587 | D:15     | Reached skill level 15 in Conjurations
 34762 | D:15     | Gained mutation: Armour fits poorly on your strangely
                  | shaped body. [a neqoxec]
 35034 | D:15     | Noticed Azrael
 35038 | D:15     | Killed Azrael
 35479 | D:15     | Found a staircase to the Depths.
 35977 | Shoals:1 | Entered Level 1 of the Shoals
 36098 | Spider:1 | Entered Level 1 of the Spider Nest
 36101 | Spider:1 | Noticed Nikola
 36102 | Spider:1 | Noticed Asterion
 36107 | Lair:4   | Offered knowledge of Lehudib's Crystal Spear by Vehumet.
 36107 | Lair:4   | Offered knowledge of Fire Storm by Vehumet.
 36107 | Lair:4   | Offered knowledge of Chain Lightning by Vehumet.
 37490 | Shoals:2 | Reached skill level 5 in Earth Magic
 37740 | Shoals:2 | Noticed Ilsuiw
 37906 | Shoals:2 | Killed Ilsuiw
 37915 | Shoals:2 | Gained mutation: You are robust. (+10% HP) [demonic
                  | ancestry]
 37915 | Shoals:2 | Reached XP level 17. HP: 109/126 MP: 17/35
 38170 | Shoals:3 | Found Hiun's Antique Armour Boutique.
 38605 | Shoals:3 | Reached skill level 15 in Fire Magic
 38812 | Shoals:3 | Noticed a kraken
 38819 | Shoals:3 | Killed a kraken
 38819 | Shoals:3 | Reached skill level 15 in Spellcasting
 39113 | Shoals:4 | Entered Level 4 of the Shoals
 39115 | Shoals:4 | Noticed a kraken
 40116 | Shoals:4 | Got a barnacled rune of Zot
 40410 | Shoals:4 | Noticed a kraken
 40431 | Shoals:4 | Killed a kraken
 40566 | Shoals:4 | Killed a kraken
 41385 | Vaults:1 | Entered Level 1 of the Vaults
 41429 | Vaults:1 | Found a roughly hewn altar of Beogh.
 41602 | Vaults:1 | Gained mutation: You have a pair of large horns on your
                  | head. [demonic ancestry]
 41602 | Vaults:1 | Reached XP level 18. HP: 106/133 MP: 11/37
 42155 | Vaults:1 | Found a glowing golden altar of the Shining One.
 44021 | Vaults:2 | Found a staircase to the Crypt.
 44576 | Vaults:2 | Found Daomar Gocu's Gadget Emporium.
 45616 | Vaults:3 | Gained mutation: You are very robust. (+20% HP) [demonic
                  | ancestry]
 45616 | Vaults:3 | Reached XP level 19. HP: 133/151 MP: 4/39
 46075 | Vaults:3 | Reached skill level 10 in Earth Magic
 47219 | Vaults:3 | Identified the +10 rapier of Ytolumm {venom, rElec rF++ rC+
                  | MR-}
 49122 | Vaults:4 | Paralysed by a sphinx for 7 turns
 49640 | Vaults:4 | Reached XP level 20. HP: 159/159 MP: 27/41
 49811 | Vaults:4 | Learned a level 9 spell: Fire Storm
 49817 | Vaults:4 | Learned a level 5 spell: Borgnjor's Vile Clutch
 50269 | Spider:1 | Killed Asterion
 50303 | Spider:1 | Killed Nikola
 50819 | Spider:1 | Reached skill level 1 in Evocations
 51484 | Spider:2 | Noticed Jorgrun
 51647 | Spider:2 | Killed Jorgrun
 51872 | Spider:2 | Noticed Kirke
 51875 | Spider:2 | Killed Kirke
 54013 | Spider:4 | Entered Level 4 of the Spider Nest
 55491 | Spider:4 | Got a gossamer rune of Zot
 55853 | Depths:1 | Entered Level 1 of the Depths
 56014 | Depths:1 | Gained mutation: When low on magic, you restore magic in
                  | place of health. [demonic ancestry]
 56014 | Depths:1 | Reached XP level 21. HP: 165/165 MP: 34/42
 56552 | Depths:1 | Found an ornate altar of the Wu Jian Council.
 56641 | Depths:1 | Found a one-way gate to the infinite horrors of the Abyss.
 56837 | Depths:1 | Found a gateway to Hell.
 57633 | Depths:2 | You fall through a shaft for 2 floors!
 57959 | Depths:3 | Got a slimy platinum ring
 57960 | Depths:3 | Identified the ring of Gihihom {Wiz Int+5 Slay-3 SInv} (You
                  | acquired it on level 3 of the Depths)
 57972 | Depths:3 | Found a one-way gate leading to the halls of Pandemonium.
 58991 | Depths:3 | Gained mutation: You are extremely robust. (+30% HP)
                  | [demonic ancestry]
 58991 | Depths:3 | Reached XP level 22. HP: 109/187 MP: 26/44
 59098 | Depths:3 | Learned a level 9 spell: Shatter
 59835 | Depths:4 | Found a huge runed gate.
 59835 | Depths:4 | Found a huge runed gate.
 59835 | Depths:4 | Found a huge runed gate.
 59835 | Depths:4 | Found a huge runed gate.
 59835 | Depths:4 | Found a huge runed gate.
 59835 | Depths:4 | Found a huge runed gate.
 59835 | Depths:4 | Found a huge runed gate.
 59835 | Depths:4 | Found a huge runed gate.
 59835 | Depths:4 | Found a huge runed gate.
 59835 | Depths:4 | Found a huge runed gate.
 59835 | Depths:4 | Found a huge runed gate.
 59835 | Depths:4 | Found a huge runed gate.
 59835 | Depths:4 | Found a huge runed gate.
 59835 | Depths:4 | Found a huge runed gate.
 59835 | Depths:4 | Found a huge runed gate.
 59835 | Depths:4 | Found a huge runed gate.
 59835 | Depths:4 | Found a huge runed gate.
 59835 | Depths:4 | Found a huge runed gate.
 59835 | Depths:4 | Found a huge runed gate.
 59835 | Depths:4 | Found a huge runed gate.
 59902 | Depths:4 | Noticed a juggernaut
 59908 | Depths:4 | Noticed a golden dragon
 59910 | Depths:4 | Killed a juggernaut
 59916 | Depths:4 | Killed a golden dragon
 59970 | Depths:4 | Noticed a golden dragon
 59975 | Depths:4 | Killed a golden dragon
 60283 | Depths:4 | Noticed Boris
 60286 | Depths:4 | Killed Boris
 60546 | Depths:4 | Paralysed by a great orb of eyes for 6 turns
 60662 | Depths:4 | Paralysed by a great orb of eyes for 2 turns
 61039 | Depths:5 | Entered Level 5 of the Depths
 61039 | Depths:5 | Found a gateway to a ziggurat.
 61142 | Depths:5 | Reached skill level 15 in Earth Magic
 61160 | Depths:5 | Noticed a golden dragon
 61164 | Depths:5 | Killed a golden dragon
 61165 | Depths:5 | Reached XP level 23. HP: 195/195 MP: 41/46
 61173 | Depths:5 | Found a gate to the Realm of Zot.
 61268 | Depths:5 | Noticed Sojobo
 61271 | Depths:5 | Killed Sojobo
 61681 | Depths:5 | Noticed Jory
 61684 | Depths:5 | Killed Jory
 62128 | Depths:5 | Noticed Laeqaniwn's ghost (veteran DrWn)
 62133 | Depths:5 | Killed Laeqaniwn's ghost
 62150 | Depths:5 | Found a runed gate.
 62152 | Depths:5 | Found a runed gate.
 62154 | Depths:5 | Found a runed gate.
 62450 | D:8      | Killed Duffy's ghost
 62545 | D:6      | Killed azzavlup's ghost
 62673 | Orc:1    | Bought a manual of Throwing for 1324 gold pieces
 62741 | Orc:2    | Bought a runed robe for 96 gold pieces
 62897 | D:10     | Bought a potion of heal wounds for 70 gold pieces
 62897 | D:10     | Bought a potion of curing for 42 gold pieces
 62897 | D:10     | Bought a potion of heal wounds for 70 gold pieces
 62897 | D:10     | Bought a potion of heal wounds for 70 gold pieces
 62897 | D:10     | Bought a potion of mutation for 112 gold pieces
 62897 | D:10     | Bought a potion of heal wounds for 70 gold pieces
 62935 | D:9      | Bought a potion of haste for 140 gold pieces
 63211 | Vaults:5 | Entered Level 5 of the Vaults
 63212 | Vaults:5 | Reached skill level 1 in Throwing
 63215 | Vaults:5 | Reached skill level 5 in Evocations
 63227 | Vaults:5 | Reached skill level 5 in Throwing
 63243 | Vaults:5 | Gained mutation: You are completely covered in yellow
                  | scales. (AC +4, rCorr) [demonic ancestry]
 63243 | Vaults:5 | Reached XP level 24. HP: 156/202 MP: 47/47
 63312 | Vaults:4 | Got a steaming tin ring
 63313 | Vaults:4 | Identified the ring "Conohen" {+Fly rN+ MP+9 Slay-2} (You
                  | acquired it on level 4 of the Vaults)
 63492 | Vaults:5 | Identified the ring of the Sturgeon {Fire rPois rN+ Str+2}
 63617 | Vaults:5 | Identified the +1 robe "Ehifus" {Str+2 Stlth+}
 63816 | Vaults:5 | Got a silver rune of Zot
 63817 | Vaults:5 | Identified Idoh's Reference Book on Flamy Execration
 64002 | Vaults:5 | Found Zebluf Unwes's Weapon Shoppe.
 64375 | Vaults:5 | Found Vuny's Book Shoppe.
 64739 | Crypt:1  | Entered Level 1 of the Crypt
 64751 | Crypt:1  | Noticed Titucsi's ghost (adept GrFi)
 64758 | Crypt:1  | Reached skill level 10 in Throwing
 64783 | Crypt:1  | Killed Titucsi's ghost
 64808 | Crypt:1  | Found a transporter.
 64876 | Crypt:1  | Found a transporter.
 64916 | Crypt:1  | Learned a level 8 spell: Ignition
 65479 | Crypt:2  | Reached XP level 25. HP: 209/209 MP: 46/48
 65860 | Crypt:3  | Entered Level 3 of the Crypt
 65910 | Crypt:3  | Reached skill level 10 in Evocations
 66053 | Crypt:3  | Found an ancient bone altar of Kikubaaqudgha.
 66348 | Crypt:3  | Found a staircase to the Tomb.
 66848 | Crypt:3  | Identified the ring "Ciycvi" {rElec rF- rN+ Slay+3}
 67085 | Crypt:3  | Noticed an ancient lich
 67087 | Crypt:3  | Killed an ancient lich
 67188 | Crypt:3  | Identified the cursed +0 pair of boots of the Five of
                  | Pentacles {Regen+ rCorr Str-4} (You found it on level 3 of
                  | the Crypt)
 67192 | Crypt:3  | Got a translucent bone ring
 67193 | Crypt:3  | Identified the ring of Meop {rN+ Int+4} (You found it on
                  | level 3 of the Crypt)
 68083 | Shoals:3 | Bought a steaming large shield for 285 gold pieces
 68083 | Shoals:3 | Bought an embroidered cloak for 225 gold pieces
 68083 | Shoals:3 | Identified the +3 large shield "Nuiqov" {rPois MR+ Dex+5}
                  | (You bought it in a shop on level 3 of the Shoals)
 68314 | Elf:1    | Entered Level 1 of the Elven Halls
 68325 | Elf:1    | Found the +2 pair of boots of the Assassin {Detection Stab+
                  | Stlth++}
 68444 | Elf:1    | Identified the Papyrus of Companions
 68602 | Elf:1    | Reached skill level 5 in Shields
 68809 | Elf:1    | Found an ancient bone altar of Kikubaaqudgha.
 69273 | Elf:2    | Found Zayjucho's Book Emporium.
 69320 | Elf:2    | Found Othatuot's Weapon Shop.
 69329 | Elf:2    | Found Huunith's Assorted Antiques.
 69351 | Elf:2    | Bought a scroll of magic mapping for 91 gold pieces
 69351 | Elf:2    | Bought a scroll of teleportation for 78 gold pieces
 69351 | Elf:2    | Bought a potion of cancellation for 208 gold pieces
 69351 | Elf:2    | Bought a scroll of teleportation for 78 gold pieces
 69478 | Elf:2    | Found a huge runed gate.
 69478 | Elf:2    | Found a huge runed gate.
 69479 | Elf:2    | Found a huge runed gate.
 69488 | Elf:2    | Found a huge runed gate.
 69491 | Elf:2    | Found a huge runed gate.
 69603 | Elf:2    | Noticed Onteab's ghost (adept CeHu)
 69603 | Elf:2    | Identified the +7 great sword "Femoith" {chaos, Dex+5}
 69603 | Elf:2    | Found a shimmering altar of Xom.
 69604 | Elf:2    | Found a runed door.
 69611 | Elf:2    | Killed Onteab's ghost
 69660 | Elf:2    | Found Utzyll's Magic Scroll Emporium.
 69673 | Elf:2    | Bought a scroll of fear for 56 gold pieces
 69673 | Elf:2    | Bought a scroll of blinking for 120 gold pieces
 69673 | Elf:2    | Bought a scroll of identify for 32 gold pieces
 69790 | Elf:2    | Found Ruadwomp's Book Shoppe.
 69809 | Elf:2    | Bought a manual of Spellcasting for 1324 gold pieces
 69809 | Elf:2    | Bought a book of the Sky for 780 gold pieces
 69826 | Elf:2    | Found Qekauta's Jewellery Emporium.
 69826 | Elf:2    | Found Raluh's Gadget Shop.
 69841 | Elf:2    | Found Mugh's Jewellery Emporium.
 69850 | Elf:2    | Bought an uncursed amulet of magic regeneration for 360
                  | gold pieces
 70417 | Elf:3    | Entered Level 3 of the Elven Halls
 70580 | Elf:3    | Reached XP level 26. HP: 218/218 MP: 37/49
 70722 | Elf:3    | Noticed Saint Roka
 70728 | Elf:3    | Killed Saint Roka
 71212 | Elf:3    | Reached skill level 10 in Shields
 71262 | Elf:3    | Identified the Disquisition on the Helpful Rocks
 71280 | Elf:3    | Got a translucent steel ring
 71281 | Elf:3    | Identified the ring of Ufedeomn {*Slow rPois rF+ SInv} (You
                  | found it on level 3 of the Elven Halls)
 71284 | Elf:3    | Got a sparkling diamond amulet
 71285 | Elf:3    | Identified the amulet "Guinydea" {Faith Str+2} (You found
                  | it on level 3 of the Elven Halls)
 71392 | Elf:3    | Learned a level 8 spell: Lehudib's Crystal Spear
 71411 | Elf:3    | Learned a level 6 spell: Deflect Missiles
 71797 | Zig:1    | Entered Level 1 of a ziggurat
 71836 | Zig:2    | Entered Level 2 of a ziggurat
 71859 | Zig:2    | Identified the +0 pair of boots of Caohal {rF+} (You
                  | acquired it on level 2 of a ziggurat)
 71872 | Zig:3    | Entered Level 3 of a ziggurat
 71999 | Zig:4    | Entered Level 4 of a ziggurat
 72009 | Zig:4    | Got a translucent platinum ring
 72010 | Zig:4    | Identified the ring "Cialargh" {*Tele Int+7} (You found it
                  | on level 4 of a ziggurat)
 72024 | Zig:5    | Entered Level 5 of a ziggurat
 72078 | Zig:6    | Entered Level 6 of a ziggurat
 72110 | Zig:6    | Identified the Tome of Creative Snow
 72130 | Zig:7    | Entered Level 7 of a ziggurat
 72192 | Zig:8    | Entered Level 8 of a ziggurat
 72196 | Zig:8    | Reached skill level 1 in Air Magic
 72202 | Zig:8    | Found the +0 mask of the Dragon {MR+ Slay+3 SInv}
 72227 | Zig:9    | Entered Level 9 of a ziggurat
 72230 | Zig:9    | Noticed Plog the pandemonium lord
 72238 | Zig:9    | Killed Plog the pandemonium lord
 72261 | Zig:9    | Identified the +1 large shield of the Game of Life {*Contam
                  | Str+7} (You found it on level 9 of a ziggurat)
 72281 | Zig:10   | Entered Level 10 of a ziggurat
 72318 | Zig:10   | Got a translucent marble ring
 72320 | Zig:10   | Got a glittering lapis lazuli ring
 72321 | Zig:10   | Identified the ring of the Wild Haggis {rC++ rN+++ Str+3
                  | Int-3} (You found it on level 10 of a ziggurat)
 72322 | Zig:10   | Identified the ring of Mops {*Corrode rElec rC+++ MP+9
                  | Stlth-} (You found it on level 10 of a ziggurat)
 72337 | Zig:11   | Entered Level 11 of a ziggurat
 72350 | Zig:11   | Reached skill level 5 in Air Magic
 72352 | Zig:11   | Found the macabre finger necklace {rN+}
 72379 | Zig:11   | Identified the cursed +1 robe of the Good {rF+ rC+ Int-2}
                  | (You found it on level 11 of a ziggurat)
 72396 | Zig:12   | Entered Level 12 of a ziggurat
 72451 | Zig:12   | Reached XP level 27. HP: 224/224 MP: 51/51
 72459 | Zig:13   | Entered Level 13 of a ziggurat
 72467 | Zig:13   | Noticed a juggernaut
 72471 | Zig:13   | Noticed a juggernaut
 72471 | Zig:13   | Killed a juggernaut
 72475 | Zig:13   | Killed a juggernaut
 72494 | Zig:13   | Got a faintly glowing jade ring
 72545 | Zig:13   | Identified the Grimoire of the Birds
 72557 | Zig:14   | Entered Level 14 of a ziggurat
 72566 | Zig:14   | Noticed an ancient lich
 72570 | Zig:14   | Killed an ancient lich
 72589 | Zig:14   | Identified the ring of Mettetai {+Inv rF+ Str+2 Dex-2} (You
                  | found it on level 13 of a ziggurat)
 72605 | Zig:14   | Identified the Compendium of the Excruciating Entourage
 72607 | Zig:14   | Identified Sif Muna's Guide on the Shifting Glacier
 72621 | Zig:15   | Entered Level 15 of a ziggurat
 72740 | Zig:16   | Entered Level 16 of a ziggurat
 72757 | Zig:16   | Reached skill level 10 in Air Magic
 72775 | Zig:16   | Identified the Catalogue of Air
 72777 | Zig:16   | Identified the Handbook of Conjuration
 72829 | Zig:16   | Learned a level 8 spell: Necromutation
 72830 | Zig:17   | Entered Level 17 of a ziggurat
 72842 | Zig:17   | Reached skill level 15 in Shields
 72852 | Zig:17   | Reached skill level 1 in Necromancy
 72852 | Zig:17   | Reached skill level 1 in Transmutations
 72875 | Zig:17   | Found the +7 captain's cutlass {speed, disarm}
 72882 | Zig:17   | Identified the Volume of Feathers and Conjuration
 72886 | Zig:17   | Reached skill level 5 in Transmutations
 72893 | Zig:17   | Identified Curhy's Almanac of Summoning
 72913 | Zig:18   | Entered Level 18 of a ziggurat
 72929 | Zig:18   | Noticed an ancient lich
 72932 | Zig:18   | Killed an ancient lich
 72932 | Zig:18   | Reached skill level 5 in Necromancy
 72934 | Zig:18   | Noticed an ancient lich
 72936 | Zig:18   | Noticed an ancient lich
 72937 | Zig:18   | Killed an ancient lich
 72938 | Zig:18   | Killed an ancient lich
 72998 | Zig:19   | Entered Level 19 of a ziggurat
 73014 | Zig:19   | Reached skill level 10 in Transmutations
 73024 | Zig:19   | Reached skill level 10 in Necromancy
 73118 | Zig:19   | Found the +10 morningstar "Eos" {elec, Halo rElec}
 73150 | Zig:20   | Entered Level 20 of a ziggurat
 73164 | Zig:20   | Noticed a juggernaut
 73169 | Zig:20   | Killed a juggernaut
 73178 | Zig:20   | Noticed a juggernaut
 73180 | Zig:20   | Killed a juggernaut
 73181 | Zig:20   | Noticed a juggernaut
 73182 | Zig:20   | Killed a juggernaut
 73214 | Zig:20   | Got an ancient lapis lazuli ring
 73215 | Zig:20   | Identified the ring "Saxef" {MP+9 Slay+6 SInv} (You found
                  | it on level 20 of a ziggurat)
 73222 | Zig:20   | Got a flickering brass amulet
 73223 | Zig:20   | Identified the amulet of Exhibitionism {Faith rPois Int+4
                  | Dex+7} (You found it on level 20 of a ziggurat)
 73234 | Zig:21   | Entered Level 21 of a ziggurat
 73251 | Zig:21   | Noticed an ancient lich
 73252 | Zig:21   | Killed an ancient lich
 73264 | Zig:21   | Noticed an ancient lich
 73265 | Zig:21   | Killed an ancient lich
 73292 | Zig:21   | Identified the Compendium of the Traveller and Clay
 73308 | Zig:22   | Entered Level 22 of a ziggurat
 73321 | Zig:22   | Reached skill level 1 in Staves
 73330 | Zig:22   | Reached skill level 5 in Staves
 73363 | Zig:22   | Got a glittering tin ring
 73364 | Zig:22   | Identified the ring of Wyngykket {rCorr rElec rN+++ Str-2
                  | Stlth+} (You found it on level 22 of a ziggurat)
 73414 | Zig:23   | Entered Level 23 of a ziggurat
 73425 | Zig:23   | Noticed an ancient lich
 73426 | Zig:23   | Noticed an ancient lich
 73427 | Zig:23   | Noticed an ancient lich
 73429 | Zig:23   | Killed an ancient lich
 73429 | Zig:23   | Reached skill level 15 in Evocations
 73429 | Zig:23   | Killed an ancient lich
 73429 | Zig:23   | Noticed an ancient lich
 73430 | Zig:23   | Killed an ancient lich
 73430 | Zig:23   | Reached skill level 10 in Staves
 73432 | Zig:23   | Noticed an ancient lich
 73435 | Zig:23   | Killed an ancient lich
 73435 | Zig:23   | Killed an ancient lich
 73437 | Zig:23   | Noticed an ancient lich
 73439 | Zig:23   | Killed an ancient lich
 73462 | Zig:23   | Identified Sif Muna's Compendium of Orientation and the
                  | Glacier
 73469 | Zig:23   | Identified Sif Muna's Tome of the Toxic Mountains
 73472 | Zig:23   | Identified the Collected Works on Creative Attacks
 73475 | Zig:23   | Got a heavily runed graven amulet
 73476 | Zig:23   | Identified the amulet "Goeklout" {RegenMP rC+ Str+3} (You
                  | found it on level 23 of a ziggurat)
 73493 | Zig:24   | Entered Level 24 of a ziggurat
 73508 | Zig:24   | Noticed an ancient lich
 73511 | Zig:24   | Killed an ancient lich
 73516 | Zig:24   | Noticed an ancient lich
 73516 | Zig:24   | Noticed an ancient lich
 73519 | Zig:24   | Killed an ancient lich
 73520 | Zig:24   | Killed an ancient lich
 73520 | Zig:24   | Noticed an ancient lich
 73521 | Zig:24   | Noticed an ancient lich
 73524 | Zig:24   | Killed an ancient lich
 73526 | Zig:24   | Killed an ancient lich
 73546 | Zig:24   | Got a heavily runed tin ring
 73548 | Zig:24   | Identified the ring of the Final Decision {rPois rN+ MR-
                  | Str+6 Dex+4} (You found it on level 24 of a ziggurat)
 73603 | Zig:24   | Identified Acsudavu's Almanac of Toxic Companions
 73606 | Zig:24   | Got a glittering bronze ring
 73607 | Zig:24   | Identified the ring "Volanouv" {Fire rPois rN+ Str+4 Dex-3}
                  | (You found it on level 24 of a ziggurat)
 73639 | Zig:25   | Entered Level 25 of a ziggurat
 73695 | Zig:25   | Identified the +0 pair of boots "Dabbiane" {rElec Regen+
                  | Str-2 Int+8} (You found it on level 25 of a ziggurat)
 73710 | Zig:25   | Got a coiled bone ring
 73711 | Zig:25   | Identified the ring of Life {*Corrode rF++ rC+ Str+5} (You
                  | found it on level 25 of a ziggurat)
 73747 | Zig:25   | Got a translucent turquoise ring
 73748 | Zig:25   | Identified the ring of the Devil's Team {rN+ Str+4 Dex+2
                  | Stlth+} (You found it on level 25 of a ziggurat)
 73761 | Zig:25   | Got a twitching platinum ring
 73762 | Zig:25   | Identified the ring "Ephes" {+Inv rC+ MR- Int+7 SInv} (You
                  | found it on level 25 of a ziggurat)
 73789 | Zig:26   | Entered Level 26 of a ziggurat
 73812 | Zig:26   | Noticed an ancient lich
 73814 | Zig:26   | Killed an ancient lich
 73814 | Zig:26   | Noticed an ancient lich
 73818 | Zig:26   | Killed an ancient lich
 73818 | Zig:26   | Noticed an ancient lich
 73819 | Zig:26   | Noticed an ancient lich
 73821 | Zig:26   | Killed an ancient lich
 73824 | Zig:26   | Killed an ancient lich
 73839 | Zig:26   | Found the +12 glaive of Prune {chop}
 73847 | Zig:26   | Identified The Intricacies of Wizardry
 73913 | Zig:26   | Learned a level 9 spell: Tornado
 73925 | Zig:27   | Entered Level 27 of a ziggurat
 73980 | Zig:27   | Got a translucent iron amulet
 73981 | Zig:27   | Identified the amulet "Goavad" {+Rage Int+2 SInv} (You
                  | found it on level 27 of a ziggurat)
 74001 | Zig:27   | Identified the +1 robe of the Cast Vote {rC++ rCorr Slay-5
                  | Stlth+} (You found it on level 27 of a ziggurat)
 74397 | Slime:1  | Entered Level 1 of the Pits of Slime
 74465 | Slime:5  | Entered Level 5 of the Pits of Slime
 74486 | Slime:5  | Noticed the Royal Jelly
 74492 | Slime:5  | Killed the Royal Jelly
 74518 | Slime:5  | Got a slimy rune of Zot
 74519 | Slime:5  | Identified the Collected Works on Good Luck
 74595 | Slime:5  | Identified the Reference Book on the Traveller
 74676 | Slime:4  | Reached skill level 15 in Air Magic
 75036 | Depths:5 | Learned a level 5 spell: Yara's Violent Unravelling
 75047 | Zig:1    | Entered Level 1 of a ziggurat
 75072 | Zig:2    | Entered Level 2 of a ziggurat
 75074 | Zig:2    | Reached skill level 1 in Armour
 75098 | Zig:3    | Entered Level 3 of a ziggurat
 75130 | Zig:4    | Entered Level 4 of a ziggurat
 75162 | Zig:5    | Entered Level 5 of a ziggurat
 75189 | Zig:5    | Got a faintly glowing bone amulet
 75190 | Zig:5    | Identified the amulet of Ywoupat {Acrobat *Corrode MR+
                  | Int+4} (You found it on level 5 of a ziggurat)
 75203 | Zig:6    | Entered Level 6 of a ziggurat
 75226 | Zig:7    | Entered Level 7 of a ziggurat
 75256 | Zig:7    | Identified the Handbook of Moulding and Snow
 75268 | Zig:8    | Entered Level 8 of a ziggurat
 75277 | Zig:8    | Noticed an ancient lich
 75280 | Zig:8    | Killed an ancient lich
 75290 | Zig:8    | Got a pitted jade ring
 75291 | Zig:8    | Identified the ring "Qucleofa" {*Tele Int+3 Dex+3} (You
                  | found it on level 8 of a ziggurat)
 75328 | Zig:9    | Entered Level 9 of a ziggurat
 75339 | Zig:9    | Reached skill level 5 in Armour
 75359 | Zig:9    | Got a wavering wooden ring
 75360 | Zig:9    | Identified the ring "Buili" {Fire Int+3 Stlth+} (You found
                  | it on level 9 of a ziggurat)
 75361 | Zig:9    | Identified the Volume of the Warped Escort
 75372 | Zig:10   | Entered Level 10 of a ziggurat
 75381 | Zig:10   | Killed Buxu the pandemonium lord
 75414 | Zig:11   | Entered Level 11 of a ziggurat
 75432 | Zig:11   | Found the brooch of Shielding {Reflect SH+8}
 75451 | Zig:12   | Entered Level 12 of a ziggurat
 75470 | Zig:12   | Noticed Nueleugu the pandemonium lord
 75471 | Zig:12   | Killed Nueleugu the pandemonium lord
 75500 | Zig:12   | Identified the Collected Works on the Lucky Compass
 75502 | Zig:12   | Identified the Grimoire of the Mutagenic Mountains
 75520 | Zig:13   | Entered Level 13 of a ziggurat
 75574 | Zig:13   | Identified Ysmysm's Catalogue of Quantum Battle Magic
 75589 | Zig:14   | Entered Level 14 of a ziggurat
 75628 | Zig:14   | Identified the cursed -5 pair of boots of Too Many Cooks
                  | {rC++ Regen+} (You found it on level 14 of a ziggurat)
 75648 | Zig:15   | Entered Level 15 of a ziggurat
 75660 | Zig:15   | Reached skill level 10 in Armour
 75701 | Zig:15   | Identified the Papyrus of Flames and the Mountains
 75708 | Zig:15   | Identified the Tome of Burning Necromancy
 75721 | Zig:16   | Entered Level 16 of a ziggurat
 75972 | Zig:16   | Identified Wedoilao's Guide on Curses
 76014 | Zig:17   | Entered Level 17 of a ziggurat
 76081 | Zig:17   | Identified the +2 shield of Weightlessness {Str+5 Dex-2}
                  | (You acquired it on level 17 of a ziggurat)
 76100 | Zig:18   | Entered Level 18 of a ziggurat
 76111 | Zig:18   | Noticed Yhurphyab the pandemonium lord
 76111 | Zig:18   | Noticed Homimov the pandemonium lord
 76111 | Zig:18   | Noticed Edum the pandemonium lord
 76111 | Zig:18   | Noticed Xitih the pandemonium lord
 76111 | Zig:18   | Noticed Danwiss the pandemonium lord
 76112 | Zig:18   | Noticed Bietu the pandemonium lord
 76112 | Zig:18   | Noticed Foavvapn the pandemonium lord
 76114 | Zig:18   | Killed Xitih the pandemonium lord
 76114 | Zig:18   | Killed Edum the pandemonium lord
 76114 | Zig:18   | Noticed Wopir the pandemonium lord
 76116 | Zig:18   | Noticed Rixat the pandemonium lord
 76121 | Zig:18   | Killed Homimov the pandemonium lord
 76122 | Zig:18   | Killed Wopir the pandemonium lord
 76123 | Zig:18   | Killed Bietu the pandemonium lord
 76123 | Zig:18   | Killed Yhurphyab the pandemonium lord
 76124 | Zig:18   | Killed Foavvapn the pandemonium lord
 76124 | Zig:18   | Noticed Tasheug the pandemonium lord
 76126 | Zig:18   | Killed Danwiss the pandemonium lord
 76127 | Zig:18   | Noticed Voinam the pandemonium lord
 76127 | Zig:18   | Killed Rixat the pandemonium lord
 76128 | Zig:18   | Killed Voinam the pandemonium lord
 76133 | Zig:18   | Killed Tasheug the pandemonium lord
 76136 | Zig:18   | Noticed Moish the pandemonium lord
 76137 | Zig:18   | Noticed Eppeis the pandemonium lord
 76139 | Zig:18   | Killed Moish the pandemonium lord
 76140 | Zig:18   | Killed Eppeis the pandemonium lord
 76192 | Zig:19   | Entered Level 19 of a ziggurat
 76208 | Zig:19   | Reached skill level 15 in Necromancy
 76216 | Zig:19   | Reached skill level 27 in Spellcasting
 76236 | Zig:19   | Found the +7 longbow "Piercer" {penet, EV-2}
 76282 | Zig:20   | Entered Level 20 of a ziggurat
 76311 | Zig:20   | Reached skill level 15 in Armour
 76337 | Zig:20   | Identified the +3 buckler of Poor Excuses {Dex+4} (You
                  | found it on level 20 of a ziggurat)
 76341 | Zig:20   | Identified the cursed +0 buckler "Koip" {rPois} (You found
                  | it on level 20 of a ziggurat)
 76368 | Zig:21   | Entered Level 21 of a ziggurat
 76384 | Zig:21   | Noticed an ancient lich
 76388 | Zig:21   | Killed an ancient lich
 76389 | Zig:21   | Noticed an ancient lich
 76392 | Zig:21   | Killed an ancient lich
 76441 | Zig:21   | Found the +9 staff of Olgreb {rPois}
 76457 | Zig:21   | Identified Sif Muna's Papyrus of Translocation and
                  | Protection
 76466 | Zig:21   | Identified the Almanac of Transformation
 76469 | Zig:21   | Got a transparent glass ring
 76470 | Zig:21   | Identified the cursed ring of Okhihofy {rC- Str+4 Int+9
                  | Dex-2} (You found it on level 21 of a ziggurat)
 76482 | Zig:22   | Entered Level 22 of a ziggurat
 76503 | Zig:22   | Noticed a juggernaut
 76509 | Zig:22   | Killed a juggernaut
 76511 | Zig:22   | Reached skill level 15 in Dodging
 76514 | Zig:22   | Killed a juggernaut
 76564 | Zig:22   | Got a faintly glowing ivory amulet
 76566 | Zig:22   | Identified the amulet "Dafomuf" {Reflect rPois rF- MR+++
                  | Int+4 SH+5} (You found it on level 22 of a ziggurat)
 76586 | Zig:23   | Entered Level 23 of a ziggurat
 76599 | Zig:23   | Noticed a greater mummy
 76605 | Zig:23   | Killed a greater mummy
 76608 | Zig:23   | Noticed a greater mummy
 76609 | Zig:23   | Noticed a greater mummy
 76609 | Zig:23   | Noticed a greater mummy
 76611 | Zig:23   | Killed a greater mummy
 76612 | Zig:23   | Noticed a greater mummy
 76613 | Zig:23   | Killed a greater mummy
 76613 | Zig:23   | Killed a greater mummy
 76614 | Zig:23   | Noticed a greater mummy
 76615 | Zig:23   | Killed a greater mummy
 76617 | Zig:23   | Noticed a greater mummy
 76618 | Zig:23   | Killed a greater mummy
 76618 | Zig:23   | Noticed a greater mummy
 76619 | Zig:23   | Noticed a greater mummy
 76620 | Zig:23   | Killed a greater mummy
 76621 | Zig:23   | Killed a greater mummy
 76621 | Zig:23   | Killed a greater mummy
 76649 | Zig:23   | Found the +7 great mace "Firestarter" {inner flame, rF++}
 76653 | Zig:23   | Found the +11 plutonium sword {*Contam Stlth-}
 76654 | Zig:23   | Found the +3 sling "Punk" {acid, rCorr}
 76697 | Zig:23   | Identified the Guide on Dislocation and Calling
 76700 | Zig:23   | Got a smoking brass amulet
 76701 | Zig:23   | Identified the amulet "Rotymu" {rElec rPois Regen+ Int+4
                  | Slay+3} (You found it on level 23 of a ziggurat)
 76711 | Zig:23   | Identified the Catalogue of Freezing Creation
 76739 | Zig:24   | Entered Level 24 of a ziggurat
 76750 | Zig:24   | Noticed a greater mummy
 76756 | Zig:24   | Killed a greater mummy
 76760 | Zig:24   | Noticed a greater mummy
 76762 | Zig:24   | Noticed a greater mummy
 76762 | Zig:24   | Noticed a greater mummy
 76764 | Zig:24   | Noticed a greater mummy
 76765 | Zig:24   | Killed a greater mummy
 76765 | Zig:24   | Killed a greater mummy
 76765 | Zig:24   | Noticed a greater mummy
 76767 | Zig:24   | Killed a greater mummy
 76767 | Zig:24   | Noticed a greater mummy
 76768 | Zig:24   | Killed a greater mummy
 76768 | Zig:24   | Killed a greater mummy
 76768 | Zig:24   | Noticed a greater mummy
 76769 | Zig:24   | Killed a greater mummy
 76769 | Zig:24   | Reached skill level 10 in Fighting
 76769 | Zig:24   | Noticed a greater mummy
 76770 | Zig:24   | Noticed a greater mummy
 76772 | Zig:24   | Killed a greater mummy
 76775 | Zig:24   | Killed a greater mummy
 76776 | Zig:24   | Killed a greater mummy
 76776 | Zig:24   | Noticed a greater mummy
 76779 | Zig:24   | Noticed a greater mummy
 76780 | Zig:24   | Killed a greater mummy
 76784 | Zig:24   | Killed a greater mummy
 76816 | Zig:24   | Got a faintly glowing steel ring
 76817 | Zig:24   | Identified the cursed ring "Qileocka" {+Inv rElec rC+ Str-3
                  | Int+2} (You found it on level 24 of a ziggurat)
 76828 | Zig:24   | Got a translucent lapis lazuli ring
 76829 | Zig:24   | Identified the ring of Dishonesty {Fire rElec MR++} (You
                  | found it on level 24 of a ziggurat)
 76840 | Zig:24   | Got a vibrating sapphire amulet
 76841 | Zig:24   | Identified the amulet of Terra Nullius {Gourm rC+ rN++
                  | Dex-4} (You found it on level 24 of a ziggurat)
 76860 | Zig:25   | Entered Level 25 of a ziggurat
 76876 | Zig:25   | Noticed an ancient lich
 76878 | Zig:25   | Killed an ancient lich
 76880 | Zig:25   | Noticed an ancient lich
 76882 | Zig:25   | Killed an ancient lich
 76886 | Zig:25   | Noticed an ancient lich
 76888 | Zig:25   | Killed an ancient lich
 76890 | Zig:25   | Noticed an ancient lich
 76891 | Zig:25   | Noticed an ancient lich
 76892 | Zig:25   | Killed an ancient lich
 76893 | Zig:25   | Killed an ancient lich
 76897 | Zig:25   | Noticed an ancient lich
 76898 | Zig:25   | Noticed an ancient lich
 76899 | Zig:25   | Noticed an ancient lich
 76899 | Zig:25   | Killed an ancient lich
 76899 | Zig:25   | Killed an ancient lich
 76899 | Zig:25   | Killed an ancient lich
 76900 | Zig:25   | Killed an ancient lich
 76936 | Zig:25   | Identified Sif Muna's Collected Works on Dislocated Dark
                  | Rites
 76940 | Zig:25   | Got a warped amethyst amulet
 76945 | Zig:25   | Found the +3 pair of gauntlets of War {Slay+5}
 76973 | Zig:26   | Entered Level 26 of a ziggurat
 77048 | Zig:26   | Identified the Incunabulum of Evil Transformation
 77050 | Zig:26   | Identified the Grimoire of Summoning
 77061 | Zig:26   | Identified the Volume of Lethal Envenoming
 77068 | Zig:26   | Got a scintillating graven amulet
 77069 | Zig:26   | Identified the amulet "Etall" {Reflect Str+3 SH+4} (You
                  | found it on level 25 of a ziggurat)
 77071 | Zig:26   | Identified the amulet "Qasherch" {Faith rPois rC+ MR+} (You
                  | found it on level 26 of a ziggurat)
 77093 | Zig:27   | Entered Level 27 of a ziggurat
 77171 | Zig:27   | Found the +8 Wrath of Trog {antimagic, *Rage}
 77183 | Zig:27   | Got a scorched bronze ring
 77184 | Zig:27   | Identified the ring of the Distant Future {rN++ MR+ Dex-4
                  | Stlth+} (You found it on level 27 of a ziggurat)
 77228 | Zig:1    | Entered Level 1 of a ziggurat
 77262 | Zig:2    | Entered Level 2 of a ziggurat
 77286 | Zig:3    | Entered Level 3 of a ziggurat
 77339 | Zig:4    | Entered Level 4 of a ziggurat
 77371 | Zig:4    | Identified the +2 pair of gloves of the Beggar {rC++} (You
                  | acquired it on level 4 of a ziggurat)
 77388 | Zig:5    | Entered Level 5 of a ziggurat
 77393 | Zig:5    | Noticed a greater mummy
 77397 | Zig:5    | Killed a greater mummy
 77418 | Zig:6    | Entered Level 6 of a ziggurat
 77453 | Zig:7    | Entered Level 7 of a ziggurat
 77460 | Zig:7    | Reached skill level 15 in Fighting
 77493 | Zig:8    | Entered Level 8 of a ziggurat
 77513 | Zig:8    | Identified the Papyrus of Captivating Snow
 77535 | Zig:9    | Entered Level 9 of a ziggurat
 77581 | Zig:10   | Entered Level 10 of a ziggurat
 77591 | Zig:10   | Noticed Epruighas the pandemonium lord
 77593 | Zig:10   | Killed Epruighas the pandemonium lord
 77606 | Zig:10   | Found the amulet of the Four Winds {rN+ MR+++ Clar}
 77639 | Zig:11   | Entered Level 11 of a ziggurat
 77648 | Zig:11   | Noticed a juggernaut
 77651 | Zig:11   | Killed a juggernaut
 77672 | Zig:11   | Identified the +0 robe of the Hart {rPois rF- MR+++ Dex-2}
                  | (You found it on level 11 of a ziggurat)
 77692 | Zig:11   | Identified the Grimoire of Transmigration
 77703 | Zig:12   | Entered Level 12 of a ziggurat
 77736 | Zig:12   | Got a flickering wooden ring
 77738 | Zig:12   | Got a scintillating tin ring
 77739 | Zig:12   | Identified the ring "Tetidoif" {*Tele rElec Int+2} (You
                  | found it on level 12 of a ziggurat)
 77740 | Zig:12   | Identified the ring of Ahoqemesch {*Slow rF+ MP+9 Dex+2
                  | Stlth+} (You found it on level 12 of a ziggurat)
 77746 | Zig:12   | Identified the Tome of Unstable Translocation
 77758 | Zig:12   | Reached skill level 27 in Conjurations
 77770 | Zig:13   | Entered Level 13 of a ziggurat
 77834 | Zig:14   | Entered Level 14 of a ziggurat
 77872 | Zig:14   | Identified the +2 robe of Chill Winds {Dex+5} (You found it
                  | on level 14 of a ziggurat)
 77886 | Zig:14   | Got a pitted granite ring
 77887 | Zig:14   | Identified the ring of Ewunyqy {Wiz +Blink rC- Int+4} (You
                  | found it on level 14 of a ziggurat)
 77906 | Zig:15   | Entered Level 15 of a ziggurat
 77925 | Zig:15   | Reached skill level 15 in Throwing
 77946 | Zig:15   | Identified the Handbook of Glacial Ignition
 77956 | Zig:15   | Identified the +1 pair of gloves of Fevemasi {Dex+2} (You
                  | found it on level 15 of a ziggurat)
 77979 | Zig:16   | Entered Level 16 of a ziggurat
 78013 | Zig:16   | Identified Plog's Catalogue of the Escort and Attacks
 78044 | Zig:17   | Entered Level 17 of a ziggurat
 78057 | Zig:17   | Noticed a juggernaut
 78059 | Zig:17   | Killed a juggernaut
 78060 | Zig:17   | Noticed a juggernaut
 78061 | Zig:17   | Noticed a juggernaut
 78061 | Zig:17   | Reached skill level 27 in Fire Magic
 78062 | Zig:17   | Killed a juggernaut
 78064 | Zig:17   | Killed a juggernaut
 78085 | Zig:17   | Found the +7 lajatang of Order {silver, rMut}
 78131 | Zig:18   | Entered Level 18 of a ziggurat
 78145 | Zig:18   | Killed an ancient lich
 78147 | Zig:18   | Noticed an ancient lich
 78147 | Zig:18   | Noticed an ancient lich
 78147 | Zig:18   | Noticed an ancient lich
 78149 | Zig:18   | Killed an ancient lich
 78149 | Zig:18   | Killed an ancient lich
 78149 | Zig:18   | Reached skill level 27 in Evocations
 78150 | Zig:18   | Killed an ancient lich
 78176 | Zig:18   | Identified the Grimoire of the Creative Compass
 78185 | Zig:18   | Got a pitted jade ring
 78186 | Zig:18   | Identified the ring of Untruth {rC- Int+5 Dex+7} (You found
                  | it on level 18 of a ziggurat)
 78189 | Zig:18   | Got an ancient iron amulet
 78190 | Zig:18   | Identified the amulet "Osoasus" {Gourm rF+ Str+6} (You
                  | found it on level 18 of a ziggurat)
 78209 | Zig:19   | Entered Level 19 of a ziggurat
 78216 | Zig:19   | Noticed an orb of fire
 78217 | Zig:19   | Noticed an orb of fire
 78220 | Zig:19   | Noticed an orb of fire
 78228 | Zig:19   | Killed an orb of fire
 78229 | Zig:19   | Killed an orb of fire
 78229 | Zig:19   | Killed an orb of fire
 78233 | Zig:19   | Noticed an orb of fire
 78233 | Zig:19   | Noticed an orb of fire
 78235 | Zig:19   | Noticed an orb of fire
 78237 | Zig:19   | Noticed an orb of fire
 78239 | Zig:19   | Killed an orb of fire
 78239 | Zig:19   | Noticed an orb of fire
 78241 | Zig:19   | Killed an orb of fire
 78242 | Zig:19   | Killed an orb of fire
 78242 | Zig:19   | Killed an orb of fire
 78243 | Zig:19   | Killed an orb of fire
 78246 | Zig:19   | Noticed an orb of fire
 78249 | Zig:19   | Noticed an orb of fire
 78250 | Zig:19   | Killed an orb of fire
 78250 | Zig:19   | Noticed an orb of fire
 78254 | Zig:19   | Killed an orb of fire
 78255 | Zig:19   | Killed an orb of fire
 78304 | Zig:19   | Got a brightly glowing jade amulet
 78305 | Zig:19   | Identified the amulet of Xekiaf {Spirit -Tele rElec rC++
                  | SInv} (You found it on level 19 of a ziggurat)
 78339 | Zig:19   | Identified Ruufray's Guide on Assistive Orientation
 78357 | Zig:19   | Learned a level 9 spell: Glaciate
 78364 | Zig:20   | Entered Level 20 of a ziggurat
 78384 | Zig:20   | Noticed Seakkif the pandemonium lord
 78384 | Zig:20   | Noticed Atatoy the pandemonium lord
 78385 | Zig:20   | Noticed Yvvix the pandemonium lord
 78386 | Zig:20   | Noticed Ohutsun the pandemonium lord
 78387 | Zig:20   | Reached skill level 1 in Unarmed Combat
 78387 | Zig:20   | Reached skill level 1 in Ice Magic
 78387 | Zig:20   | Noticed Aplet the pandemonium lord
 78387 | Zig:20   | Noticed Loituas the pandemonium lord
 78388 | Zig:20   | Killed Seakkif the pandemonium lord
 78388 | Zig:20   | Killed Yvvix the pandemonium lord
 78388 | Zig:20   | Noticed Fuanooh the pandemonium lord
 78388 | Zig:20   | Noticed Itecsikhu the pandemonium lord
 78388 | Zig:20   | Noticed Bokid the pandemonium lord
 78388 | Zig:20   | Noticed Xuneid the pandemonium lord
 78389 | Zig:20   | Killed Atatoy the pandemonium lord
 78389 | Zig:20   | Noticed Wocwopt the pandemonium lord
 78389 | Zig:20   | Noticed Extaan the pandemonium lord
 78389 | Zig:20   | Noticed Ahoiseh the pandemonium lord
 78389 | Zig:20   | Noticed Qoda the pandemonium lord
 78390 | Zig:20   | Killed Loituas the pandemonium lord
 78390 | Zig:20   | Killed Ohutsun the pandemonium lord
 78390 | Zig:20   | Noticed Pohi the pandemonium lord
 78391 | Zig:20   | Noticed Mischicun the pandemonium lord
 78396 | Zig:20   | Killed Bokid the pandemonium lord
 78399 | Zig:20   | Killed Fuanooh the pandemonium lord
 78400 | Zig:20   | Reached skill level 5 in Unarmed Combat
 78400 | Zig:20   | Reached skill level 5 in Ice Magic
 78401 | Zig:20   | Killed Wocwopt the pandemonium lord
 78401 | Zig:20   | Killed Mischicun the pandemonium lord
 78401 | Zig:20   | Noticed Garch the pandemonium lord
 78403 | Zig:20   | Noticed Odechab the pandemonium lord
 78403 | Zig:20   | Noticed Zaclil the pandemonium lord
 78403 | Zig:20   | Killed Ahoiseh the pandemonium lord
 78404 | Zig:20   | Killed Garch the pandemonium lord
 78405 | Zig:20   | Killed Zaclil the pandemonium lord
 78405 | Zig:20   | Killed Qoda the pandemonium lord
 78406 | Zig:20   | Killed Pohi the pandemonium lord
 78407 | Zig:20   | Killed Odechab the pandemonium lord
 78407 | Zig:20   | Noticed Noeram the pandemonium lord
 78408 | Zig:20   | Killed Noeram the pandemonium lord
 78409 | Zig:20   | Noticed Kuitoh the pandemonium lord
 78409 | Zig:20   | Killed Aplet the pandemonium lord
 78410 | Zig:20   | Killed Kuitoh the pandemonium lord
 78412 | Zig:20   | Noticed Qalorr the pandemonium lord
 78413 | Zig:20   | Killed Itecsikhu the pandemonium lord
 78415 | Zig:20   | Killed Qalorr the pandemonium lord
 78418 | Zig:20   | Killed Xuneid the pandemonium lord
 78423 | Zig:20   | Killed Extaan the pandemonium lord
 78432 | Zig:20   | Found the +15 Maxwell's patent armour {-Cast -Tele rElec
                  | MR+ rCorr}
 78433 | Zig:20   | Found the cursed necklace of Bloodlust {*Rage +Rage MR++
                  | Int-3 Slay+6 *Curse}
 78478 | Zig:20   | Identified the Handbook of Excruciating Good Luck
 78516 | Zig:21   | Entered Level 21 of a ziggurat
 78568 | Zig:21   | Found the +4 dagger "Morg" {pain, MR+ Int+5}
 78572 | Zig:21   | Got a bound silver ring
 78573 | Zig:21   | Identified the ring of the Moon {rPois rN+ Str-5 Int+4
                  | Dex+2} (You found it on level 21 of a ziggurat)
 78580 | Zig:21   | Identified the Catalogue of Icy Evil Rites
 78589 | Zig:21   | Identified the +0 robe of the Great Game {rElec Int+7
                  | Stlth-} (You found it on level 21 of a ziggurat)
 78592 | Zig:21   | Identified the Papyrus of Shifting Orientation
 78595 | Zig:21   | Got a heavily runed iron ring
 78596 | Zig:21   | Identified the ring "Qyhats" {MR+ EV+3 Stlth+} (You found
                  | it on level 21 of a ziggurat)
 78603 | Zig:21   | Got an ancient pewter ring
 78604 | Zig:21   | Identified the ring "Cigy" {Wiz rN++} (You found it on
                  | level 21 of a ziggurat)
 78623 | Zig:22   | Entered Level 22 of a ziggurat
 78642 | Zig:22   | Reached skill level 10 in Ice Magic
 78644 | Zig:22   | Reached skill level 10 in Unarmed Combat
 78677 | Zig:22   | Found the +0 sword of Power
 78705 | Zig:22   | Identified Ymuacov's Catalogue of Weightlessness and
                  | Attacks
 78754 | Zig:23   | Entered Level 23 of a ziggurat
 78806 | Zig:23   | Found the +8 frozen axe "Frostbite" {freezing cloud, *Noise
                  | +Fly rC+}
 78818 | Zig:23   | Identified Sif Muna's Grimoire of the Quantum Birds
 78825 | Zig:23   | Identified Wurat's Advanced Steps in Spellcraft
 78830 | Zig:23   | Got a warped turquoise ring
 78831 | Zig:23   | Identified the ring of Xuyrgh {rElec rF+ rC+ rN+} (You
                  | found it on level 23 of a ziggurat)
 78848 | Zig:23   | Identified the cursed +0 pair of gloves "Cientuv" {Dex+7}
                  | (You found it on level 23 of a ziggurat)
 78866 | Zig:24   | Entered Level 24 of a ziggurat
 78930 | Zig:24   | Identified the +3 pair of boots of Zin's Hope {-Tele rElec
                  | rC+++ Stlth-} (You found it on level 24 of a ziggurat)
 78974 | Zig:25   | Entered Level 25 of a ziggurat
 79002 | Zig:25   | Noticed an ancient lich
 79006 | Zig:25   | Killed an ancient lich
 79010 | Zig:25   | Noticed an ancient lich
 79013 | Zig:25   | Killed an ancient lich
 79013 | Zig:25   | Noticed an ancient lich
 79017 | Zig:25   | Killed an ancient lich
 79021 | Zig:25   | Noticed an ancient lich
 79023 | Zig:25   | Killed an ancient lich
 79078 | Zig:25   | Got a smoking platinum ring
 79079 | Zig:25   | Identified the ring "Poopneum" {+Inv rN++ MR+ Int-4 SInv}
                  | (You found it on level 25 of a ziggurat)
 79096 | Zig:25   | Got a sparkling marble ring
 79097 | Zig:25   | Identified the ring of Reimbursement {Dex+3 Stlth+} (You
                  | found it on level 25 of a ziggurat)
 79114 | Zig:26   | Entered Level 26 of a ziggurat
 79135 | Zig:26   | Reached skill level 15 in Unarmed Combat
 79135 | Zig:26   | Reached skill level 15 in Ice Magic
 79155 | Zig:26   | Reached skill level 27 in Fighting
 79175 | Zig:26   | Identified Sif Muna's Catalogue of Evil Rituals and the
                  | Frostbite
 79211 | Zig:26   | Identified Allael's Papyrus of Mutagenic Flames
 79224 | Zig:26   | Identified the Grimoire of Flamy Intoxication
 79240 | Zig:26   | Reached skill level 10 in Axes
 79253 | Zig:27   | Entered Level 27 of a ziggurat
 79350 | Zig:27   | Identified the Guide on Evil and Stones
 79357 | Zig:27   | Identified the Grimoire of the Unstable Snowflakes
 79368 | Depths:5 | Upgraded the game from 0.23-a0-642-g3120c2f to
                  | 0.23-a0-643-g9ccc95a
 80740 | Zig:1    | Entered Level 1 of a ziggurat
 80763 | Zig:2    | Entered Level 2 of a ziggurat
 80806 | Zig:3    | Entered Level 3 of a ziggurat
 80806 | Zig:3    | Found the ring of Robustness {AC+8}
 80807 | Zig:3    | Reached skill level 15 in Axes
 80836 | Zig:4    | Entered Level 4 of a ziggurat
 80862 | Zig:5    | Entered Level 5 of a ziggurat
 80911 | Zig:6    | Entered Level 6 of a ziggurat
 80922 | Zig:6    | Found the +8 arc blade {discharge, rElec}
 80934 | Zig:6    | Identified the +1 robe of the Known World {-Cast rElec rC+
                  | MP+9} (You found it on level 6 of a ziggurat)
 80964 | Zig:7    | Entered Level 7 of a ziggurat
 80967 | Zig:7    | Noticed an ancient lich
 80968 | Zig:7    | Noticed an ancient lich
 80969 | Zig:7    | Killed an ancient lich
 80969 | Zig:7    | Killed an ancient lich
 80970 | Zig:7    | Killed an ancient lich
 80971 | Zig:7    | Noticed an ancient lich
 80972 | Zig:7    | Killed an ancient lich
 81012 | Zig:8    | Entered Level 8 of a ziggurat
 81050 | Zig:8    | Got a warped brass ring
 81051 | Zig:8    | Identified the cursed ring of Hukojilo {AC-2 Int+4} (You
                  | found it on level 8 of a ziggurat)
 81072 | Zig:9    | Entered Level 9 of a ziggurat
 81093 | Zig:9    | Found the ring of Shadows {Umbra +Inv Stlth+}
 81101 | Zig:9    | Identified the Guide on Cold
 81105 | Zig:9    | Got a pitted bone amulet
 81106 | Zig:9    | Identified the amulet "Pumefrul" {*Drain +Rage Str+5} (You
                  | found it on level 9 of a ziggurat)
 81138 | Zig:10   | Entered Level 10 of a ziggurat
 81189 | Zig:10   | Paralysed by accursed screaming for 2 turns
 81237 | Zig:10   | Got a bound platinum ring
 81240 | Zig:10   | Identified the ring "Fisoi" {rN+ Dex+3} (You found it on
                  | level 10 of a ziggurat)
 81256 | Zig:11   | Entered Level 11 of a ziggurat
 81271 | Zig:11   | Found the +12 Vampire's Tooth {vamp}
 81298 | Zig:11   | Got a clouded bone amulet
 81299 | Zig:11   | Identified the amulet "Ykkomyawk" {Reflect rF+ rN+++ Str+3
                  | SH+3 Stlth-} (You found it on level 11 of a ziggurat)
 81311 | Zig:12   | Entered Level 12 of a ziggurat
 81331 | Zig:12   | Found the +10 large shield of Ignorance {rN+ Int-4}
 81385 | Zig:13   | Entered Level 13 of a ziggurat
 81433 | Zig:14   | Entered Level 14 of a ziggurat
 81482 | Zig:14   | Identified the Almanac of Destructive Stolen Souls
 81515 | Zig:15   | Entered Level 15 of a ziggurat
 81555 | Zig:15   | Identified the Volume of Fetching Darkness
 81558 | Zig:15   | Identified the +2 cloak of Omission {*Slow rN+ Regen+
                  | Int+5} (You found it on level 15 of a ziggurat)
 81560 | Zig:15   | Got a warped iron amulet
 81561 | Zig:15   | Identified the amulet of Bifix {RegenMP rF++} (You found it
                  | on level 15 of a ziggurat)
 81633 | Zig:16   | Entered Level 16 of a ziggurat
 81639 | Zig:16   | Noticed a greater mummy
 81642 | Zig:16   | Noticed a greater mummy
 81643 | Zig:16   | Noticed a greater mummy
 81644 | Zig:16   | Killed a greater mummy
 81644 | Zig:16   | Noticed a greater mummy
 81644 | Zig:16   | Noticed a greater mummy
 81645 | Zig:16   | Killed a greater mummy
 81646 | Zig:16   | Killed a greater mummy
 81646 | Zig:16   | Killed a greater mummy
 81646 | Zig:16   | Noticed a greater mummy
 81646 | Zig:16   | Noticed a greater mummy
 81648 | Zig:16   | Killed a greater mummy
 81649 | Zig:16   | Noticed a greater mummy
 81650 | Zig:16   | Killed a greater mummy
 81650 | Zig:16   | Killed a greater mummy
 81650 | Zig:16   | Noticed a greater mummy
 81655 | Zig:16   | Killed a greater mummy
 81655 | Zig:16   | Killed a greater mummy
 81657 | Zig:16   | Noticed a greater mummy
 81661 | Zig:16   | Killed a greater mummy
 81680 | Zig:16   | Got a scintillating jade ring
 81681 | Zig:16   | Identified the ring "Xuiwn" {Str+3 Stlth+} (You found it on
                  | level 16 of a ziggurat)
 81691 | Zig:16   | Identified the Tome of Spatial Venom
 81695 | Zig:16   | Identified Synnut Cona's Guide on Calling and Good Luck
 81712 | Zig:17   | Entered Level 17 of a ziggurat
 81754 | Zig:17   | Found the +4 robe of Augmentation {Str+4 Int+4 Dex+4}
 81764 | Zig:17   | Got a flickering platinum ring
 81765 | Zig:17   | Identified the ring "Eboylu Lenul" {Fire *Contam rPois MR+}
                  | (You found it on level 17 of a ziggurat)
 81779 | Zig:17   | Got a heavily runed pewter ring
 81780 | Zig:17   | Identified the ring of Qukky {rC+ Dex+4} (You found it on
                  | level 17 of a ziggurat)
 81839 | Zig:18   | Entered Level 18 of a ziggurat
 81896 | Zig:18   | Paralysed by accursed screaming for 2 turns
 81902 | Zig:18   | Paralysed by accursed screaming for 2 turns
 81906 | Zig:18   | Paralysed by accursed screaming for 2 turns
 81909 | Zig:18   | Paralysed by accursed screaming for 2 turns
 81919 | Zig:18   | Paralysed by accursed screaming for 2 turns
 81964 | Zig:18   | Identified Pohonure's Compendium of Scorching Creation
 81984 | Zig:18   | Identified the Reference Book on Poisoning and Attacks
 82002 | Zig:19   | Entered Level 19 of a ziggurat
 82019 | Zig:19   | Noticed an ancient lich
 82020 | Zig:19   | Noticed an ancient lich
 82023 | Zig:19   | Killed an ancient lich
 82023 | Zig:19   | Killed an ancient lich
 82033 | Zig:19   | Noticed an ancient lich
 82035 | Zig:19   | Killed an ancient lich
 82074 | Zig:19   | Got a vibrating bronze ring
 82075 | Zig:19   | Identified the ring of Wonder {Int+4 Dex+2} (You found it
                  | on level 19 of a ziggurat)
 82112 | Zig:20   | Entered Level 20 of a ziggurat
 82119 | Zig:20   | Noticed a juggernaut
 82123 | Zig:20   | Killed a juggernaut
 82131 | Zig:20   | Noticed a juggernaut
 82136 | Zig:20   | Killed a juggernaut
 82143 | Zig:20   | Noticed a juggernaut
 82143 | Zig:20   | Killed a juggernaut
 82169 | Zig:20   | Identified the ring "Haumosm" {rElec rF+ MP+9} (You found
                  | it on level 20 of a ziggurat)
 82190 | Zig:20   | Identified the cursed ring of the Duke {*Contam AC-3 Int+5}
                  | (You found it on level 20 of a ziggurat)
 82203 | Zig:21   | Entered Level 21 of a ziggurat
 82250 | Zig:21   | Found the +7 mace of Variability {chain chaos}
 82275 | Zig:21   | Identified the Reference Book on Blistering Lightness
 82278 | Zig:21   | Identified the +0 pair of boots of Twilight {-Cast *Drain
                  | rPois Int+9} (You found it on level 21 of a ziggurat)
 82314 | Zig:22   | Entered Level 22 of a ziggurat
 82329 | Zig:22   | Noticed a juggernaut
 82329 | Zig:22   | Noticed a juggernaut
 82332 | Zig:22   | Killed a juggernaut
 82333 | Zig:22   | Killed a juggernaut
 82336 | Zig:22   | Noticed a juggernaut
 82336 | Zig:22   | Noticed a juggernaut
 82338 | Zig:22   | Killed a juggernaut
 82340 | Zig:22   | Killed a juggernaut
 82368 | Zig:22   | Got a pitted iron ring
 82369 | Zig:22   | Identified the ring "Hapt" {*Slow rC+ MP+9 Slay+3 SInv}
                  | (You found it on level 22 of a ziggurat)
 82372 | Zig:22   | Got a coiled silver ring
 82373 | Zig:22   | Identified the ring of Cheibriados's Hope {rC+ Str+3 Dex+3}
                  | (You found it on level 22 of a ziggurat)
 82382 | Zig:22   | Identified the Collected Works on Evil and Execration
 82404 | Zig:23   | Entered Level 23 of a ziggurat
 82468 | Zig:23   | Identified the Collected Works on Creative Earth
 82496 | Zig:23   | Identified the +1 pair of gloves "Xerphep" {rElec rPois rF+
                  | Slay+2} (You acquired it on level 23 of a ziggurat)
 82503 | Zig:23   | Got a clouded ivory ring
 82504 | Zig:23   | Identified the ring "Hiumnop" {rCorr rF+ rC- SInv Stlth+}
                  | (You found it on level 23 of a ziggurat)
 82524 | Zig:24   | Entered Level 24 of a ziggurat
 82590 | Zig:24   | Found the +2 hat of the Bear Spirit {Spirit, +Rage rN+
                  | MR++}
 82605 | Zig:24   | Identified the +2 pair of boots "Zohe" {rElec} (You found
                  | it on level 24 of a ziggurat)
 82612 | Zig:24   | Identified the Volume of the Ashen Snowflakes
 82617 | Zig:24   | Identified the Compendium of Unstable Lightness
 82621 | Zig:24   | Identified Ehotamom's Volume of Cloudy Augmentations
 82624 | Zig:24   | Got a wavering silver amulet
 82625 | Zig:24   | Identified the amulet "Cuzout" {Inacc rF+ Str+4} (You found
                  | it on level 24 of a ziggurat)
 82641 | Zig:25   | Entered Level 25 of a ziggurat
 82649 | Zig:25   | Noticed a greater mummy
 82649 | Zig:25   | Noticed a greater mummy
 82651 | Zig:25   | Noticed a greater mummy
 82652 | Zig:25   | Noticed a greater mummy
 82652 | Zig:25   | Noticed a greater mummy
 82654 | Zig:25   | Killed a greater mummy
 82654 | Zig:25   | Noticed a greater mummy
 82655 | Zig:25   | Killed a greater mummy
 82655 | Zig:25   | Killed a greater mummy
 82655 | Zig:25   | Killed a greater mummy
 82655 | Zig:25   | Killed a greater mummy
 82656 | Zig:25   | Noticed a greater mummy
 82656 | Zig:25   | Noticed a greater mummy
 82657 | Zig:25   | Noticed a greater mummy
 82657 | Zig:25   | Noticed a greater mummy
 82658 | Zig:25   | Noticed a greater mummy
 82659 | Zig:25   | Killed a greater mummy
 82659 | Zig:25   | Noticed a greater mummy
 82659 | Zig:25   | Noticed a greater mummy
 82660 | Zig:25   | Killed a greater mummy
 82660 | Zig:25   | Killed a greater mummy
 82660 | Zig:25   | Killed a greater mummy
 82660 | Zig:25   | Noticed a greater mummy
 82661 | Zig:25   | Noticed a greater mummy
 82662 | Zig:25   | Killed a greater mummy
 82662 | Zig:25   | Killed a greater mummy
 82662 | Zig:25   | Noticed a greater mummy
 82662 | Zig:25   | Noticed a greater mummy
 82662 | Zig:25   | Noticed a greater mummy
 82662 | Zig:25   | Noticed a greater mummy
 82662 | Zig:25   | Noticed a greater mummy
 82662 | Zig:25   | Noticed a greater mummy
 82662 | Zig:25   | Noticed a greater mummy
 82663 | Zig:25   | Killed a greater mummy
 82663 | Zig:25   | Killed a greater mummy
 82663 | Zig:25   | Killed a greater mummy
 82665 | Zig:25   | Killed a greater mummy
 82665 | Zig:25   | Killed a greater mummy
 82665 | Zig:25   | Killed a greater mummy
 82665 | Zig:25   | Killed a greater mummy
 82666 | Zig:25   | Killed a greater mummy
 82666 | Zig:25   | Reached skill level 27 in Axes
 82666 | Zig:25   | Killed a greater mummy
 82666 | Zig:25   | Killed a greater mummy
 82666 | Zig:25   | Killed a greater mummy
 82666 | Zig:25   | Noticed a greater mummy
 82667 | Zig:25   | Noticed a greater mummy
 82668 | Zig:25   | Noticed a greater mummy
 82668 | Zig:25   | Noticed a greater mummy
 82668 | Zig:25   | Noticed a greater mummy
 82669 | Zig:25   | Noticed a greater mummy
 82669 | Zig:25   | Noticed a greater mummy
 82670 | Zig:25   | Killed a greater mummy
 82671 | Zig:25   | Killed a greater mummy
 82671 | Zig:25   | Killed a greater mummy
 82671 | Zig:25   | Killed a greater mummy
 82671 | Zig:25   | Killed a greater mummy
 82671 | Zig:25   | Noticed a greater mummy
 82672 | Zig:25   | Killed a greater mummy
 82672 | Zig:25   | Killed a greater mummy
 82675 | Zig:25   | Killed a greater mummy
 82695 | Zig:25   | Found the ring of the Octopus King
 82710 | Zig:25   | Got a ring of the Octopus King
 82728 | Zig:25   | Identified the Collected Works on the Rocks and Summoning
 82741 | Zig:25   | Got a vibrating granite ring
 82742 | Zig:25   | Identified the ring of Odaba {*Corrode rF+ rC+++ MP+9
                  | Dex+3} (You found it on level 25 of a ziggurat)
 82756 | Zig:26   | Entered Level 26 of a ziggurat
 82828 | Zig:26   | Identified the Grimoire of Nocuous Evil Rituals
 82845 | Zig:26   | Identified the Handbook of Transmutation
 82878 | Zig:27   | Entered Level 27 of a ziggurat
 82888 | Zig:27   | Noticed a greater mummy
 82892 | Zig:27   | Noticed a greater mummy
 82893 | Zig:27   | Killed a greater mummy
 82893 | Zig:27   | Reached skill level 1 in Hexes
 82893 | Zig:27   | Reached skill level 1 in Summonings
 82894 | Zig:27   | Noticed a greater mummy
 82895 | Zig:27   | Killed a greater mummy
 82895 | Zig:27   | Noticed a greater mummy
 82897 | Zig:27   | Noticed a greater mummy
 82897 | Zig:27   | Noticed a greater mummy
 82897 | Zig:27   | Noticed a greater mummy
 82897 | Zig:27   | Noticed a greater mummy
 82898 | Zig:27   | Killed a greater mummy
 82899 | Zig:27   | Noticed a greater mummy
 82899 | Zig:27   | Noticed a greater mummy
 82900 | Zig:27   | Killed a greater mummy
 82900 | Zig:27   | Reached skill level 5 in Summonings
 82900 | Zig:27   | Killed a greater mummy
 82900 | Zig:27   | Reached skill level 5 in Hexes
 82900 | Zig:27   | Noticed a greater mummy
 82900 | Zig:27   | Noticed a greater mummy
 82900 | Zig:27   | Noticed a greater mummy
 82902 | Zig:27   | Killed a greater mummy
 82902 | Zig:27   | Killed a greater mummy
 82902 | Zig:27   | Killed a greater mummy
 82903 | Zig:27   | Killed a greater mummy
 82903 | Zig:27   | Killed a greater mummy
 82903 | Zig:27   | Noticed a greater mummy
 82904 | Zig:27   | Killed a greater mummy
 82904 | Zig:27   | Killed a greater mummy
 82904 | Zig:27   | Killed a greater mummy
 82904 | Zig:27   | Noticed a greater mummy
 82905 | Zig:27   | Noticed a greater mummy
 82905 | Zig:27   | Noticed a greater mummy
 82906 | Zig:27   | Noticed a greater mummy
 82907 | Zig:27   | Killed a greater mummy
 82907 | Zig:27   | Killed a greater mummy
 82907 | Zig:27   | Killed a greater mummy
 82908 | Zig:27   | Noticed a greater mummy
 82908 | Zig:27   | Noticed a greater mummy
 82909 | Zig:27   | Killed a greater mummy
 82910 | Zig:27   | Killed a greater mummy
 82910 | Zig:27   | Noticed a greater mummy
 82910 | Zig:27   | Noticed a greater mummy
 82910 | Zig:27   | Noticed a greater mummy
 82911 | Zig:27   | Noticed a greater mummy
 82913 | Zig:27   | Killed a greater mummy
 82913 | Zig:27   | Reached skill level 10 in Hexes
 82913 | Zig:27   | Reached skill level 10 in Summonings
 82913 | Zig:27   | Killed a greater mummy
 82914 | Zig:27   | Killed a greater mummy
 82914 | Zig:27   | Killed a greater mummy
 82914 | Zig:27   | Killed a greater mummy
 82914 | Zig:27   | Killed a greater mummy
 82937 | Zig:27   | Found the +6 lightning scales {run, rElec}
 82945 | Zig:27   | Identified the cursed +0 cloak "Exe Fit" {rN+ Int+4} (You
                  | found it on level 27 of a ziggurat)
 82963 | Zig:27   | Identified the Tome of Talismans and Clay
 83024 | Zig:1    | Entered Level 1 of a ziggurat
 83039 | Zig:2    | Entered Level 2 of a ziggurat
 83072 | Zig:3    | Entered Level 3 of a ziggurat
 83093 | Zig:4    | Entered Level 4 of a ziggurat
 83095 | Zig:4    | Noticed Saahievo the pandemonium lord
 83095 | Zig:4    | Noticed Byddiof the pandemonium lord
 83097 | Zig:4    | Killed Saahievo the pandemonium lord
 83099 | Zig:4    | Killed Byddiof the pandemonium lord
 83113 | Zig:4    | Got an ancient bone ring
 83123 | Zig:4    | Identified the ring of Ascent {Str+2 Slay+3} (You found it
                  | on level 4 of a ziggurat)
 83149 | Zig:5    | Entered Level 5 of a ziggurat
 83196 | Zig:6    | Entered Level 6 of a ziggurat
 83198 | Zig:6    | Noticed a greater mummy
 83198 | Zig:6    | Noticed a greater mummy
 83200 | Zig:6    | Killed a greater mummy
 83200 | Zig:6    | Reached skill level 27 in Earth Magic
 83201 | Zig:6    | Noticed a greater mummy
 83202 | Zig:6    | Noticed a greater mummy
 83203 | Zig:6    | Killed a greater mummy
 83205 | Zig:6    | Killed a greater mummy
 83206 | Zig:6    | Killed a greater mummy
 83224 | Zig:6    | Identified the Reference Book on Glacial Weightlessness
 83233 | Zig:6    | Got a warped lead ring
 83234 | Zig:6    | Identified the ring "Vurestruf" {+Fly rPois rC+ Int+4} (You
                  | found it on level 6 of a ziggurat)
 83243 | Zig:6    | Got a flickering platinum ring
 83244 | Zig:6    | Identified the ring "Naollahapn" {+Blink rPois Str+4 Int+3
                  | Stlth-} (You found it on level 6 of a ziggurat)
 83255 | Zig:7    | Entered Level 7 of a ziggurat
 83318 | Zig:8    | Entered Level 8 of a ziggurat
 83336 | Zig:8    | Found the +2 Maxwell's thermic engine {flame, freeze}
 83351 | Zig:8    | Identified the Volume of Frigorific Air
 83370 | Zig:9    | Entered Level 9 of a ziggurat
 83372 | Zig:9    | Noticed a greater mummy
 83373 | Zig:9    | Noticed a greater mummy
 83377 | Zig:9    | Killed a greater mummy
 83379 | Zig:9    | Killed a greater mummy
 83380 | Zig:9    | Noticed a greater mummy
 83381 | Zig:9    | Noticed a greater mummy
 83384 | Zig:9    | Killed a greater mummy
 83386 | Zig:9    | Killed a greater mummy
 83393 | Zig:9    | Found the +6 shillelagh "Devastator" {shatter}
 83420 | Zig:10   | Entered Level 10 of a ziggurat
 83436 | Zig:10   | Reached skill level 15 in Hexes
 83441 | Zig:10   | Reached skill level 15 in Summonings
 83486 | Zig:11   | Entered Level 11 of a ziggurat
 83510 | Zig:11   | Got a crude lapis lazuli ring
 83511 | Zig:11   | Identified the ring "Weutit" {*Contam +Inv rN+ Dex+6} (You
                  | found it on level 11 of a ziggurat)
 83530 | Zig:12   | Entered Level 12 of a ziggurat
 83534 | Zig:12   | Noticed a greater mummy
 83534 | Zig:12   | Noticed a greater mummy
 83536 | Zig:12   | Noticed a greater mummy
 83537 | Zig:12   | Noticed a greater mummy
 83538 | Zig:12   | Killed a greater mummy
 83538 | Zig:12   | Reached skill level 27 in Ice Magic
 83538 | Zig:12   | Killed a greater mummy
 83540 | Zig:12   | Killed a greater mummy
 83541 | Zig:12   | Noticed a greater mummy
 83541 | Zig:12   | Noticed a greater mummy
 83541 | Zig:12   | Noticed a greater mummy
 83542 | Zig:12   | Killed a greater mummy
 83542 | Zig:12   | Noticed a greater mummy
 83543 | Zig:12   | Noticed a greater mummy
 83544 | Zig:12   | Killed a greater mummy
 83544 | Zig:12   | Killed a greater mummy
 83544 | Zig:12   | Noticed a greater mummy
 83545 | Zig:12   | Killed a greater mummy
 83545 | Zig:12   | Reached skill level 27 in Air Magic
 83545 | Zig:12   | Noticed a greater mummy
 83545 | Zig:12   | Noticed a greater mummy
 83547 | Zig:12   | Killed a greater mummy
 83547 | Zig:12   | Killed a greater mummy
 83548 | Zig:12   | Killed a greater mummy
 83550 | Zig:12   | Killed a greater mummy
 83550 | Zig:12   | Killed a greater mummy
 83574 | Zig:12   | Got a glittering golden ring
 83575 | Zig:12   | Identified the ring "Wid Toku" {rElec rPois rF+ MR- SInv}
                  | (You found it on level 12 of a ziggurat)
 83600 | Zig:13   | Entered Level 13 of a ziggurat
 83678 | Zig:14   | Entered Level 14 of a ziggurat
 83699 | Zig:14   | Noticed Yjuan the pandemonium lord
 83704 | Zig:14   | Killed Yjuan the pandemonium lord
 83723 | Zig:14   | Got an ancient silver ring
 83724 | Zig:14   | Identified the ring "Ifiliun" {+Inv MR+ SInv} (You found it
                  | on level 14 of a ziggurat)
 83740 | Zig:14   | Identified the Tome of Creative Displacement
 83751 | Zig:15   | Entered Level 15 of a ziggurat
 83789 | Zig:15   | Identified the Grimoire of Dusty Contamination
 83796 | Zig:15   | Got a twitching lead ring
 83797 | Zig:15   | Identified the ring of the Forsaken Beggars {rN+ MR+ Str+3
                  | Stlth+} (You found it on level 15 of a ziggurat)
 83862 | Zig:16   | Entered Level 16 of a ziggurat
 83946 | Zig:17   | Entered Level 17 of a ziggurat
 83953 | Zig:17   | Noticed an ancient lich
 83954 | Zig:17   | Noticed an ancient lich
 83955 | Zig:17   | Killed an ancient lich
 83956 | Zig:17   | Killed an ancient lich
 83966 | Zig:17   | Noticed an ancient lich
 83966 | Zig:17   | Noticed an ancient lich
 83968 | Zig:17   | Killed an ancient lich
 83969 | Zig:17   | Killed an ancient lich
 83973 | Zig:17   | Noticed an ancient lich
 83977 | Zig:17   | Noticed an ancient lich
 83978 | Zig:17   | Killed an ancient lich
 83980 | Zig:17   | Noticed an ancient lich
 83981 | Zig:17   | Killed an ancient lich
 83983 | Zig:17   | Killed an ancient lich
 83984 | Zig:17   | Noticed an ancient lich
 83986 | Zig:17   | Killed an ancient lich
 84001 | Zig:17   | Found the ring of the Octopus King
 84001 | Zig:17   | Found the cursed +14 obsidian axe {chop, +Fly SInv *Curse}
 84003 | Zig:17   | Found the ring of the Mage {Wiz MR++ Int+3}
 84004 | Zig:17   | Found the +0 pair of fencer's gloves {Riposte Dex+3}
 84011 | Zig:17   | Got a ring of the Octopus King
 84045 | Zig:17   | Identified the Handbook of Entrancing Confrontation
 84064 | Zig:17   | Identified Gaudular's Collected Works on Lucky Envenoming
 84078 | Zig:18   | Entered Level 18 of a ziggurat
 84195 | Zig:18   | Reached skill level 27 in Throwing
 84304 | Zig:18   | Identified the Reference Book on the Compass and Protection
 84312 | Zig:18   | Identified the Tome of Supportive Conjuration
 84315 | Zig:18   | Identified the +0 pair of gloves of Death Resistance {rF+
                  | rC+ Int-4} (You found it on level 18 of a ziggurat)
 84334 | Zig:19   | Entered Level 19 of a ziggurat
 84340 | Zig:19   | Noticed a greater mummy
 84343 | Zig:19   | Noticed a greater mummy
 84344 | Zig:19   | Noticed a greater mummy
 84345 | Zig:19   | Killed a greater mummy
 84345 | Zig:19   | Noticed a greater mummy
 84346 | Zig:19   | Noticed a greater mummy
 84346 | Zig:19   | Noticed a greater mummy
 84346 | Zig:19   | Noticed a greater mummy
 84347 | Zig:19   | Noticed a greater mummy
 84347 | Zig:19   | Noticed a greater mummy
 84348 | Zig:19   | Killed a greater mummy
 84348 | Zig:19   | Noticed a greater mummy
 84349 | Zig:19   | Killed a greater mummy
 84349 | Zig:19   | Reached skill level 27 in Dodging
 84349 | Zig:19   | Killed a greater mummy
 84349 | Zig:19   | Killed a greater mummy
 84350 | Zig:19   | Noticed a greater mummy
 84350 | Zig:19   | Noticed a greater mummy
 84350 | Zig:19   | Killed a greater mummy
 84350 | Zig:19   | Killed a greater mummy
 84350 | Zig:19   | Noticed a greater mummy
 84351 | Zig:19   | Killed a greater mummy
 84351 | Zig:19   | Noticed a greater mummy
 84351 | Zig:19   | Noticed a greater mummy
 84353 | Zig:19   | Killed a greater mummy
 84353 | Zig:19   | Killed a greater mummy
 84353 | Zig:19   | Killed a greater mummy
 84353 | Zig:19   | Killed a greater mummy
 84354 | Zig:19   | Noticed a greater mummy
 84355 | Zig:19   | Killed a greater mummy
 84355 | Zig:19   | Killed a greater mummy
 84356 | Zig:19   | Killed a greater mummy
 84357 | Zig:19   | Killed a greater mummy
 84362 | Zig:19   | Noticed a greater mummy
 84363 | Zig:19   | Noticed a greater mummy
 84365 | Zig:19   | Killed a greater mummy
 84366 | Zig:19   | Killed a greater mummy
 84366 | Zig:19   | Noticed a greater mummy
 84368 | Zig:19   | Noticed a greater mummy
 84370 | Zig:19   | Killed a greater mummy
 84370 | Zig:19   | Reached skill level 27 in Armour
 84370 | Zig:19   | Killed a greater mummy
 84370 | Zig:19   | Reached skill level 1 in Charms
 84377 | Zig:19   | Found the +8 demon blade "Bloodbane" {slice, *Rage +Rage
                  | Stlth-}
 84387 | Zig:19   | Got a wavering amber ring
 84388 | Zig:19   | Identified the ring of the Lich-sworn {*Drain +Fly rF+ rN+
                  | MR+} (You found it on level 19 of a ziggurat)
 84400 | Zig:19   | Got a heavily runed bronze ring
 84401 | Zig:19   | Identified the ring "Wunaan" {rF+ rC+ Slay+2} (You found it
                  | on level 19 of a ziggurat)
 84405 | Zig:19   | Identified the +4 shield of the Cuttlefish {Dex+3} (You
                  | found it on level 19 of a ziggurat)
 84450 | Zig:19   | Identified the +11 broad axe of the Peculiar Gods {chop,
                  | *Noise *Slow rC+++ rN+++} (You found it on level 19 of a
                  | ziggurat)
 84463 | Zig:20   | Entered Level 20 of a ziggurat
 84524 | Zig:20   | Found the +6 Majin-Bo {vamp, Archmagi MP+6 Int+6}
 84525 | Zig:20   | Found the ring of Phasing {EV+8}
 84533 | Zig:20   | Identified the +1 buckler of Ongich Puopt {*Contam +Inv
                  | Dex+6} (You found it on level 20 of a ziggurat)
 84556 | Zig:20   | Got a scintillating emerald amulet
 84557 | Zig:20   | Identified the amulet "Ofriob" {+Inv rF+++ Regen+ Int+4}
                  | (You found it on level 20 of a ziggurat)
 84571 | Zig:20   | Identified the +1 pair of boots of Sunimem {-Cast rN+++
                  | Dex+4} (You found it on level 20 of a ziggurat)
 84597 | Zig:21   | Entered Level 21 of a ziggurat
 84607 | Zig:21   | Noticed an ancient lich
 84609 | Zig:21   | Killed an ancient lich
 84616 | Zig:21   | Noticed an ancient lich
 84617 | Zig:21   | Noticed an ancient lich
 84618 | Zig:21   | Killed an ancient lich
 84619 | Zig:21   | Killed an ancient lich
 84620 | Zig:21   | Noticed an ancient lich
 84625 | Zig:21   | Killed an ancient lich
 84625 | Zig:21   | Noticed an ancient lich
 84626 | Zig:21   | Noticed an ancient lich
 84628 | Zig:21   | Killed an ancient lich
 84628 | Zig:21   | Noticed an ancient lich
 84628 | Zig:21   | Noticed an ancient lich
 84630 | Zig:21   | Killed an ancient lich
 84631 | Zig:21   | Killed an ancient lich
 84631 | Zig:21   | Killed an ancient lich
 84632 | Zig:21   | Noticed an ancient lich
 84636 | Zig:21   | Killed an ancient lich
 84718 | Zig:21   | Got a smoking bone ring
 84719 | Zig:21   | Identified the ring of Hustaph {rF+ rC++ Stlth-} (You found
                  | it on level 21 of a ziggurat)
 84740 | Zig:22   | Entered Level 22 of a ziggurat
 84843 | Zig:22   | Got a sparkling golden amulet
 84844 | Zig:22   | Identified the amulet of the Evening {Gourm rPois rF+ Str-4
                  | Stlth+} (You found it on level 22 of a ziggurat)
 84855 | Zig:22   | Got a translucent jade ring
 84856 | Zig:22   | Identified the ring "Woygaph" {+Inv rC+ rN+ MP+9 Int-5}
                  | (You found it on level 22 of a ziggurat)
 84894 | Zig:23   | Entered Level 23 of a ziggurat
 84908 | Zig:23   | Noticed a juggernaut
 84909 | Zig:23   | Noticed a juggernaut
 84910 | Zig:23   | Noticed a juggernaut
 84912 | Zig:23   | Killed a juggernaut
 84912 | Zig:23   | Killed a juggernaut
 84913 | Zig:23   | Killed a juggernaut
 84914 | Zig:23   | Noticed a juggernaut
 84916 | Zig:23   | Noticed a juggernaut
 84917 | Zig:23   | Killed a juggernaut
 84918 | Zig:23   | Noticed a juggernaut
 84919 | Zig:23   | Noticed a juggernaut
 84921 | Zig:23   | Killed a juggernaut
 84921 | Zig:23   | Noticed a juggernaut
 84921 | Zig:23   | Noticed a juggernaut
 84921 | Zig:23   | Noticed a juggernaut
 84923 | Zig:23   | Killed a juggernaut
 84923 | Zig:23   | Killed a juggernaut
 84924 | Zig:23   | Killed a juggernaut
 84924 | Zig:23   | Killed a juggernaut
 84924 | Zig:23   | Noticed a juggernaut
 84925 | Zig:23   | Noticed a juggernaut
 84925 | Zig:23   | Killed a juggernaut
 84926 | Zig:23   | Noticed a juggernaut
 84926 | Zig:23   | Noticed a juggernaut
 84930 | Zig:23   | Killed a juggernaut
 84930 | Zig:23   | Reached skill level 27 in Shields
 84930 | Zig:23   | Killed a juggernaut
 84931 | Zig:23   | Killed a juggernaut
 84932 | Zig:23   | Killed a juggernaut
 84966 | Zig:23   | Got a crude iron ring
 84967 | Zig:23   | Identified the ring of Jicvi {rElec rF+ rC+++ MR+ Dex-5}
                  | (You found it on level 23 of a ziggurat)
 85000 | Zig:23   | Identified Liffept's Compendium of Arcane Weapons and
                  | Weightlessness
 85008 | Zig:23   | Identified Sif Muna's Collected Works on Poison and
                  | Transmigration
 85023 | Zig:24   | Entered Level 24 of a ziggurat
 85050 | Zig:24   | Reached skill level 5 in Charms
 85101 | Zig:24   | Got a flickering brass ring
 85102 | Zig:24   | Identified the ring of Fuist {rElec rF- rC+++ MP+9 Int+3}
                  | (You found it on level 24 of a ziggurat)
 85122 | Zig:24   | Identified the ring "Zoleijoul" {*Tele +Fly rF+ MR-} (You
                  | found it on level 24 of a ziggurat)
 85154 | Zig:25   | Entered Level 25 of a ziggurat
 85181 | Zig:25   | Noticed Hola Uni the pandemonium lord
 85186 | Zig:25   | Killed Hola Uni the pandemonium lord
 85192 | Zig:25   | Reached skill level 15 in Transmutations
 85323 | Zig:25   | Found the ring of the Octopus King
 85329 | Zig:25   | Identified The Last Tome of the Deep Elf Lorekeeper
 85355 | Zig:25   | Got a ring of the Octopus King
 85360 | Zig:25   | Got a clouded turquoise ring
 85361 | Zig:25   | Identified the ring of the Centipede {rPois rF+ rN++ Str-3}
                  | (You found it on level 25 of a ziggurat)
 85367 | Zig:25   | Identified Sif Muna's Almanac of Stolen Souls and Creation
 85386 | Zig:26   | Entered Level 26 of a ziggurat
 85398 | Zig:26   | Noticed Suivivoss the pandemonium lord
 85400 | Zig:26   | Noticed Saleami the pandemonium lord
 85401 | Zig:26   | Killed Suivivoss the pandemonium lord
 85401 | Zig:26   | Noticed Kedoeryx the pandemonium lord
 85403 | Zig:26   | Killed Kedoeryx the pandemonium lord
 85404 | Zig:26   | Killed Saleami the pandemonium lord
 85404 | Zig:26   | Reached skill level 15 in Staves
 85404 | Zig:26   | Noticed Jeipriho the pandemonium lord
 85406 | Zig:26   | Noticed Wimuysof the pandemonium lord
 85407 | Zig:26   | Noticed Jyerras the pandemonium lord
 85407 | Zig:26   | Noticed Muoggeta the pandemonium lord
 85408 | Zig:26   | Noticed Ikeniestol the pandemonium lord
 85408 | Zig:26   | Noticed Sahah the pandemonium lord
 85411 | Zig:26   | Killed Jeipriho the pandemonium lord
 85417 | Zig:26   | Noticed Edem the pandemonium lord
 85418 | Zig:26   | Noticed Ytoaloin the pandemonium lord
 85422 | Zig:26   | Killed Muoggeta the pandemonium lord
 85422 | Zig:26   | Reached skill level 10 in Charms
 85426 | Zig:26   | Killed Sahah the pandemonium lord
 85428 | Zig:26   | Killed Wimuysof the pandemonium lord
 85429 | Zig:26   | Killed Ytoaloin the pandemonium lord
 85429 | Zig:26   | Killed Jyerras the pandemonium lord
 85430 | Zig:26   | Killed Edem the pandemonium lord
 85430 | Zig:26   | Noticed Hamuk the pandemonium lord
 85430 | Zig:26   | Noticed Uxoq the pandemonium lord
 85432 | Zig:26   | Noticed Firch the pandemonium lord
 85434 | Zig:26   | Noticed Ufryaxta the pandemonium lord
 85436 | Zig:26   | Noticed Vosiynog the pandemonium lord
 85436 | Zig:26   | Noticed Zoutseha the pandemonium lord
 85436 | Zig:26   | Noticed Pyegh the pandemonium lord
 85437 | Zig:26   | Noticed Medilet the pandemonium lord
 85437 | Zig:26   | Noticed Tefog the pandemonium lord
 85438 | Zig:26   | Noticed Siem the pandemonium lord
 85438 | Zig:26   | Killed Uxoq the pandemonium lord
 85439 | Zig:26   | Killed Hamuk the pandemonium lord
 85441 | Zig:26   | Noticed Xemuir the pandemonium lord
 85441 | Zig:26   | Noticed Duacien the pandemonium lord
 85442 | Zig:26   | Noticed Xoarer the pandemonium lord
 85442 | Zig:26   | Noticed Vorr the pandemonium lord
 85445 | Zig:26   | Noticed Tigimoem the pandemonium lord
 85445 | Zig:26   | Noticed Dicaaguc the pandemonium lord
 85446 | Zig:26   | Noticed Faetzex the pandemonium lord
 85447 | Zig:26   | Noticed Zuocef the pandemonium lord
 85447 | Zig:26   | Noticed Rufougoe the pandemonium lord
 85447 | Zig:26   | Noticed Myocif the pandemonium lord
 85448 | Zig:26   | Noticed Joduhu the pandemonium lord
 85448 | Zig:26   | Noticed Ytanidyi the pandemonium lord
 85448 | Zig:26   | Noticed Leocsat the pandemonium lord
 85450 | Zig:26   | Noticed Vyhieh the pandemonium lord
 85454 | Zig:26   | Killed Firch the pandemonium lord
 85456 | Zig:26   | Killed Zoutseha the pandemonium lord
 85457 | Zig:26   | Killed Duacien the pandemonium lord
 85458 | Zig:26   | Noticed Bopyar Zyung the pandemonium lord
 85459 | Zig:26   | Killed Vyhieh the pandemonium lord
 85460 | Zig:26   | Killed Dicaaguc the pandemonium lord
 85460 | Zig:26   | Killed Faetzex the pandemonium lord
 85460 | Zig:26   | Noticed Mudahoh the pandemonium lord
 85461 | Zig:26   | Killed Ufryaxta the pandemonium lord
 85466 | Zig:26   | Killed Mudahoh the pandemonium lord
 85469 | Zig:26   | Killed Bopyar Zyung the pandemonium lord
 85469 | Zig:26   | Noticed Giob the pandemonium lord
 85471 | Zig:26   | Noticed Xoept the pandemonium lord
 85472 | Zig:26   | Killed Medilet the pandemonium lord
 85472 | Zig:26   | Noticed Meas the pandemonium lord
 85473 | Zig:26   | Killed Giob the pandemonium lord
 85474 | Zig:26   | Killed Vorr the pandemonium lord
 85474 | Zig:26   | Killed Meas the pandemonium lord
 85475 | Zig:26   | Killed Xoept the pandemonium lord
 85475 | Zig:26   | Noticed Nuus the pandemonium lord
 85476 | Zig:26   | Noticed Siamm the pandemonium lord
 85476 | Zig:26   | Noticed Osysorre the pandemonium lord
 85477 | Zig:26   | Killed Nuus the pandemonium lord
 85477 | Zig:26   | Noticed Omyus the pandemonium lord
 85478 | Zig:26   | Killed Leocsat the pandemonium lord
 85478 | Zig:26   | Noticed Zeuras the pandemonium lord
 85478 | Zig:26   | Noticed Bolis the pandemonium lord
 85479 | Zig:26   | Noticed Yfusakk the pandemonium lord
 85480 | Zig:26   | Killed Tigimoem the pandemonium lord
 85480 | Zig:26   | Killed Osysorre the pandemonium lord
 85480 | Zig:26   | Killed Pyegh the pandemonium lord
 85480 | Zig:26   | Killed Omyus the pandemonium lord
 85480 | Zig:26   | Noticed Dianikla the pandemonium lord
 85480 | Zig:26   | Noticed Tein the pandemonium lord
 85481 | Zig:26   | Noticed Tarasuk the pandemonium lord
 85481 | Zig:26   | Killed Bolis the pandemonium lord
 85481 | Zig:26   | Killed Joduhu the pandemonium lord
 85482 | Zig:26   | Killed Ikeniestol the pandemonium lord
 85482 | Zig:26   | Killed Yfusakk the pandemonium lord
 85482 | Zig:26   | Killed Dianikla the pandemonium lord
 85482 | Zig:26   | Killed Rufougoe the pandemonium lord
 85483 | Zig:26   | Noticed Ushroink the pandemonium lord
 85484 | Zig:26   | Killed Tarasuk the pandemonium lord
 85484 | Zig:26   | Noticed Jafumy the pandemonium lord
 85485 | Zig:26   | Killed Tein the pandemonium lord
 85485 | Zig:26   | Killed Siamm the pandemonium lord
 85485 | Zig:26   | Killed Myocif the pandemonium lord
 85485 | Zig:26   | Noticed Feydghaog the pandemonium lord
 85486 | Zig:26   | Killed Vosiynog the pandemonium lord
 85487 | Zig:26   | Noticed Nukip the pandemonium lord
 85488 | Zig:26   | Killed Zeuras the pandemonium lord
 85488 | Zig:26   | Killed Feydghaog the pandemonium lord
 85488 | Zig:26   | Killed Siem the pandemonium lord
 85488 | Zig:26   | Killed Jafumy the pandemonium lord
 85489 | Zig:26   | Noticed Hatiufit the pandemonium lord
 85490 | Zig:26   | Noticed Ockuiwagg the pandemonium lord
 85490 | Zig:26   | Killed Tefog the pandemonium lord
 85491 | Zig:26   | Killed Ushroink the pandemonium lord
 85492 | Zig:26   | Killed Xemuir the pandemonium lord
 85493 | Zig:26   | Killed Zuocef the pandemonium lord
 85493 | Zig:26   | Killed Ytanidyi the pandemonium lord
 85493 | Zig:26   | Killed Xoarer the pandemonium lord
 85493 | Zig:26   | Noticed Awalatoh the pandemonium lord
 85494 | Zig:26   | Killed Nukip the pandemonium lord
 85494 | Zig:26   | Noticed Nifeef the pandemonium lord
 85495 | Zig:26   | Noticed Sobloom the pandemonium lord
 85495 | Zig:26   | Noticed Quwif the pandemonium lord
 85496 | Zig:26   | Killed Ockuiwagg the pandemonium lord
 85496 | Zig:26   | Killed Hatiufit the pandemonium lord
 85496 | Zig:26   | Noticed Faquarebi the pandemonium lord
 85497 | Zig:26   | Killed Awalatoh the pandemonium lord
 85497 | Zig:26   | Killed Nifeef the pandemonium lord
 85499 | Zig:26   | Killed Quwif the pandemonium lord
 85500 | Zig:26   | Killed Sobloom the pandemonium lord
 85501 | Zig:26   | Killed Faquarebi the pandemonium lord
 85560 | Zig:26   | Identified the cursed +3 broad axe "Yfunolav" {freeze,
                  | -Tele rElec rC+ Dex+5} (You found it on level 26 of a
                  | ziggurat)
 85567 | Zig:26   | Identified Sif Muna's Incunabulum of Shifting Earth
 85634 | Zig:26   | Lost mutation: Armour fits poorly on your strangely shaped
                  | body. [potion of mutation]
 85634 | Zig:26   | Gained mutation: You are occasionally teleported next to
                  | monsters. [potion of mutation]
 85634 | Zig:26   | Gained mutation: You passively map a small area around you.
                  | [potion of mutation]
 85634 | Zig:26   | Gained mutation: You expend magic power (3 MP) to
                  | strengthen your wands. [potion of mutation]
 85635 | Zig:26   | Lost mutation: You passively map a small area around you.
                  | [potion of mutation]
 85635 | Zig:26   | Lost mutation: You expend magic power (3 MP) to strengthen
                  | your wands. [potion of mutation]
 85635 | Zig:26   | Lost mutation: You are occasionally teleported next to
                  | monsters. [potion of mutation]
 85635 | Zig:26   | Gained mutation: You expend magic power (3 MP) to
                  | strengthen your wands. [potion of mutation]
 85635 | Zig:26   | Gained mutation: You occasionally shout uncontrollably at
                  | your foes. [potion of mutation]
 85635 | Zig:26   | Gained mutation: You are weak. (Str -2) [potion of
                  | mutation]
 85635 | Zig:26   | Gained mutation: You have supernaturally acute eyesight.
                  | (SInv) [potion of mutation]
 85636 | Zig:26   | Lost mutation: You expend magic power (3 MP) to strengthen
                  | your wands. [potion of mutation]
 85636 | Zig:26   | Lost mutation: You are weak. (Str -2) [potion of mutation]
 85636 | Zig:26   | Gained mutation: You are somewhat resistant to further
                  | mutation. [potion of mutation]
 85636 | Zig:26   | Gained mutation: Armour fits poorly on your strangely
                  | shaped body. [potion of mutation]
 85636 | Zig:26   | Gained mutation: Your flesh is cold resistant. (rC+)
                  | [potion of mutation]
 85637 | Zig:26   | Lost mutation: Your flesh is cold resistant. (rC+) [potion
                  | of mutation]
 85637 | Zig:26   | Lost mutation: Armour fits poorly on your strangely shaped
                  | body. [potion of mutation]
 85637 | Zig:26   | Lost mutation: You have supernaturally acute eyesight.
                  | (SInv) [potion of mutation]
 85637 | Zig:26   | Gained mutation: Your body sometimes deteriorates upon
                  | taking damage. [potion of mutation]
 85638 | Zig:26   | Lost mutation: You are somewhat resistant to further
                  | mutation. [potion of mutation]
 85638 | Zig:26   | Lost mutation: Your body sometimes deteriorates upon taking
                  | damage. [potion of mutation]
 85638 | Zig:26   | Lost mutation: You occasionally shout uncontrollably at
                  | your foes. [potion of mutation]
 85638 | Zig:26   | Gained mutation: You are weak. (Str -2) [potion of
                  | mutation]
 85638 | Zig:26   | Lost mutation: You are weak. (Str -2) [potion of mutation]
 85638 | Zig:26   | Gained mutation: Your mind is acute. (Int +2) [potion of
                  | mutation]
 85639 | Zig:26   | Lost mutation: Your mind is acute. (Int +2) [potion of
                  | mutation]
 85639 | Zig:26   | Gained mutation: You expend magic power (3 MP) to
                  | strengthen your wands. [potion of mutation]
 85639 | Zig:26   | Gained mutation: You tend to lose your temper in combat.
                  | [potion of mutation]
 85639 | Zig:26   | Gained mutation: Your mind is acute. (Int +2) [potion of
                  | mutation]
 85640 | Zig:26   | Lost mutation: You expend magic power (3 MP) to strengthen
                  | your wands. [potion of mutation]
 85640 | Zig:26   | Lost mutation: You tend to lose your temper in combat.
                  | [potion of mutation]
 85640 | Zig:26   | Lost mutation: Your mind is acute. (Int +2) [potion of
                  | mutation]
 85640 | Zig:26   | Gained mutation: You have a beak for a mouth. [potion of
                  | mutation]
 85640 | Zig:26   | Gained mutation: You tend to lose your temper in combat.
                  | [potion of mutation]
 85640 | Zig:26   | Gained mutation: Your muscles are strong. (Str +2) [potion
                  | of mutation]
 85641 | Zig:26   | Lost mutation: You have a beak for a mouth. [potion of
                  | mutation]
 85641 | Zig:26   | Lost mutation: Your muscles are strong. (Str +2) [potion of
                  | mutation]
 85641 | Zig:26   | Gained mutation: You often lose your temper in combat.
                  | [potion of mutation]
 85641 | Zig:26   | Gained mutation: You have large cloven feet. [potion of
                  | mutation]
 85641 | Zig:26   | Gained mutation: You have hoof-like feet. [potion of
                  | mutation]
 85642 | Zig:26   | Lost mutation: You have hoof-like feet. [potion of
                  | mutation]
 85642 | Zig:26   | Lost mutation: You often lose your temper in combat.
                  | [potion of mutation]
 85642 | Zig:26   | Lost mutation: You tend to lose your temper in combat.
                  | [potion of mutation]
 85642 | Zig:26   | Lost mutation: You have large cloven feet. [potion of
                  | mutation]
 85642 | Zig:26   | Gained mutation: Your muscles are strong. (Str +2) [potion
                  | of mutation]
 85642 | Zig:26   | Gained mutation: You occasionally shout uncontrollably at
                  | your foes. [potion of mutation]
 85642 | Zig:26   | Gained mutation: You are resistant to hostile enchantments.
                  | (MR+) [potion of mutation]
 85643 | Zig:26   | Lost mutation: You occasionally shout uncontrollably at
                  | your foes. [potion of mutation]
 85643 | Zig:26   | Lost mutation: Your muscles are strong. (Str +2) [potion of
                  | mutation]
 85643 | Zig:26   | Lost mutation: You are resistant to hostile enchantments.
                  | (MR+) [potion of mutation]
 85643 | Zig:26   | Gained mutation: You have sharp toenails. [potion of
                  | mutation]
 85643 | Zig:26   | Gained mutation: You possess an exceptional clarity of
                  | mind. [potion of mutation]
 85657 | Zig:27   | Entered Level 27 of a ziggurat
 85683 | Zig:27   | Reached skill level 15 in Charms
 85753 | Zig:27   | Got an ancient jade ring
 85754 | Zig:27   | Identified the ring "Fynner Liet" {rF- MR+ Str+7 Int+3}
                  | (You found it on level 27 of a ziggurat)
 85764 | Zig:27   | Identified the -1 pair of boots "Fujeurph" {rElec Str-5
                  | Dex+6 SInv} (You acquired it on level 27 of a ziggurat)
 85781 | Zig:27   | Identified the Compendium of the Entourage and Snow
 85794 | Zig:27   | Identified the amulet of Tyazynud {Gourm +Fly Int+4} (You
                  | found it on level 27 of a ziggurat)
 85849 | Zig:1    | Entered Level 1 of a ziggurat
 85884 | Zig:2    | Entered Level 2 of a ziggurat
 85884 | Zig:2    | Noticed a juggernaut
 85886 | Zig:2    | Killed a juggernaut
 85916 | Zig:3    | Entered Level 3 of a ziggurat
 85950 | Zig:4    | Entered Level 4 of a ziggurat
 85953 | Zig:4    | Noticed Oddydaep the pandemonium lord
 85956 | Zig:4    | Killed Oddydaep the pandemonium lord
 85958 | Zig:4    | Found the +3 salamander hide armour {+Rage rF++}
 86004 | Zig:5    | Entered Level 5 of a ziggurat
 86010 | Zig:5    | Noticed an ancient lich
 86012 | Zig:5    | Killed an ancient lich
 86013 | Zig:5    | Noticed an ancient lich
 86014 | Zig:5    | Killed an ancient lich
 86024 | Zig:5    | Identified the +0 buckler of Ethrosto {rC+ rCorr Stlth+}
                  | (You found it on level 5 of a ziggurat)
 86048 | Zig:6    | Entered Level 6 of a ziggurat
 86053 | Zig:6    | Noticed Mim Ifeq the pandemonium lord
 86057 | Zig:6    | Killed Mim Ifeq the pandemonium lord
 86098 | Zig:7    | Entered Level 7 of a ziggurat
 86103 | Zig:7    | Noticed a juggernaut
 86108 | Zig:7    | Killed a juggernaut
 86115 | Zig:7    | Found the +8 trident of the Octopus King {venom, rElec
                  | rPois MR+}
 86147 | Zig:8    | Entered Level 8 of a ziggurat
 86178 | Zig:8    | Found the +10 dark maul {crush}
 86189 | Zig:8    | Got a brightly glowing silver amulet
 86190 | Zig:8    | Identified the amulet of Gozag's Envy {Spirit +Fly rElec
                  | rF-} (You found it on level 8 of a ziggurat)
 86231 | Zig:9    | Entered Level 9 of a ziggurat
 86236 | Zig:9    | Noticed an orb of fire
 86237 | Zig:9    | Noticed an orb of fire
 86238 | Zig:9    | Noticed an orb of fire
 86238 | Zig:9    | Noticed an orb of fire
 86238 | Zig:9    | Noticed an orb of fire
 86239 | Zig:9    | Noticed an orb of fire
 86239 | Zig:9    | Noticed an orb of fire
 86241 | Zig:9    | Killed an orb of fire
 86241 | Zig:9    | Killed an orb of fire
 86241 | Zig:9    | Killed an orb of fire
 86241 | Zig:9    | Killed an orb of fire
 86241 | Zig:9    | Noticed an orb of fire
 86241 | Zig:9    | Noticed an orb of fire
 86241 | Zig:9    | Noticed an orb of fire
 86242 | Zig:9    | Killed an orb of fire
 86242 | Zig:9    | Killed an orb of fire
 86242 | Zig:9    | Noticed an orb of fire
 86242 | Zig:9    | Noticed an orb of fire
 86243 | Zig:9    | Killed an orb of fire
 86244 | Zig:9    | Killed an orb of fire
 86245 | Zig:9    | Killed an orb of fire
 86245 | Zig:9    | Killed an orb of fire
 86246 | Zig:9    | Killed an orb of fire
 86247 | Zig:9    | Killed an orb of fire
 86248 | Zig:9    | Noticed an orb of fire
 86253 | Zig:9    | Killed an orb of fire
 86322 | Zig:9    | Got a crude amethyst amulet
 86323 | Zig:9    | Identified the amulet of Free Will {Reflect +Fly SH+3} (You
                  | found it on level 9 of a ziggurat)
 86343 | Zig:10   | Entered Level 10 of a ziggurat
 86394 | Zig:10   | Identified the Papyrus of Mutagenic Beguiling
 86413 | Zig:11   | Entered Level 11 of a ziggurat
 86498 | Zig:12   | Entered Level 12 of a ziggurat
 86507 | Zig:12   | Noticed an ancient lich
 86507 | Zig:12   | Noticed an ancient lich
 86510 | Zig:12   | Noticed an ancient lich
 86510 | Zig:12   | Killed an ancient lich
 86511 | Zig:12   | Killed an ancient lich
 86513 | Zig:12   | Killed an ancient lich
 86514 | Zig:12   | Noticed an ancient lich
 86514 | Zig:12   | Noticed an ancient lich
 86515 | Zig:12   | Killed an ancient lich
 86515 | Zig:12   | Killed an ancient lich
 86516 | Zig:12   | Noticed an ancient lich
 86517 | Zig:12   | Killed an ancient lich
 86518 | Zig:12   | Killed an ancient lich
 86556 | Zig:13   | Entered Level 13 of a ziggurat
 86592 | Zig:13   | Found the +8 glaive of the Guard {elec, +Rage AC+5 SInv}
 86614 | Zig:13   | Identified the Compendium of Agnosticism
 86638 | Zig:14   | Entered Level 14 of a ziggurat
 86651 | Zig:14   | Reached skill level 27 in Necromancy
 86715 | Zig:14   | Identified the Tome of the Noxious Snowflakes
 86719 | Zig:14   | Identified Satops's Volume of Noxious Ice
 86766 | Zig:15   | Entered Level 15 of a ziggurat
 86813 | Zig:15   | Found the +3 giant club "Skullcrusher" {speed, Str+7}
 86821 | Zig:15   | Identified Fuijel's Compendium of Sinister Augmentations
 86841 | Zig:15   | Got a shimmering brass ring
 86842 | Zig:15   | Identified the ring "Nonk" {AC+4 Str+2} (You found it on
                  | level 15 of a ziggurat)
 86846 | Zig:15   | Identified the Handbook of Lightness and Necromancy
 86858 | Zig:16   | Entered Level 16 of a ziggurat
 86866 | Zig:16   | Noticed a greater mummy
 86866 | Zig:16   | Noticed a greater mummy
 86867 | Zig:16   | Noticed a greater mummy
 86868 | Zig:16   | Noticed a greater mummy
 86868 | Zig:16   | Noticed a greater mummy
 86869 | Zig:16   | Killed a greater mummy
 86869 | Zig:16   | Noticed a greater mummy
 86870 | Zig:16   | Noticed a greater mummy
 86871 | Zig:16   | Killed a greater mummy
 86871 | Zig:16   | Noticed a greater mummy
 86872 | Zig:16   | Noticed a greater mummy
 86872 | Zig:16   | Killed a greater mummy
 86872 | Zig:16   | Killed a greater mummy
 86873 | Zig:16   | Killed a greater mummy
 86873 | Zig:16   | Killed a greater mummy
 86873 | Zig:16   | Noticed a greater mummy
 86873 | Zig:16   | Noticed a greater mummy
 86874 | Zig:16   | Killed a greater mummy
 86874 | Zig:16   | Noticed a greater mummy
 86875 | Zig:16   | Killed a greater mummy
 86875 | Zig:16   | Killed a greater mummy
 86875 | Zig:16   | Killed a greater mummy
 86875 | Zig:16   | Noticed a greater mummy
 86875 | Zig:16   | Noticed a greater mummy
 86876 | Zig:16   | Noticed a greater mummy
 86877 | Zig:16   | Killed a greater mummy
 86877 | Zig:16   | Killed a greater mummy
 86878 | Zig:16   | Noticed a greater mummy
 86879 | Zig:16   | Killed a greater mummy
 86879 | Zig:16   | Killed a greater mummy
 86879 | Zig:16   | Killed a greater mummy
 86880 | Zig:16   | Noticed a greater mummy
 86881 | Zig:16   | Noticed a greater mummy
 86883 | Zig:16   | Killed a greater mummy
 86883 | Zig:16   | Killed a greater mummy
 86884 | Zig:16   | Noticed a greater mummy
 86885 | Zig:16   | Killed a greater mummy
 86887 | Zig:16   | Killed a greater mummy
 86903 | Zig:16   | Got a pitted steel ring
 86904 | Zig:16   | Identified the ring "Axty" {rCorr *Slow rC- MR++ Str+2}
                  | (You found it on level 16 of a ziggurat)
 86914 | Zig:16   | Identified the Almanac of Damaging Shape Shifting
 86916 | Zig:16   | Identified the Compendium of Flamy Conjuration
 86929 | Zig:17   | Entered Level 17 of a ziggurat
 86981 | Zig:17   | Identified the Guide on Stolen Souls
 87038 | Zig:18   | Entered Level 18 of a ziggurat
 87045 | Zig:18   | Noticed an orb of fire
 87048 | Zig:18   | Noticed an orb of fire
 87050 | Zig:18   | Killed an orb of fire
 87051 | Zig:18   | Noticed an orb of fire
 87053 | Zig:18   | Killed an orb of fire
 87054 | Zig:18   | Noticed an orb of fire
 87054 | Zig:18   | Noticed an orb of fire
 87054 | Zig:18   | Noticed an orb of fire
 87055 | Zig:18   | Killed an orb of fire
 87055 | Zig:18   | Noticed an orb of fire
 87055 | Zig:18   | Noticed an orb of fire
 87056 | Zig:18   | Noticed an orb of fire
 87056 | Zig:18   | Noticed an orb of fire
 87057 | Zig:18   | Noticed an orb of fire
 87057 | Zig:18   | Noticed an orb of fire
 87057 | Zig:18   | Killed an orb of fire
 87058 | Zig:18   | Noticed an orb of fire
 87058 | Zig:18   | Noticed an orb of fire
 87058 | Zig:18   | Noticed an orb of fire
 87058 | Zig:18   | Noticed an orb of fire
 87059 | Zig:18   | Killed an orb of fire
 87059 | Zig:18   | Killed an orb of fire
 87059 | Zig:18   | Killed an orb of fire
 87059 | Zig:18   | Noticed an orb of fire
 87060 | Zig:18   | Killed an orb of fire
 87060 | Zig:18   | Killed an orb of fire
 87060 | Zig:18   | Killed an orb of fire
 87060 | Zig:18   | Killed an orb of fire
 87060 | Zig:18   | Killed an orb of fire
 87060 | Zig:18   | Noticed an orb of fire
 87061 | Zig:18   | Noticed an orb of fire
 87061 | Zig:18   | Noticed an orb of fire
 87062 | Zig:18   | Noticed an orb of fire
 87062 | Zig:18   | Killed an orb of fire
 87062 | Zig:18   | Killed an orb of fire
 87062 | Zig:18   | Killed an orb of fire
 87062 | Zig:18   | Killed an orb of fire
 87062 | Zig:18   | Killed an orb of fire
 87063 | Zig:18   | Noticed an orb of fire
 87064 | Zig:18   | Killed an orb of fire
 87064 | Zig:18   | Killed an orb of fire
 87065 | Zig:18   | Killed an orb of fire
 87066 | Zig:18   | Noticed an orb of fire
 87066 | Zig:18   | Killed an orb of fire
 87067 | Zig:18   | Noticed an orb of fire
 87067 | Zig:18   | Killed an orb of fire
 87069 | Zig:18   | Killed an orb of fire
 87070 | Zig:18   | Killed an orb of fire
 87094 | Zig:18   | Found the +8 demon blade "Leech" {vamp, rN+ AC-3 EV-3}
 87102 | Zig:18   | Found the +3 crown of Dyrovepreva {rElec Int+2 SInv}
 87113 | Zig:18   | Identified the +3 large shield of the Cricket {rN++ rCorr}
                  | (You found it on level 18 of a ziggurat)
 87137 | Zig:18   | Identified the +9 broad axe of Terra Nullius {venom, rElec
                  | rN+} (You found it on level 18 of a ziggurat)
 87138 | Zig:18   | Identified Putinurch's Grimoire of Stones and the Traveller
 87167 | Zig:19   | Entered Level 19 of a ziggurat
 87214 | Zig:19   | Noticed Zaaso the pandemonium lord
 87216 | Zig:19   | Killed Zaaso the pandemonium lord
 87301 | Zig:19   | Found the +9 heavy crossbow "Sniper" {velocity, Acc+∞ SInv}
 87318 | Zig:19   | Identified Sif Muna's Disquisition on Attacks and Ice
 87322 | Zig:19   | Got a coiled tin ring
 87335 | Zig:19   | Identified the ring of Abroas {Ice MR+ Str-4 Int+4} (You
                  | found it on level 19 of a ziggurat)
 87349 | Zig:20   | Entered Level 20 of a ziggurat
 87375 | Zig:20   | Noticed Pikkygy the pandemonium lord
 87379 | Zig:20   | Reached skill level 27 in Hexes
 87383 | Zig:20   | Reached skill level 27 in Summonings
 87384 | Zig:20   | Killed Pikkygy the pandemonium lord
 87431 | Zig:20   | Found the +8 autumn katana {slice, Clar}
 87435 | Zig:20   | Found the +5 pair of quick blades "Gyre" and "Gimble"
                  | {pierce, Dex-3}
 87439 | Zig:20   | Got a fine lead ring
 87440 | Zig:20   | Identified the ring of Faraakh {+Inv MR+ Int-2 Dex+8 SInv}
                  | (You found it on level 20 of a ziggurat)
 87442 | Zig:20   | Identified Meut's Guide on Blistering Necromancy
 87484 | Zig:20   | Got a glittering zirconium amulet
 87485 | Zig:20   | Identified the amulet of Xom's Full Attention {Harm *Drain
                  | +Inv rPois Int-5} (You found it on level 20 of a ziggurat)
 87489 | Zig:20   | Identified the Catalogue of Earth and Conjuration
 87494 | Zig:20   | Identified the Collected Works on Helpful Intoxication
 87499 | Zig:20   | Identified the cursed +0 broad axe of Peace {flame, Int+2}
                  | (You found it on level 20 of a ziggurat)
 87516 | Zig:21   | Entered Level 21 of a ziggurat
 87527 | Zig:21   | Reached skill level 1 in Bows
 87538 | Zig:21   | Reached skill level 5 in Bows
 87589 | Zig:21   | Got a bound ivory amulet
 87590 | Zig:21   | Identified the amulet of Quneza {Acrobat rN+ Dex+2} (You
                  | found it on level 21 of a ziggurat)
 87623 | Zig:22   | Entered Level 22 of a ziggurat
 87640 | Zig:22   | Reached skill level 10 in Bows
 87690 | Zig:22   | Identified the Collected Works on Confrontation and the
                  | Entourage
 87694 | Zig:22   | Identified the Incunabulum of Dusty Confrontation
 87720 | Zig:23   | Entered Level 23 of a ziggurat
 87726 | Zig:23   | Noticed a greater mummy
 87728 | Zig:23   | Noticed a greater mummy
 87728 | Zig:23   | Noticed a greater mummy
 87729 | Zig:23   | Noticed a greater mummy
 87732 | Zig:23   | Noticed a greater mummy
 87733 | Zig:23   | Noticed a greater mummy
 87733 | Zig:23   | Killed a greater mummy
 87734 | Zig:23   | Killed a greater mummy
 87734 | Zig:23   | Noticed a greater mummy
 87734 | Zig:23   | Killed a greater mummy
 87734 | Zig:23   | Noticed a greater mummy
 87734 | Zig:23   | Noticed a greater mummy
 87734 | Zig:23   | Noticed a greater mummy
 87735 | Zig:23   | Noticed a greater mummy
 87735 | Zig:23   | Killed a greater mummy
 87736 | Zig:23   | Killed a greater mummy
 87736 | Zig:23   | Killed a greater mummy
 87736 | Zig:23   | Noticed a greater mummy
 87736 | Zig:23   | Noticed a greater mummy
 87736 | Zig:23   | Noticed a greater mummy
 87737 | Zig:23   | Killed a greater mummy
 87737 | Zig:23   | Noticed a greater mummy
 87738 | Zig:23   | Killed a greater mummy
 87738 | Zig:23   | Killed a greater mummy
 87738 | Zig:23   | Killed a greater mummy
 87738 | Zig:23   | Killed a greater mummy
 87738 | Zig:23   | Killed a greater mummy
 87738 | Zig:23   | Noticed a greater mummy
 87738 | Zig:23   | Noticed a greater mummy
 87739 | Zig:23   | Noticed a greater mummy
 87739 | Zig:23   | Noticed a greater mummy
 87740 | Zig:23   | Killed a greater mummy
 87740 | Zig:23   | Killed a greater mummy
 87740 | Zig:23   | Noticed a greater mummy
 87741 | Zig:23   | Noticed a greater mummy
 87742 | Zig:23   | Killed a greater mummy
 87742 | Zig:23   | Killed a greater mummy
 87742 | Zig:23   | Killed a greater mummy
 87743 | Zig:23   | Killed a greater mummy
 87744 | Zig:23   | Killed a greater mummy
 87744 | Zig:23   | Killed a greater mummy
 87744 | Zig:23   | Killed a greater mummy
 87745 | Zig:23   | Noticed a greater mummy
 87747 | Zig:23   | Noticed a greater mummy
 87747 | Zig:23   | Noticed a greater mummy
 87748 | Zig:23   | Noticed a greater mummy
 87749 | Zig:23   | Noticed a greater mummy
 87751 | Zig:23   | Killed a greater mummy
 87751 | Zig:23   | Killed a greater mummy
 87751 | Zig:23   | Killed a greater mummy
 87751 | Zig:23   | Killed a greater mummy
 87753 | Zig:23   | Noticed a greater mummy
 87753 | Zig:23   | Killed a greater mummy
 87754 | Zig:23   | Noticed a greater mummy
 87755 | Zig:23   | Reached skill level 27 in Transmutations
 87757 | Zig:23   | Noticed a greater mummy
 87757 | Zig:23   | Killed a greater mummy
 87757 | Zig:23   | Noticed a greater mummy
 87758 | Zig:23   | Killed a greater mummy
 87758 | Zig:23   | Noticed a greater mummy
 87758 | Zig:23   | Noticed a greater mummy
 87760 | Zig:23   | Killed a greater mummy
 87760 | Zig:23   | Killed a greater mummy
 87761 | Zig:23   | Noticed a greater mummy
 87762 | Zig:23   | Killed a greater mummy
 87762 | Zig:23   | Killed a greater mummy
 87762 | Zig:23   | Noticed a greater mummy
 87765 | Zig:23   | Killed a greater mummy
 87766 | Zig:23   | Noticed a greater mummy
 87766 | Zig:23   | Noticed a greater mummy
 87767 | Zig:23   | Killed a greater mummy
 87770 | Zig:23   | Killed a greater mummy
 87770 | Zig:23   | Killed a greater mummy
 87770 | Zig:23   | Reached skill level 27 in Staves
 87782 | Zig:23   | Found the amulet of the Air {Inacc +Fly rElec EV+5 RMsl}
 87784 | Zig:23   | Found the +8 storm bow {elec}
 87832 | Zig:24   | Entered Level 24 of a ziggurat
 87859 | Zig:24   | Reached skill level 5 in Stealth
 87954 | Zig:24   | Paralysed by accursed screaming for 2 turns
 87989 | Zig:24   | Identified the Guide on Congealing Orientation
 87994 | Zig:24   | Got a bound lead ring
 87995 | Zig:24   | Identified the ring "Sicoibb" {Wiz *Corrode MR- Str+2
                  | Dex+9} (You found it on level 24 of a ziggurat)
 88013 | Zig:24   | Got a flickering golden ring
 88014 | Zig:24   | Identified the ring "Uwaaraf" {rN+ Int+3 Stlth+} (You found
                  | it on level 24 of a ziggurat)
 88038 | Zig:24   | Got a transparent marble ring
 88039 | Zig:24   | Identified the ring "Werim" {rElec rF+ AC+1} (You found it
                  | on level 24 of a ziggurat)
 88047 | Zig:24   | Reached skill level 10 in Stealth
 88060 | Zig:25   | Entered Level 25 of a ziggurat
 88088 | Zig:25   | Reached skill level 27 in Unarmed Combat
 88091 | Zig:25   | Reached skill level 27 in Charms
 88106 | Zig:25   | Reached skill level 15 in Stealth
 88183 | Zig:25   | Got a clouded diamond amulet
 88184 | Zig:25   | Identified the amulet "Wiaweffaje" {RegenMP *Contam +Blink
                  | rPois} (You found it on level 25 of a ziggurat)
 88195 | Zig:25   | Identified Deet Roa's Spellweaving, Part One
 88201 | Zig:25   | Got a translucent bronze amulet
 88202 | Zig:25   | Identified the amulet of Irphurez {+Rage rF+} (You found it
                  | on level 25 of a ziggurat)
 88228 | Zig:26   | Entered Level 26 of a ziggurat
 88305 | Zig:26   | Got a clouded diamond amulet
 88306 | Zig:26   | Identified the amulet of Ruhib {Faith rF+ Str+5 Int+2} (You
                  | found it on level 26 of a ziggurat)
 88308 | Zig:26   | Identified Rijea's Almanac of Greatest Risks and Utility
 88316 | Zig:26   | Got a heavily runed ivory amulet
 88317 | Zig:26   | Identified the amulet "Ityalar" {Reflect *Corrode rPois
                  | Str+5 SH+3} (You found it on level 26 of a ziggurat)
 88327 | Zig:26   | Identified the Reference Book on Enhancements and Summoning
 88329 | Zig:26   | Identified the Handbook of the Poisonous Mountains
 88337 | Zig:26   | Identified Ygoxaran's Catalogue of Cloudy Dislocation
 88339 | Zig:26   | Identified the Compendium of Enchantment
 88350 | Zig:26   | Got a smoking ivory ring
 88351 | Zig:26   | Identified the ring "Dianwesk" {rPois Int+3} (You found it
                  | on level 26 of a ziggurat)
 88367 | Zig:27   | Entered Level 27 of a ziggurat
 88483 | Zig:27   | Got a shimmering ivory amulet
 88484 | Zig:27   | Identified the amulet of Oplowawn {Reflect MR+ SH+4} (You
                  | found it on level 27 of a ziggurat)
 88506 | Zig:27   | Got a wavering bone ring
 88507 | Zig:27   | Identified the ring "Duzyd" {Fire rPois MR+} (You found it
                  | on level 27 of a ziggurat)
 88549 | Zig:1    | Entered Level 1 of a ziggurat
 88550 | Zig:1    | Reached skill level 27 in Stealth
 88571 | Zig:2    | Entered Level 2 of a ziggurat
 88573 | Zig:2    | Noticed a juggernaut
 88577 | Zig:2    | Killed a juggernaut
 88603 | Zig:3    | Entered Level 3 of a ziggurat
 88607 | Zig:3    | Noticed Zored the pandemonium lord
 88610 | Zig:3    | Killed Zored the pandemonium lord
 88635 | Zig:4    | Entered Level 4 of a ziggurat
 88636 | Zig:4    | Noticed Xoyteit the pandemonium lord
 88639 | Zig:4    | Killed Xoyteit the pandemonium lord
 88655 | Zig:4    | Identified the Grimoire of Enchanting Attacks
 88664 | Zig:4    | Got a twitching pewter ring
 88665 | Zig:4    | Identified the ring of Beseid {Wiz +Inv MR- Int+5} (You
                  | found it on level 4 of a ziggurat)
 88686 | Zig:5    | Entered Level 5 of a ziggurat
 88699 | Zig:5    | Found the -2 hat of the Alchemist {rElec rPois rF+ rC+ rN+
                  | MR+ rMut rCorr}
 88726 | Zig:6    | Entered Level 6 of a ziggurat
 88752 | Zig:6    | Got a brightly glowing lead ring
 88753 | Zig:6    | Identified the ring of Quock {rElec rC+ Dex+2} (You found
                  | it on level 6 of a ziggurat)
 88759 | Zig:6    | Identified Koamoor's Reference Book on Earthen Fire
 88762 | Zig:6    | Identified the Grimoire of Self-Knowledge and Displacement
 88774 | Zig:7    | Entered Level 7 of a ziggurat
 88780 | Zig:7    | Noticed an ancient lich
 88783 | Zig:7    | Killed an ancient lich
 88785 | Zig:7    | Noticed an ancient lich
 88788 | Zig:7    | Killed an ancient lich
 88789 | Zig:7    | Noticed an ancient lich
 88791 | Zig:7    | Killed an ancient lich
 88791 | Zig:7    | Killed an ancient lich
 88794 | Zig:7    | Found the ring of the Octopus King
 88802 | Zig:7    | Got a ring of the Octopus King
 88809 | Zig:7    | Got a sparkling bone ring
 88810 | Zig:7    | Identified the ring of the Realms {+Blink Int+6 SInv} (You
                  | found it on level 7 of a ziggurat)
 88829 | Zig:8    | Entered Level 8 of a ziggurat
 88885 | Zig:9    | Entered Level 9 of a ziggurat
 88923 | Zig:9    | Got a flickering pewter ring
 88926 | Zig:9    | Identified the ring of Roddaubeo {rElec rPois rC+++ MR-
                  | SInv} (You found it on level 9 of a ziggurat)
 88960 | Zig:10   | Entered Level 10 of a ziggurat
 88988 | Zig:10   | Got a warped amber ring
 88989 | Zig:10   | Identified the ring "Sinir" {Fire *Contam rElec rPois} (You
                  | found it on level 10 of a ziggurat)
 89018 | Zig:11   | Entered Level 11 of a ziggurat
 89136 | Zig:11   | Got a flickering platinum ring
 89137 | Zig:11   | Identified the ring of Zin's Scorn {rElec rN+ MR+ Str+2}
                  | (You found it on level 11 of a ziggurat)
 89140 | Zig:11   | Got a faintly glowing pewter ring
 89141 | Zig:11   | Identified the ring of Oblaroj {Fire *Drain rElec Dex+10
                  | SInv} (You found it on level 11 of a ziggurat)
 89150 | Zig:11   | Got a translucent tin amulet
 89151 | Zig:11   | Identified the amulet of Intercession {Inacc rC+} (You
                  | found it on level 11 of a ziggurat)
 89165 | Zig:12   | Entered Level 12 of a ziggurat
 89207 | Zig:12   | Got a flickering wooden ring
 89208 | Zig:12   | Identified the ring of the Eleven Beds {rCorr Int+2} (You
                  | found it on level 12 of a ziggurat)
 89243 | Zig:13   | Entered Level 13 of a ziggurat
 89291 | Zig:13   | Found the +27 Lear's hauberk
 89306 | Zig:13   | Identified the Papyrus of the Igneous Escort
 89337 | Zig:14   | Entered Level 14 of a ziggurat
 89393 | Zig:14   | Identified the +2 pair of boots of the Known World {*Slow
                  | rElec Regen+ Dex-4} (You found it on level 14 of a
                  | ziggurat)
 89402 | Zig:14   | Got a wavering amber ring
 89403 | Zig:14   | Identified the ring "Zinwihor" {+Fly MR++ Dex+7 SInv} (You
                  | found it on level 14 of a ziggurat)
 89431 | Zig:15   | Entered Level 15 of a ziggurat
 89477 | Zig:15   | Found the +8 lance "Wyrmbane" {slay drac, rPois rF+ rC+
                  | AC+3}
 89479 | Zig:15   | Found the +10 Black Knight's horse barding {ponderous,
                  | rPois rN+}
 89532 | Zig:15   | Reached skill level 27 in Short Blades
 89552 | Zig:16   | Entered Level 16 of a ziggurat
 89599 | Zig:16   | Found the +8 whip "Snakebite" {curare, rPois}
 89601 | Zig:16   | Found the +1 cloak of Starlight {rElec rC+ EV+4 Stlth--}
 89613 | Zig:16   | Got a coiled pewter ring
 89614 | Zig:16   | Identified the ring of Erapsoof {rF+ rC+} (You found it on
                  | level 16 of a ziggurat)
 89644 | Zig:16   | Got a glittering marble ring
 89645 | Zig:16   | Identified the ring of Zin's Brutal Revenge {Ice rN+ MR++}
                  | (You found it on level 16 of a ziggurat)
 89661 | Zig:17   | Entered Level 17 of a ziggurat
 89741 | Zig:17   | Identified the Reference Book on Mutagenic Boosts
 89756 | Zig:18   | Entered Level 18 of a ziggurat
 89817 | Zig:18   | Found the +6 arbalest "Damnation" {damnation}
 89823 | Zig:18   | Identified the Incunabulum of Beguiling
 89830 | Zig:18   | Got a clouded crystal amulet
 89831 | Zig:18   | Identified the amulet of Freedom {Faith rC- MR+ Str+7} (You
                  | found it on level 18 of a ziggurat)
 89851 | Zig:18   | Identified the +4 pair of boots "Qelal" {+Inv rCorr Str-2
                  | Int-3} (You found it on level 18 of a ziggurat)
 89871 | Zig:19   | Entered Level 19 of a ziggurat
 89906 | Zig:19   | Reached skill level 27 in Polearms
 89926 | Zig:19   | Found the +18 shield of the Gong {rElec rN+ MR+ EV-5}
 89927 | Zig:19   | Found the +7 Spriggan's Knife {stab, EV+4 Stlth+}
 89928 | Zig:19   | Found the +9 sword of Zonguldrok {reap}
 89944 | Zig:19   | Identified the ring "Pitheaco" {rF+ rC+ Str+4 Int+2} (You
                  | found it on level 19 of a ziggurat)
 89947 | Zig:19   | Got a twitching wooden ring
 89948 | Zig:19   | Identified the ring of Jamososo {rPois rF+ MP+9 Str-4} (You
                  | found it on level 19 of a ziggurat)
 89978 | Zig:19   | Identified Sif Muna's Disquisition on the Lethal Blaze
 90003 | Zig:19   | Identified the +1 robe "Buogiph" {Int+5} (You found it on
                  | level 19 of a ziggurat)
 90018 | Zig:20   | Entered Level 20 of a ziggurat
 90033 | Zig:20   | Noticed an ancient lich
 90033 | Zig:20   | Noticed an ancient lich
 90034 | Zig:20   | Noticed an ancient lich
 90034 | Zig:20   | Noticed an ancient lich
 90037 | Zig:20   | Killed an ancient lich
 90038 | Zig:20   | Killed an ancient lich
 90039 | Zig:20   | Killed an ancient lich
 90039 | Zig:20   | Noticed an ancient lich
 90040 | Zig:20   | Noticed an ancient lich
 90040 | Zig:20   | Noticed an ancient lich
 90041 | Zig:20   | Killed an ancient lich
 90042 | Zig:20   | Killed an ancient lich
 90042 | Zig:20   | Killed an ancient lich
 90042 | Zig:20   | Noticed an ancient lich
 90043 | Zig:20   | Noticed an ancient lich
 90045 | Zig:20   | Noticed an ancient lich
 90045 | Zig:20   | Killed an ancient lich
 90045 | Zig:20   | Noticed an ancient lich
 90045 | Zig:20   | Noticed an ancient lich
 90046 | Zig:20   | Noticed an ancient lich
 90047 | Zig:20   | Killed an ancient lich
 90047 | Zig:20   | Killed an ancient lich
 90048 | Zig:20   | Killed an ancient lich
 90048 | Zig:20   | Killed an ancient lich
 90048 | Zig:20   | Killed an ancient lich
 90049 | Zig:20   | Killed an ancient lich
 90049 | Zig:20   | Noticed an ancient lich
 90050 | Zig:20   | Noticed an ancient lich
 90052 | Zig:20   | Noticed an ancient lich
 90053 | Zig:20   | Noticed an ancient lich
 90053 | Zig:20   | Killed an ancient lich
 90054 | Zig:20   | Killed an ancient lich
 90054 | Zig:20   | Killed an ancient lich
 90055 | Zig:20   | Killed an ancient lich
 90056 | Zig:20   | Killed an ancient lich
 90058 | Zig:20   | Noticed an ancient lich
 90059 | Zig:20   | Killed an ancient lich
 90094 | Zig:20   | Identified the ring of Levity {rCorr Str+4 Int+6} (You
                  | found it on level 20 of a ziggurat)
 90107 | Zig:20   | Identified the ring "Rim Qurph" {Ice +Blink Str+6 Stlth-}
                  | (You found it on level 20 of a ziggurat)
 90118 | Zig:20   | Identified the Guide on Feathery Heat
 90146 | Zig:21   | Entered Level 21 of a ziggurat
 90155 | Zig:21   | Noticed an ancient lich
 90155 | Zig:21   | Noticed an ancient lich
 90157 | Zig:21   | Killed an ancient lich
 90159 | Zig:21   | Noticed an ancient lich
 90160 | Zig:21   | Killed an ancient lich
 90160 | Zig:21   | Killed an ancient lich
 90161 | Zig:21   | Killed an ancient lich
 90163 | Zig:21   | Noticed an ancient lich
 90165 | Zig:21   | Killed an ancient lich
 90166 | Zig:21   | Killed an ancient lich
 90167 | Zig:21   | Noticed an ancient lich
 90167 | Zig:21   | Noticed an ancient lich
 90168 | Zig:21   | Killed an ancient lich
 90168 | Zig:21   | Noticed an ancient lich
 90170 | Zig:21   | Killed an ancient lich
 90170 | Zig:21   | Killed an ancient lich
 90172 | Zig:21   | Noticed an ancient lich
 90174 | Zig:21   | Noticed an ancient lich
 90175 | Zig:21   | Killed an ancient lich
 90177 | Zig:21   | Killed an ancient lich
 90179 | Zig:21   | Killed an ancient lich
 90183 | Zig:21   | Noticed an ancient lich
 90184 | Zig:21   | Noticed an ancient lich
 90185 | Zig:21   | Killed an ancient lich
 90185 | Zig:21   | Noticed an ancient lich
 90187 | Zig:21   | Killed an ancient lich
 90187 | Zig:21   | Noticed an ancient lich
 90189 | Zig:21   | Killed an ancient lich
 90191 | Zig:21   | Noticed an ancient lich
 90192 | Zig:21   | Killed an ancient lich
 90195 | Zig:21   | Noticed an ancient lich
 90196 | Zig:21   | Killed an ancient lich
 90197 | Zig:21   | Killed an ancient lich
 90217 | Zig:21   | Found the +2 shield of Resistance {rF+ rC+ MR+}
 90218 | Zig:21   | Found the +7 great mace "Undeadhunter" {disrupt, rN+}
 90225 | Zig:21   | Got a scintillating jade amulet
 90226 | Zig:21   | Identified the amulet of Weapsef {RegenMP rElec rF+ MP+9
                  | SInv} (You found it on level 21 of a ziggurat)
 90276 | Zig:21   | Got a coiled pewter ring
 90277 | Zig:21   | Identified the ring of Ryocon {MP+9 Int+2} (You found it on
                  | level 21 of a ziggurat)
 90300 | Zig:22   | Entered Level 22 of a ziggurat
 90408 | Zig:22   | Identified the ring "Wenetwoxae" {rN+ Dex+4 Stlth+} (You
                  | found it on level 22 of a ziggurat)
 90432 | Zig:23   | Entered Level 23 of a ziggurat
 90552 | Zig:24   | Entered Level 24 of a ziggurat
 90627 | Zig:24   | Found the +3 robe of Folly {Archmagi, MR-- Int+5}
 90631 | Zig:24   | Found the amulet of Vitality {Regen+ HP+15}
 90637 | Zig:24   | Identified the Incunabulum of Scorching Boosts
 90669 | Zig:24   | Got a transparent bone ring
 90670 | Zig:24   | Identified the ring "Vewn" {Wiz *Contam +Blink Int+3} (You
                  | found it on level 24 of a ziggurat)
 90676 | Zig:24   | Identified Lozil's Compendium of Vitriolic Augmentations
 90681 | Zig:24   | Identified Uletumuj's Papyrus of Lucky Changing
 90688 | Zig:24   | Identified the +1 robe "Egokaz" {Slay+2} (You found it on
                  | level 24 of a ziggurat)
 90700 | Zig:25   | Entered Level 25 of a ziggurat
 90801 | Zig:25   | Got a crude bone ring
 90802 | Zig:25   | Identified the ring "Atoaf" {rElec MR+ Int+2 SInv Stlth+}
                  | (You found it on level 25 of a ziggurat)
 90824 | Zig:25   | Identified the Handbook of Bewitchment
 90831 | Zig:25   | Identified the Tome of Scorching Moulding
 90849 | Zig:26   | Entered Level 26 of a ziggurat
 90930 | Zig:26   | Found the ring of the Octopus King
 90931 | Zig:26   | Found the ring of the Octopus King
 90940 | Zig:26   | Identified the Grimoire of Unstable Creation
 90945 | Zig:26   | Got a ring of the Octopus King
 90975 | Zig:26   | Got a ring of the Octopus King
 90991 | Zig:27   | Entered Level 27 of a ziggurat
 91150 | Zig:27   | Got a slimy copper ring
 91151 | Zig:27   | Identified the cursed ring "Yhistrie" {Int+4 Dex+2 Slay-3}
                  | (You found it on level 27 of a ziggurat)
 91157 | Zig:27   | Got a clouded turquoise ring
 91158 | Zig:27   | Identified the ring of Zoyhaps {rN+ Int+3 SInv} (You found
                  | it on level 27 of a ziggurat)
 91171 | Zig:27   | Identified the amulet of Life {MR++ Regen+ Str+2 Int+6}
                  | (You found it on level 27 of a ziggurat)
 91190 | Zig:27   | Identified Yxam's Tome of Air and Unholy Arts
 91230 | Zig:1    | Entered Level 1 of a ziggurat
 91230 | Zig:1    | Noticed a juggernaut
 91230 | Zig:1    | Noticed a juggernaut
 91233 | Zig:1    | Killed a juggernaut
 91233 | Zig:1    | Killed a juggernaut
 91252 | Zig:2    | Entered Level 2 of a ziggurat
 91284 | Zig:3    | Entered Level 3 of a ziggurat
 91309 | Zig:4    | Entered Level 4 of a ziggurat
 91334 | Zig:4    | Identified the Papyrus of Assistive Attacks
 91338 | Zig:4    | Got a translucent golden amulet
 91339 | Zig:4    | Identified the amulet "Xugyo" {Regen+ Int+2} (You found it
                  | on level 4 of a ziggurat)
 91354 | Zig:5    | Entered Level 5 of a ziggurat
 91354 | Zig:5    | Noticed an orb of fire
 91354 | Zig:5    | Noticed an orb of fire
 91354 | Zig:5    | Noticed an orb of fire
 91354 | Zig:5    | Noticed an orb of fire
 91354 | Zig:5    | Noticed an orb of fire
 91357 | Zig:5    | Killed an orb of fire
 91357 | Zig:5    | Killed an orb of fire
 91357 | Zig:5    | Killed an orb of fire
 91359 | Zig:5    | Killed an orb of fire
 91359 | Zig:5    | Killed an orb of fire
 91453 | Zig:6    | Entered Level 6 of a ziggurat
 91526 | Zig:7    | Entered Level 7 of a ziggurat
 91563 | Zig:7    | Got a scintillating bronze amulet
 91564 | Zig:7    | Identified the amulet "Muczuim" {Inacc SInv} (You found it
                  | on level 7 of a ziggurat)
 91587 | Zig:7    | Identified the +1 pair of gloves of Fempi {rN+ Dex+3} (You
                  | found it on level 7 of a ziggurat)
 91590 | Zig:8    | Entered Level 8 of a ziggurat
 91592 | Zig:8    | Noticed a juggernaut
 91596 | Zig:8    | Noticed a juggernaut
 91596 | Zig:8    | Noticed a juggernaut
 91596 | Zig:8    | Noticed a juggernaut
 91597 | Zig:8    | Killed a juggernaut
 91598 | Zig:8    | Killed a juggernaut
 91598 | Zig:8    | Killed a juggernaut
 91598 | Zig:8    | Killed a juggernaut
 91602 | Zig:8    | Killed a juggernaut
 91602 | Zig:8    | Noticed a juggernaut
 91604 | Zig:8    | Killed a juggernaut
 91608 | Zig:8    | Killed a juggernaut
 91623 | Zig:8    | Identified the Guide on Lucky Clay
 91629 | Zig:8    | Got a scintillating silver ring
 91630 | Zig:8    | Identified the ring "Kajosol" {Fire *Contam MR+ Str+3} (You
                  | found it on level 8 of a ziggurat)
 91637 | Zig:8    | Got a transparent golden amulet
 91638 | Zig:8    | Identified the amulet "Holuig Qaqixt" {Regen+ Int+3} (You
                  | found it on level 8 of a ziggurat)
 91652 | Zig:9    | Entered Level 9 of a ziggurat
 91717 | Zig:9    | Got a scorched jade amulet
 91718 | Zig:9    | Identified the amulet "Hoinaic" {Acrobat rPois Dex+3} (You
                  | found it on level 9 of a ziggurat)
 91720 | Zig:9    | Identified the Guide on Creative Sinister Arts
 91741 | Zig:10   | Entered Level 10 of a ziggurat
 91776 | Zig:10   | Found the ring of the Octopus King
 91803 | Zig:10   | Got a ring of the Octopus King
 91815 | Zig:11   | Entered Level 11 of a ziggurat
 91848 | Zig:11   | Identified the Volume of Frigorific Necromancy
 91859 | Zig:11   | Identified the Catalogue of the Ashen Escort
 91876 | Zig:12   | Entered Level 12 of a ziggurat
 91883 | Zig:12   | Noticed a juggernaut
 91884 | Zig:12   | Noticed a juggernaut
 91884 | Zig:12   | Noticed a juggernaut
 91885 | Zig:12   | Killed a juggernaut
 91885 | Zig:12   | Noticed a juggernaut
 91886 | Zig:12   | Noticed a juggernaut
 91886 | Zig:12   | Killed a juggernaut
 91886 | Zig:12   | Killed a juggernaut
 91886 | Zig:12   | Noticed a juggernaut
 91887 | Zig:12   | Noticed a juggernaut
 91888 | Zig:12   | Noticed a juggernaut
 91889 | Zig:12   | Noticed a juggernaut
 91889 | Zig:12   | Killed a juggernaut
 91889 | Zig:12   | Killed a juggernaut
 91891 | Zig:12   | Killed a juggernaut
 91891 | Zig:12   | Noticed a juggernaut
 91891 | Zig:12   | Killed a juggernaut
 91892 | Zig:12   | Killed a juggernaut
 91892 | Zig:12   | Noticed a juggernaut
 91892 | Zig:12   | Noticed a juggernaut
 91893 | Zig:12   | Killed a juggernaut
 91893 | Zig:12   | Killed a juggernaut
 91893 | Zig:12   | Noticed a juggernaut
 91893 | Zig:12   | Noticed a juggernaut
 91894 | Zig:12   | Killed a juggernaut
 91894 | Zig:12   | Killed a juggernaut
 91894 | Zig:12   | Killed a juggernaut
 91896 | Zig:12   | Killed a juggernaut
 91896 | Zig:12   | Killed a juggernaut
 91897 | Zig:12   | Noticed a juggernaut
 91901 | Zig:12   | Noticed a juggernaut
 91902 | Zig:12   | Killed a juggernaut
 91903 | Zig:12   | Killed a juggernaut
 91920 | Zig:12   | Found the +9 staff of Wucad Mu {channel}
 91939 | Zig:12   | Identified the cursed +1 broad axe of Feonus {flame, rElec
                  | Dex-4 Stlth+} (You found it on level 12 of a ziggurat)
 91965 | Zig:13   | Entered Level 13 of a ziggurat
 92010 | Zig:13   | Found the +8 longbow "Zephyr" {speed, Dex+3 SInv}
 92022 | Zig:13   | Identified Giotepp's Papyrus of Icy Dislocation
 92035 | Zig:13   | Identified the +2 pair of boots of the Will of the Gods
                  | {rCorr Stlth+} (You found it on level 13 of a ziggurat)
 92081 | Zig:14   | Entered Level 14 of a ziggurat
 92090 | Zig:14   | Noticed an ancient lich
 92091 | Zig:14   | Noticed an ancient lich
 92092 | Zig:14   | Killed an ancient lich
 92094 | Zig:14   | Killed an ancient lich
 92095 | Zig:14   | Killed an ancient lich
 92096 | Zig:14   | Noticed an ancient lich
 92096 | Zig:14   | Noticed an ancient lich
 92096 | Zig:14   | Noticed an ancient lich
 92096 | Zig:14   | Noticed an ancient lich
 92097 | Zig:14   | Noticed an ancient lich
 92098 | Zig:14   | Killed an ancient lich
 92098 | Zig:14   | Killed an ancient lich
 92098 | Zig:14   | Killed an ancient lich
 92099 | Zig:14   | Killed an ancient lich
 92100 | Zig:14   | Noticed an ancient lich
 92101 | Zig:14   | Killed an ancient lich
 92101 | Zig:14   | Noticed an ancient lich
 92102 | Zig:14   | Noticed an ancient lich
 92103 | Zig:14   | Killed an ancient lich
 92103 | Zig:14   | Noticed an ancient lich
 92103 | Zig:14   | Noticed an ancient lich
 92104 | Zig:14   | Killed an ancient lich
 92104 | Zig:14   | Killed an ancient lich
 92105 | Zig:14   | Killed an ancient lich
 92105 | Zig:14   | Killed an ancient lich
 92105 | Zig:14   | Noticed an ancient lich
 92107 | Zig:14   | Killed an ancient lich
 92107 | Zig:14   | Noticed an ancient lich
 92108 | Zig:14   | Noticed an ancient lich
 92108 | Zig:14   | Noticed an ancient lich
 92110 | Zig:14   | Killed an ancient lich
 92111 | Zig:14   | Killed an ancient lich
 92111 | Zig:14   | Killed an ancient lich
 92111 | Zig:14   | Killed an ancient lich
 92151 | Zig:14   | Identified the +0 shield of Tender Moments {rC+ Str-3
                  | Int+2} (You acquired it on level 14 of a ziggurat)
 92152 | Zig:14   | Identified the +5 large shield "Kumic" {+Inv rElec} (You
                  | acquired it on level 14 of a ziggurat)
 92167 | Zig:14   | Got a flickering golden ring
 92168 | Zig:14   | Identified the ring "Kamuddea" {Fire Str+2} (You found it
                  | on level 14 of a ziggurat)
 92192 | Zig:14   | Identified the cursed +3 broad axe of Equilibrium {freeze,
                  | rElec MR- Stlth+} (You found it on level 14 of a ziggurat)
 92204 | Zig:15   | Entered Level 15 of a ziggurat
 92255 | Zig:15   | Found the +3 warlock's mirror {reflect}
 92259 | Zig:15   | Identified the Incunabulum of Supportive Moulding
 92269 | Zig:15   | Got an ancient lapis lazuli ring
 92270 | Zig:15   | Identified the ring "Cuirej" {EV+4 Int+4} (You found it on
                  | level 15 of a ziggurat)
 92280 | Zig:15   | Got a steaming steel ring
 92281 | Zig:15   | Identified the ring "Udweise" {Str+6 Stlth+} (You found it
                  | on level 15 of a ziggurat)
 92305 | Zig:16   | Entered Level 16 of a ziggurat
 92351 | Zig:16   | Found the +10 zealot's sword {holy, *Rage rN+ EV+3}
 92381 | Zig:16   | Identified Etwuppokh's Papyrus of Frigorific Dislocation
 92411 | Zig:17   | Entered Level 17 of a ziggurat
 92418 | Zig:17   | Reached skill level 27 in Invocations
 92489 | Zig:17   | Got a pitted diamond amulet
 92490 | Zig:17   | Identified the amulet "Izicwam" {Faith rElec Str-3 Dex+6}
                  | (You found it on level 17 of a ziggurat)
 92493 | Zig:17   | Got a vibrating sapphire amulet
 92497 | Zig:17   | Identified the amulet "Cofousonn" {Spirit Dex+2} (You found
                  | it on level 17 of a ziggurat)
 92515 | Zig:18   | Entered Level 18 of a ziggurat
 92547 | Zig:18   | Noticed Foecoefi the pandemonium lord
 92551 | Zig:18   | Killed Foecoefi the pandemonium lord
 92614 | Zig:18   | Got a twitching diamond amulet
 92615 | Zig:18   | Identified the amulet "Asuaxzim" {*Contam +Rage +Fly rF++}
                  | (You found it on level 18 of a ziggurat)
 92618 | Zig:18   | Identified the +0 pair of gloves of the Saviour {*Contam
                  | Str+7} (You found it on level 18 of a ziggurat)
 92620 | Zig:18   | Got a bound tin amulet
 92621 | Zig:18   | Identified the amulet "Toitoet" {+Rage rElec rF- rC+} (You
                  | found it on level 18 of a ziggurat)
 92635 | Zig:18   | Got a sparkling marble ring
 92636 | Zig:18   | Identified the ring "Fahucw" {rCorr +Blink rC- Dex+4} (You
                  | found it on level 18 of a ziggurat)
 92644 | Zig:18   | Got a faintly glowing glass ring
 92645 | Zig:18   | Identified the ring of Trepidation {rC+ MP+9 Int+4 Stlth+}
                  | (You found it on level 18 of a ziggurat)
 92657 | Zig:19   | Entered Level 19 of a ziggurat
 92728 | Zig:19   | Found the +5 demon whip "Spellbinder" {antimagic, MR+}
 92728 | Zig:19   | Found the +5 robe of Misfortune {*Contam Harm *Corrode
                  | *Drain *Slow EV+5}
 92731 | Zig:19   | Found the cursed +13 scythe of Curses {drain, *Curse}
 92766 | Zig:19   | Identified Sif Muna's Incunabulum of Protection and the
                  | Escort
 92768 | Zig:19   | Identified Sutefegu's Collected Works on Flight and
                  | Orientation
 92800 | Zig:20   | Entered Level 20 of a ziggurat
 92815 | Zig:20   | Noticed an orb of fire
 92815 | Zig:20   | Noticed an orb of fire
 92815 | Zig:20   | Noticed an orb of fire
 92816 | Zig:20   | Noticed an orb of fire
 92816 | Zig:20   | Noticed an orb of fire
 92816 | Zig:20   | Noticed an orb of fire
 92817 | Zig:20   | Noticed an orb of fire
 92817 | Zig:20   | Noticed an orb of fire
 92817 | Zig:20   | Noticed an orb of fire
 92817 | Zig:20   | Noticed an orb of fire
 92818 | Zig:20   | Noticed an orb of fire
 92818 | Zig:20   | Killed an orb of fire
 92818 | Zig:20   | Noticed an orb of fire
 92818 | Zig:20   | Noticed an orb of fire
 92819 | Zig:20   | Killed an orb of fire
 92819 | Zig:20   | Killed an orb of fire
 92819 | Zig:20   | Noticed an orb of fire
 92819 | Zig:20   | Noticed an orb of fire
 92819 | Zig:20   | Noticed an orb of fire
 92819 | Zig:20   | Noticed an orb of fire
 92820 | Zig:20   | Noticed an orb of fire
 92820 | Zig:20   | Noticed an orb of fire
 92820 | Zig:20   | Killed an orb of fire
 92820 | Zig:20   | Noticed an orb of fire
 92821 | Zig:20   | Killed an orb of fire
 92821 | Zig:20   | Killed an orb of fire
 92821 | Zig:20   | Killed an orb of fire
 92821 | Zig:20   | Noticed an orb of fire
 92821 | Zig:20   | Killed an orb of fire
 92821 | Zig:20   | Noticed an orb of fire
 92822 | Zig:20   | Noticed an orb of fire
 92822 | Zig:20   | Noticed an orb of fire
 92822 | Zig:20   | Killed an orb of fire
 92822 | Zig:20   | Killed an orb of fire
 92822 | Zig:20   | Killed an orb of fire
 92822 | Zig:20   | Noticed an orb of fire
 92822 | Zig:20   | Noticed an orb of fire
 92822 | Zig:20   | Noticed an orb of fire
 92823 | Zig:20   | Killed an orb of fire
 92823 | Zig:20   | Killed an orb of fire
 92823 | Zig:20   | Killed an orb of fire
 92823 | Zig:20   | Killed an orb of fire
 92823 | Zig:20   | Noticed an orb of fire
 92823 | Zig:20   | Noticed an orb of fire
 92824 | Zig:20   | Noticed an orb of fire
 92824 | Zig:20   | Noticed an orb of fire
 92824 | Zig:20   | Noticed an orb of fire
 92824 | Zig:20   | Killed an orb of fire
 92824 | Zig:20   | Killed an orb of fire
 92824 | Zig:20   | Killed an orb of fire
 92824 | Zig:20   | Killed an orb of fire
 92824 | Zig:20   | Noticed an orb of fire
 92825 | Zig:20   | Noticed an orb of fire
 92825 | Zig:20   | Killed an orb of fire
 92826 | Zig:20   | Killed an orb of fire
 92826 | Zig:20   | Killed an orb of fire
 92826 | Zig:20   | Killed an orb of fire
 92826 | Zig:20   | Killed an orb of fire
 92826 | Zig:20   | Killed an orb of fire
 92826 | Zig:20   | Killed an orb of fire
 92826 | Zig:20   | Noticed an orb of fire
 92827 | Zig:20   | Noticed an orb of fire
 92827 | Zig:20   | Killed an orb of fire
 92827 | Zig:20   | Killed an orb of fire
 92827 | Zig:20   | Killed an orb of fire
 92828 | Zig:20   | Noticed an orb of fire
 92828 | Zig:20   | Killed an orb of fire
 92828 | Zig:20   | Killed an orb of fire
 92828 | Zig:20   | Killed an orb of fire
 92828 | Zig:20   | Noticed an orb of fire
 92829 | Zig:20   | Noticed an orb of fire
 92830 | Zig:20   | Killed an orb of fire
 92830 | Zig:20   | Killed an orb of fire
 92831 | Zig:20   | Killed an orb of fire
 92831 | Zig:20   | Killed an orb of fire
 92833 | Zig:20   | Killed an orb of fire
 92833 | Zig:20   | Killed an orb of fire
 92835 | Zig:20   | Killed an orb of fire
 92836 | Zig:20   | Noticed an orb of fire
 92841 | Zig:20   | Killed an orb of fire
 92898 | Zig:20   | Found the +2 ratskin cloak {+Rats rPois rN+ Str-1 Int-1
                  | Dex+1}
 92901 | Zig:20   | Identified the Tome of Dark Arts and Displacement
 92919 | Zig:20   | Got a steaming brass ring
 92920 | Zig:20   | Identified the ring of Wual {*Tele rElec rF+ Int+3 Stlth+}
                  | (You found it on level 20 of a ziggurat)
 92926 | Zig:20   | Identified the Compendium of the Torrid Traveller
 92931 | Zig:20   | Got a coiled wooden ring
 92932 | Zig:20   | Identified the ring "Vyesch" {+Fly rF+ Str+3} (You found it
                  | on level 20 of a ziggurat)
 92935 | Zig:20   | Got a twitching diamond amulet
 92936 | Zig:20   | Identified the amulet "Ymaor" {Spirit +Inv +Fly rPois rN+}
                  | (You found it on level 20 of a ziggurat)
 92948 | Zig:20   | Identified the +2 pair of gloves "Firime" {rElec rN+ Dex+3}
                  | (You acquired it on level 20 of a ziggurat)
 92951 | Zig:20   | Got a flickering granite ring
 92952 | Zig:20   | Identified the ring "Jirrylut" {rC- Str+6 Int+4 Dex+2} (You
                  | found it on level 20 of a ziggurat)
 92959 | Zig:20   | Identified the Catalogue of Spatial Fire
 92976 | Zig:21   | Entered Level 21 of a ziggurat
 93035 | Zig:21   | Paralysed by a floating eye for 4 turns
 93077 | Zig:21   | Identified the cursed +1 broad axe of Bulorghoaph {drain,
                  | rPois rC+} (You found it on level 21 of a ziggurat)
 93085 | Zig:21   | Got a smoking jade amulet
 93086 | Zig:21   | Identified the amulet "Bihuezam" {Acrobat rPois} (You found
                  | it on level 21 of a ziggurat)
 93104 | Zig:21   | Got a brightly glowing iron ring
 93105 | Zig:21   | Identified the ring "Uhoanan" {*Slow rElec rN+ Str+4} (You
                  | found it on level 21 of a ziggurat)
 93109 | Zig:21   | Got a clouded silver amulet
 93110 | Zig:21   | Identified the amulet of Insomnia {Reflect +Inv rC+ Str+2
                  | SH+4} (You found it on level 21 of a ziggurat)
 93114 | Zig:21   | Identified the Catalogue of the Destructive Frostbite
 93136 | Zig:22   | Entered Level 22 of a ziggurat
 93278 | Zig:22   | Paralysed by you for 7 turns
 93313 | Zig:22   | Found the ring of the Octopus King
 93319 | Zig:22   | Identified the Almanac of Enchanting Protection
 93322 | Zig:22   | Got a transparent ivory ring
 93323 | Zig:22   | Identified the ring "Suteit" {rC- rN+ MR+ EV+2} (You found
                  | it on level 22 of a ziggurat)
 93330 | Zig:22   | Identified the Incunabulum of Lightness and Dark Rites
 93332 | Zig:22   | Identified the Reference Book on Displaced Summoning
 93335 | Zig:22   | Got a scorched brass ring
 93336 | Zig:22   | Identified the ring of Adoil {*Tele *Corrode rPois Int+7
                  | Slay-6} (You found it on level 22 of a ziggurat)
 93339 | Zig:22   | Got a ring of the Octopus King
 93367 | Zig:22   | Got a bound wooden ring
 93368 | Zig:22   | Identified the ring "Oschus" {+Inv +Fly rN++} (You found it
                  | on level 22 of a ziggurat)
 93375 | Zig:22   | Got a faintly glowing iron ring
 93376 | Zig:22   | Identified the ring "Puloyral" {Wiz +Inv Str+2} (You found
                  | it on level 22 of a ziggurat)
 93383 | Zig:22   | Identified the Grimoire of Fetching Lightness
 93413 | Zig:23   | Entered Level 23 of a ziggurat
 93504 | Zig:23   | Identified the Reference Book on Ashen Fire
 93549 | Zig:23   | Got a glittering steel ring
 93550 | Zig:23   | Identified the ring "Raluequn" {rN+ Stlth+} (You found it
                  | on level 23 of a ziggurat)
 93565 | Zig:24   | Entered Level 24 of a ziggurat
 93590 | Zig:24   | Noticed an ancient lich
 93591 | Zig:24   | Noticed an ancient lich
 93593 | Zig:24   | Killed an ancient lich
 93594 | Zig:24   | Killed an ancient lich
 93595 | Zig:24   | Killed an ancient lich
 93595 | Zig:24   | Noticed an ancient lich
 93595 | Zig:24   | Noticed an ancient lich
 93596 | Zig:24   | Killed an ancient lich
 93596 | Zig:24   | Killed an ancient lich
 93596 | Zig:24   | Killed an ancient lich
 93597 | Zig:24   | Noticed an ancient lich
 93597 | Zig:24   | Noticed an ancient lich
 93597 | Zig:24   | Noticed an ancient lich
 93598 | Zig:24   | Noticed an ancient lich
 93600 | Zig:24   | Killed an ancient lich
 93601 | Zig:24   | Killed an ancient lich
 93601 | Zig:24   | Killed an ancient lich
 93601 | Zig:24   | Killed an ancient lich
 93601 | Zig:24   | Killed an ancient lich
 93602 | Zig:24   | Killed an ancient lich
 93602 | Zig:24   | Noticed an ancient lich
 93603 | Zig:24   | Noticed an ancient lich
 93604 | Zig:24   | Noticed an ancient lich
 93605 | Zig:24   | Killed an ancient lich
 93605 | Zig:24   | Noticed an ancient lich
 93606 | Zig:24   | Killed an ancient lich
 93608 | Zig:24   | Killed an ancient lich
 93608 | Zig:24   | Killed an ancient lich
 93608 | Zig:24   | Noticed an ancient lich
 93608 | Zig:24   | Noticed an ancient lich
 93609 | Zig:24   | Noticed an ancient lich
 93610 | Zig:24   | Killed an ancient lich
 93610 | Zig:24   | Killed an ancient lich
 93610 | Zig:24   | Noticed an ancient lich
 93610 | Zig:24   | Killed an ancient lich
 93611 | Zig:24   | Noticed an ancient lich
 93611 | Zig:24   | Noticed an ancient lich
 93612 | Zig:24   | Killed an ancient lich
 93612 | Zig:24   | Killed an ancient lich
 93612 | Zig:24   | Killed an ancient lich
 93612 | Zig:24   | Killed an ancient lich
 93612 | Zig:24   | Noticed an ancient lich
 93613 | Zig:24   | Killed an ancient lich
 93613 | Zig:24   | Noticed an ancient lich
 93615 | Zig:24   | Killed an ancient lich
 93615 | Zig:24   | Killed an ancient lich
 93615 | Zig:24   | Killed an ancient lich
 93615 | Zig:24   | Killed an ancient lich
 93616 | Zig:24   | Killed an ancient lich
 93616 | Zig:24   | Noticed an ancient lich
 93616 | Zig:24   | Noticed an ancient lich
 93617 | Zig:24   | Noticed an ancient lich
 93618 | Zig:24   | Killed an ancient lich
 93618 | Zig:24   | Killed an ancient lich
 93618 | Zig:24   | Noticed an ancient lich
 93620 | Zig:24   | Killed an ancient lich
 93621 | Zig:24   | Noticed an ancient lich
 93622 | Zig:24   | Killed an ancient lich
 93626 | Zig:24   | Killed an ancient lich
 93631 | Zig:24   | Noticed an ancient lich
 93634 | Zig:24   | Killed an ancient lich
 93687 | Zig:24   | Got a warped diamond amulet
 93688 | Zig:24   | Identified the amulet "Raypas" {Spirit *Drain rF+ rC+ rN+}
                  | (You found it on level 24 of a ziggurat)
 93708 | Zig:25   | Entered Level 25 of a ziggurat
 93715 | Zig:25   | Noticed a greater mummy
 93716 | Zig:25   | Noticed a greater mummy
 93718 | Zig:25   | Noticed a greater mummy
 93718 | Zig:25   | Noticed a greater mummy
 93718 | Zig:25   | Noticed a greater mummy
 93719 | Zig:25   | Noticed a greater mummy
 93720 | Zig:25   | Killed a greater mummy
 93720 | Zig:25   | Noticed a greater mummy
 93720 | Zig:25   | Noticed a greater mummy
 93720 | Zig:25   | Noticed a greater mummy
 93721 | Zig:25   | Noticed a greater mummy
 93722 | Zig:25   | Killed a greater mummy
 93722 | Zig:25   | Killed a greater mummy
 93722 | Zig:25   | Killed a greater mummy
 93722 | Zig:25   | Killed a greater mummy
 93722 | Zig:25   | Killed a greater mummy
 93722 | Zig:25   | Noticed a greater mummy
 93723 | Zig:25   | Noticed a greater mummy
 93724 | Zig:25   | Killed a greater mummy
 93724 | Zig:25   | Killed a greater mummy
 93724 | Zig:25   | Noticed a greater mummy
 93724 | Zig:25   | Noticed a greater mummy
 93724 | Zig:25   | Noticed a greater mummy
 93724 | Zig:25   | Noticed a greater mummy
 93725 | Zig:25   | Killed a greater mummy
 93725 | Zig:25   | Killed a greater mummy
 93725 | Zig:25   | Noticed a greater mummy
 93725 | Zig:25   | Noticed a greater mummy
 93725 | Zig:25   | Noticed a greater mummy
 93726 | Zig:25   | Killed a greater mummy
 93726 | Zig:25   | Killed a greater mummy
 93726 | Zig:25   | Killed a greater mummy
 93726 | Zig:25   | Killed a greater mummy
 93726 | Zig:25   | Noticed a greater mummy
 93727 | Zig:25   | Killed a greater mummy
 93727 | Zig:25   | Noticed a greater mummy
 93728 | Zig:25   | Killed a greater mummy
 93728 | Zig:25   | Killed a greater mummy
 93728 | Zig:25   | Noticed a greater mummy
 93728 | Zig:25   | Noticed a greater mummy
 93730 | Zig:25   | Killed a greater mummy
 93730 | Zig:25   | Killed a greater mummy
 93730 | Zig:25   | Killed a greater mummy
 93730 | Zig:25   | Noticed a greater mummy
 93730 | Zig:25   | Noticed a greater mummy
 93731 | Zig:25   | Killed a greater mummy
 93731 | Zig:25   | Killed a greater mummy
 93731 | Zig:25   | Noticed a greater mummy
 93732 | Zig:25   | Killed a greater mummy
 93732 | Zig:25   | Noticed a greater mummy
 93733 | Zig:25   | Noticed a greater mummy
 93734 | Zig:25   | Killed a greater mummy
 93734 | Zig:25   | Killed a greater mummy
 93734 | Zig:25   | Noticed a greater mummy
 93735 | Zig:25   | Noticed a greater mummy
 93735 | Zig:25   | Noticed a greater mummy
 93735 | Zig:25   | Noticed a greater mummy
 93736 | Zig:25   | Killed a greater mummy
 93736 | Zig:25   | Killed a greater mummy
 93738 | Zig:25   | Killed a greater mummy
 93738 | Zig:25   | Killed a greater mummy
 93738 | Zig:25   | Killed a greater mummy
 93738 | Zig:25   | Noticed a greater mummy
 93739 | Zig:25   | Noticed a greater mummy
 93739 | Zig:25   | Killed a greater mummy
 93739 | Zig:25   | Killed a greater mummy
 93740 | Zig:25   | Noticed a greater mummy
 93740 | Zig:25   | Noticed a greater mummy
 93742 | Zig:25   | Noticed a greater mummy
 93742 | Zig:25   | Noticed a greater mummy
 93742 | Zig:25   | Noticed a greater mummy
 93743 | Zig:25   | Killed a greater mummy
 93743 | Zig:25   | Noticed a greater mummy
 93743 | Zig:25   | Noticed a greater mummy
 93744 | Zig:25   | Killed a greater mummy
 93744 | Zig:25   | Killed a greater mummy
 93744 | Zig:25   | Killed a greater mummy
 93745 | Zig:25   | Noticed a greater mummy
 93745 | Zig:25   | Noticed a greater mummy
 93745 | Zig:25   | Noticed a greater mummy
 93746 | Zig:25   | Killed a greater mummy
 93746 | Zig:25   | Killed a greater mummy
 93746 | Zig:25   | Killed a greater mummy
 93746 | Zig:25   | Noticed a greater mummy
 93746 | Zig:25   | Noticed a greater mummy
 93748 | Zig:25   | Killed a greater mummy
 93748 | Zig:25   | Killed a greater mummy
 93748 | Zig:25   | Noticed a greater mummy
 93749 | Zig:25   | Noticed a greater mummy
 93751 | Zig:25   | Killed a greater mummy
 93751 | Zig:25   | Killed a greater mummy
 93751 | Zig:25   | Killed a greater mummy
 93751 | Zig:25   | Killed a greater mummy
 93751 | Zig:25   | Killed a greater mummy
 93752 | Zig:25   | Killed a greater mummy
 93752 | Zig:25   | Killed a greater mummy
 93800 | Zig:25   | Got a pitted steel ring
 93801 | Zig:25   | Identified the ring of Obsession {rF- rN+++ MR+ MP-9 Str+8}
                  | (You found it on level 25 of a ziggurat)
 93826 | Zig:26   | Entered Level 26 of a ziggurat
 93870 | Zig:26   | Paralysed by a floating eye for 4 turns
 93889 | Zig:26   | Found the +4 skin of Zhor {Hibernate rC+++ SInv}
 93892 | Zig:26   | Found the +8 mithril axe "Arga" {speed, MR+}
 93892 | Zig:26   | Found the +7 sceptre of Torment {pain, torment}
 93900 | Zig:26   | Identified the Volume of Earthen Good Luck
 93923 | Zig:26   | Got a sparkling silver amulet
 93924 | Zig:26   | Identified the amulet "Huhauz" {rC++ rN+ Regen+} (You found
                  | it on level 26 of a ziggurat)
 93930 | Zig:26   | Identified the Collected Works on Vitriolic Ignition
 93946 | Zig:26   | Identified the cursed +1 robe of Greater Demons {rN+ MR+
                  | Str+3} (You found it on level 26 of a ziggurat)
 93964 | Zig:26   | Got a fine golden ring
 93965 | Zig:26   | Identified the ring "Zyvimew" {rC+ MR+} (You found it on
                  | level 26 of a ziggurat)
 93977 | Zig:27   | Entered Level 27 of a ziggurat
 94084 | Zig:27   | Found the +4 moon troll leather armour {Spirit, Regen++
                  | MP+5}
 94085 | Zig:27   | Found the +7 Singing Sword {slice, sonic wave}
 94090 | Zig:27   | Identified The Intricacies of Hermeneutics
 94101 | Zig:27   | Got a smoking steel ring
 94102 | Zig:27   | Identified the ring "Focabuif" {Dex+2 Stlth-} (You found it
                  | on level 27 of a ziggurat)
 94135 | Zig:27   | Identified Keycriy's Incunabulum of Shifting Flames
 94169 | Depths:5 | Learned a level 6 spell: Darkness
 94566 | Tomb:1   | Entered Level 1 of the Tomb of the Ancients
 94575 | Tomb:1   | Noticed a greater mummy
 94577 | Tomb:1   | Noticed a greater mummy
 94577 | Tomb:1   | Noticed a greater mummy
 94577 | Tomb:1   | Noticed a greater mummy
 94578 | Tomb:1   | Killed a greater mummy
 94578 | Tomb:1   | Killed a greater mummy
 94580 | Tomb:1   | Killed a greater mummy
 94580 | Tomb:1   | Noticed a greater mummy
 94581 | Tomb:1   | Killed a greater mummy
 94582 | Tomb:1   | Noticed a greater mummy
 94584 | Tomb:1   | Killed a greater mummy
 94587 | Tomb:1   | Killed a greater mummy
 94592 | Tomb:1   | Noticed a greater mummy
 94593 | Tomb:1   | Noticed a greater mummy
 94595 | Tomb:1   | Killed a greater mummy
 94596 | Tomb:1   | Killed a greater mummy
 94598 | Tomb:1   | Noticed a greater mummy
 94602 | Tomb:1   | Killed a greater mummy
 94610 | Tomb:1   | Noticed a greater mummy
 94614 | Tomb:1   | Killed a greater mummy
 94667 | Tomb:1   | Noticed a greater mummy
 94669 | Tomb:1   | Noticed a greater mummy
 94672 | Tomb:1   | Killed a greater mummy
 94672 | Tomb:1   | Killed a greater mummy
 94673 | Tomb:1   | Noticed a greater mummy
 94677 | Tomb:1   | Killed a greater mummy
 94678 | Tomb:1   | Noticed a greater mummy
 94682 | Tomb:1   | Killed a greater mummy
 94694 | Tomb:1   | Got a shimmering garnet amulet
 94695 | Tomb:1   | Identified the amulet of Gumatur {Acrobat rN+} (You found
                  | it on level 1 of the Tomb of the Ancients)
 94874 | Tomb:1   | Noticed a greater mummy
 94876 | Tomb:1   | Noticed a greater mummy
 94876 | Tomb:1   | Noticed a greater mummy
 94877 | Tomb:1   | Noticed a greater mummy
 94878 | Tomb:1   | Killed a greater mummy
 94880 | Tomb:1   | Killed a greater mummy
 94880 | Tomb:1   | Killed a greater mummy
 94880 | Tomb:1   | Killed a greater mummy
 94881 | Tomb:1   | Noticed a greater mummy
 94884 | Tomb:1   | Noticed a greater mummy
 94887 | Tomb:1   | Killed a greater mummy
 94887 | Tomb:1   | Killed a greater mummy
 95155 | Tomb:2   | Noticed a greater mummy
 95157 | Tomb:2   | Noticed a greater mummy
 95161 | Tomb:2   | Killed a greater mummy
 95163 | Tomb:2   | Killed a greater mummy
 95164 | Tomb:2   | Noticed a greater mummy
 95168 | Tomb:2   | Noticed an ancient lich
 95169 | Tomb:2   | Killed a greater mummy
 95171 | Tomb:2   | Killed an ancient lich
 95355 | Tomb:3   | Entered Level 3 of the Tomb of the Ancients
 95363 | Tomb:3   | Noticed a greater mummy
 95363 | Tomb:3   | Noticed a greater mummy
 95366 | Tomb:3   | Killed a greater mummy
 95368 | Tomb:3   | Killed a greater mummy
 95371 | Tomb:3   | Noticed a greater mummy
 95374 | Tomb:3   | Killed a greater mummy
 95375 | Tomb:3   | Noticed a greater mummy
 95379 | Tomb:3   | Killed a greater mummy
 95396 | Tomb:3   | Noticed a greater mummy
 95396 | Tomb:3   | Noticed a greater mummy
 95399 | Tomb:3   | Killed a greater mummy
 95399 | Tomb:3   | Noticed a greater mummy
 95400 | Tomb:3   | Killed a greater mummy
 95400 | Tomb:3   | Noticed a greater mummy
 95403 | Tomb:3   | Killed a greater mummy
 95405 | Tomb:3   | Killed a greater mummy
 95418 | Tomb:3   | Got a golden rune of Zot
 95529 | Tomb:3   | Identified the Compendium of Good Luck and the Blaze
 95534 | Tomb:3   | Got a scintillating steel ring
 95535 | Tomb:3   | Identified the ring of Laah {MR+ Int+3} (You found it on
                  | level 3 of the Tomb of the Ancients)
 95575 | Tomb:3   | Got a translucent golden ring
 95576 | Tomb:3   | Identified the ring "Opruzaq" {Int+7 Dex-4 Stlth-} (You
                  | found it on level 3 of the Tomb of the Ancients)
 96330 | Zig:1    | Entered Level 1 of a ziggurat
 96352 | Zig:2    | Entered Level 2 of a ziggurat
 96385 | Zig:3    | Entered Level 3 of a ziggurat
 96424 | Zig:4    | Entered Level 4 of a ziggurat
 96424 | Zig:4    | Noticed an ancient lich
 96425 | Zig:4    | Noticed an ancient lich
 96425 | Zig:4    | Noticed an ancient lich
 96427 | Zig:4    | Noticed an ancient lich
 96427 | Zig:4    | Noticed an ancient lich
 96428 | Zig:4    | Killed an ancient lich
 96428 | Zig:4    | Killed an ancient lich
 96428 | Zig:4    | Killed an ancient lich
 96429 | Zig:4    | Killed an ancient lich
 96429 | Zig:4    | Killed an ancient lich
 96429 | Zig:4    | Killed an ancient lich
 96431 | Zig:4    | Noticed an ancient lich
 96434 | Zig:4    | Killed an ancient lich
 96474 | Zig:5    | Entered Level 5 of a ziggurat
 96540 | Zig:6    | Entered Level 6 of a ziggurat
 96591 | Zig:7    | Entered Level 7 of a ziggurat
 96636 | Zig:7    | Got a sparkling turquoise ring
 96642 | Zig:7    | Identified the ring of Ompoyq {AC+4 Str+6} (You found it on
                  | level 7 of a ziggurat)
 96694 | Zig:8    | Entered Level 8 of a ziggurat
 96739 | Zig:8    | Identified the +9 broad axe of Kismet {venom, rElec Int+2
                  | Dex+3} (You found it on level 8 of a ziggurat)
 96747 | Zig:8    | Identified Soilul's Handbook of Beguiling
 96772 | Zig:9    | Entered Level 9 of a ziggurat
 96772 | Zig:9    | Noticed a juggernaut
 96773 | Zig:9    | Killed a juggernaut
 96774 | Zig:9    | Noticed a juggernaut
 96778 | Zig:9    | Noticed a juggernaut
 96778 | Zig:9    | Noticed a juggernaut
 96778 | Zig:9    | Killed a juggernaut
 96781 | Zig:9    | Noticed a juggernaut
 96781 | Zig:9    | Noticed a juggernaut
 96781 | Zig:9    | Killed a juggernaut
 96783 | Zig:9    | Noticed a juggernaut
 96783 | Zig:9    | Killed a juggernaut
 96783 | Zig:9    | Killed a juggernaut
 96783 | Zig:9    | Killed a juggernaut
 96785 | Zig:9    | Killed a juggernaut
 96806 | Zig:9    | Identified the +1 shield of Understanding {rF+} (You found
                  | it on level 9 of a ziggurat)
 96819 | Zig:10   | Entered Level 10 of a ziggurat
 96859 | Zig:10   | Identified the Compendium of Summoning
 96879 | Zig:11   | Entered Level 11 of a ziggurat
 96958 | Zig:12   | Entered Level 12 of a ziggurat
 96960 | Zig:12   | Noticed a juggernaut
 96961 | Zig:12   | Noticed a juggernaut
 96961 | Zig:12   | Noticed a juggernaut
 96962 | Zig:12   | Noticed a juggernaut
 96962 | Zig:12   | Noticed a juggernaut
 96963 | Zig:12   | Killed a juggernaut
 96964 | Zig:12   | Killed a juggernaut
 96964 | Zig:12   | Killed a juggernaut
 96964 | Zig:12   | Noticed a juggernaut
 96964 | Zig:12   | Noticed a juggernaut
 96966 | Zig:12   | Killed a juggernaut
 96966 | Zig:12   | Killed a juggernaut
 96966 | Zig:12   | Noticed a juggernaut
 96967 | Zig:12   | Noticed a juggernaut
 96970 | Zig:12   | Noticed a juggernaut
 96971 | Zig:12   | Noticed a juggernaut
 96971 | Zig:12   | Killed a juggernaut
 96971 | Zig:12   | Killed a juggernaut
 96971 | Zig:12   | Killed a juggernaut
 96972 | Zig:12   | Noticed a juggernaut
 96972 | Zig:12   | Killed a juggernaut
 96973 | Zig:12   | Killed a juggernaut
 96974 | Zig:12   | Killed a juggernaut
 96974 | Zig:12   | Killed a juggernaut
 97013 | Zig:12   | Got a slimy copper ring
 97014 | Zig:12   | Identified the ring "Hezaym" {*Corrode rPois rC+ Dex+4
                  | Stlth-} (You found it on level 12 of a ziggurat)
 97033 | Zig:13   | Entered Level 13 of a ziggurat
 97069 | Zig:13   | Found the +5 robe of Night {Dark MR+ SInv}
 97069 | Zig:13   | Found the +0 Maxwell's etheric cage {RegenMP+ *Contam rElec
                  | MP+4}
 97095 | Zig:13   | Got a sparkling crystal amulet
 97096 | Zig:13   | Identified the amulet "Wirill" {Harm *Drain rF- Dex+8} (You
                  | found it on level 13 of a ziggurat)
 97100 | Zig:13   | Got a wavering jade ring
 97101 | Zig:13   | Identified the ring of the Quahog {rF+ rN+} (You found it
                  | on level 13 of a ziggurat)
 97139 | Zig:14   | Entered Level 14 of a ziggurat
 97200 | Zig:14   | Got a heavily runed zirconium amulet
 97201 | Zig:14   | Identified the amulet "Zuxuyrphuobo" {Faith +Blink Int+7
                  | Dex-4 Slay+2} (You found it on level 14 of a ziggurat)
 97205 | Zig:14   | Got a wavering gossamer ring
 97206 | Zig:14   | Identified the ring of Nenlor {rElec rPois rF- rC+ Dex+3}
                  | (You found it on level 14 of a ziggurat)
 97228 | Zig:15   | Entered Level 15 of a ziggurat
 97386 | Zig:16   | Entered Level 16 of a ziggurat
 97497 | Zig:16   | Found the +2 robe of Vines {NoPotionHeal Regen+7}
 97547 | Zig:16   | Got a translucent copper ring
 97548 | Zig:16   | Identified the cursed ring "Gugro" {rElec rPois Int-4} (You
                  | found it on level 16 of a ziggurat)
 97562 | Zig:16   | Got a clouded glass ring
 97563 | Zig:16   | Identified the ring "Walyh" {Wiz +Inv rF+ Int+4} (You found
                  | it on level 16 of a ziggurat)
 97584 | Zig:17   | Entered Level 17 of a ziggurat
 97642 | Zig:17   | Got a sparkling ivory ring
 97643 | Zig:17   | Identified the ring of Qinerphesch {rPois rN+ EV+2 Int+5}
                  | (You found it on level 17 of a ziggurat)
 97656 | Zig:17   | Identified the Incunabulum of Unholy Transmutation
 97661 | Zig:17   | Identified the +5 robe "Kiprir" {rElec} (You found it on
                  | level 17 of a ziggurat)
 97675 | Zig:18   | Entered Level 18 of a ziggurat
 97783 | Zig:18   | Identified the +0 cloak of Duck's Teeth {+Inv} (You
                  | acquired it on level 18 of a ziggurat)
 97784 | Zig:18   | Identified Gasmoh's Guide on Attacks and Companions
 97827 | Zig:19   | Entered Level 19 of a ziggurat
 97833 | Zig:19   | Noticed Bibrony the pandemonium lord
 97833 | Zig:19   | Noticed Ypsesabo the pandemonium lord
 97836 | Zig:19   | Killed Ypsesabo the pandemonium lord
 97838 | Zig:19   | Noticed Rukomu the pandemonium lord
 97838 | Zig:19   | Noticed Lirghid the pandemonium lord
 97839 | Zig:19   | Killed Bibrony the pandemonium lord
 97839 | Zig:19   | Noticed Weqytzosk the pandemonium lord
 97839 | Zig:19   | Noticed Namiebeh the pandemonium lord
 97839 | Zig:19   | Noticed Lubiomn the pandemonium lord
 97840 | Zig:19   | Killed Namiebeh the pandemonium lord
 97840 | Zig:19   | Noticed Patatt the pandemonium lord
 97841 | Zig:19   | Noticed Laruzod the pandemonium lord
 97841 | Zig:19   | Noticed Enuiw the pandemonium lord
 97842 | Zig:19   | Noticed Bishiun the pandemonium lord
 97842 | Zig:19   | Noticed Ycimug the pandemonium lord
 97842 | Zig:19   | Noticed Faqisel the pandemonium lord
 97843 | Zig:19   | Noticed Juchinio the pandemonium lord
 97843 | Zig:19   | Noticed Vein the pandemonium lord
 97844 | Zig:19   | Noticed Iplagilo the pandemonium lord
 97844 | Zig:19   | Noticed Cuss the pandemonium lord
 97845 | Zig:19   | Killed Rukomu the pandemonium lord
 97845 | Zig:19   | Killed Weqytzosk the pandemonium lord
 97845 | Zig:19   | Killed Enuiw the pandemonium lord
 97845 | Zig:19   | Noticed Qushra the pandemonium lord
 97846 | Zig:19   | Killed Faqisel the pandemonium lord
 97846 | Zig:19   | Killed Laruzod the pandemonium lord
 97846 | Zig:19   | Killed Ycimug the pandemonium lord
 97846 | Zig:19   | Killed Patatt the pandemonium lord
 97846 | Zig:19   | Killed Lubiomn the pandemonium lord
 97846 | Zig:19   | Noticed Nykiv the pandemonium lord
 97846 | Zig:19   | Noticed Ybad the pandemonium lord
 97847 | Zig:19   | Killed Bishiun the pandemonium lord
 97847 | Zig:19   | Noticed Xuf Moiq the pandemonium lord
 97848 | Zig:19   | Killed Lirghid the pandemonium lord
 97848 | Zig:19   | Killed Iplagilo the pandemonium lord
 97848 | Zig:19   | Killed Vein the pandemonium lord
 97848 | Zig:19   | Noticed Udwif the pandemonium lord
 97848 | Zig:19   | Noticed Pacio the pandemonium lord
 97848 | Zig:19   | Noticed Palop the pandemonium lord
 97849 | Zig:19   | Killed Juchinio the pandemonium lord
 97849 | Zig:19   | Noticed Pipic the pandemonium lord
 97849 | Zig:19   | Noticed Guuvilet the pandemonium lord
 97850 | Zig:19   | Killed Cuss the pandemonium lord
 97850 | Zig:19   | Killed Qushra the pandemonium lord
 97850 | Zig:19   | Noticed Uruuwufaed the pandemonium lord
 97850 | Zig:19   | Paralysed by a floating eye for 3 turns
 97850 | Zig:19   | Noticed Iruditejen the pandemonium lord
 97850 | Zig:19   | Noticed Buecsuj the pandemonium lord
 97851 | Zig:19   | Noticed Dudwape the pandemonium lord
 97851 | Zig:19   | Killed Xuf Moiq the pandemonium lord
 97851 | Zig:19   | Noticed Veihiu the pandemonium lord
 97852 | Zig:19   | Noticed Vaorutor the pandemonium lord
 97852 | Zig:19   | Killed Nykiv the pandemonium lord
 97852 | Zig:19   | Noticed Feucay the pandemonium lord
 97854 | Zig:19   | Killed Udwif the pandemonium lord
 97854 | Zig:19   | Killed Palop the pandemonium lord
 97855 | Zig:19   | Killed Ybad the pandemonium lord
 97859 | Zig:19   | Killed Dudwape the pandemonium lord
 97860 | Zig:19   | Killed Uruuwufaed the pandemonium lord
 97861 | Zig:19   | Killed Vaorutor the pandemonium lord
 97861 | Zig:19   | Killed Pacio the pandemonium lord
 97861 | Zig:19   | Noticed Hosam the pandemonium lord
 97863 | Zig:19   | Killed Veihiu the pandemonium lord
 97863 | Zig:19   | Noticed Seudghil the pandemonium lord
 97864 | Zig:19   | Killed Feucay the pandemonium lord
 97864 | Zig:19   | Noticed Ubidut the pandemonium lord
 97864 | Zig:19   | Noticed Aboalev the pandemonium lord
 97864 | Zig:19   | Noticed Pyicuqof the pandemonium lord
 97864 | Zig:19   | Noticed Tiucet the pandemonium lord
 97867 | Zig:19   | Killed Hosam the pandemonium lord
 97867 | Zig:19   | Noticed Savilay the pandemonium lord
 97868 | Zig:19   | Killed Seudghil the pandemonium lord
 97868 | Zig:19   | Killed Iruditejen the pandemonium lord
 97868 | Zig:19   | Noticed Yjutuag the pandemonium lord
 97870 | Zig:19   | Noticed Xocsaopn the pandemonium lord
 97871 | Zig:19   | Killed Tiucet the pandemonium lord
 97871 | Zig:19   | Killed Pyicuqof the pandemonium lord
 97873 | Zig:19   | Noticed Duotix the pandemonium lord
 97873 | Zig:19   | Killed Ubidut the pandemonium lord
 97873 | Zig:19   | Killed Pipic the pandemonium lord
 97874 | Zig:19   | Killed Aboalev the pandemonium lord
 97874 | Zig:19   | Killed Savilay the pandemonium lord
 97875 | Zig:19   | Noticed Cougoac the pandemonium lord
 97875 | Zig:19   | Killed Xocsaopn the pandemonium lord
 97875 | Zig:19   | Killed Duotix the pandemonium lord
 97876 | Zig:19   | Noticed Wullid the pandemonium lord
 97877 | Zig:19   | Killed Yjutuag the pandemonium lord
 97877 | Zig:19   | Noticed Tock the pandemonium lord
 97878 | Zig:19   | Noticed Kosial the pandemonium lord
 97880 | Zig:19   | Killed Kosial the pandemonium lord
 97881 | Zig:19   | Noticed Tekhyasu the pandemonium lord
 97883 | Zig:19   | Killed Wullid the pandemonium lord
 97883 | Zig:19   | Killed Cougoac the pandemonium lord
 97883 | Zig:19   | Noticed Cioqiug the pandemonium lord
 97885 | Zig:19   | Killed Tekhyasu the pandemonium lord
 97885 | Zig:19   | Noticed Monech the pandemonium lord
 97887 | Zig:19   | Noticed Fiqe the pandemonium lord
 97887 | Zig:19   | Noticed Bed Ila the pandemonium lord
 97889 | Zig:19   | Killed Guuvilet the pandemonium lord
 97891 | Zig:19   | Killed Monech the pandemonium lord
 97891 | Zig:19   | Noticed Jyfadeba the pandemonium lord
 97892 | Zig:19   | Paralysed by you for 5 turns
 97896 | Zig:19   | Killed Fiqe the pandemonium lord
 97896 | Zig:19   | Noticed Gityroca the pandemonium lord
 97897 | Zig:19   | Killed Cioqiug the pandemonium lord
 97897 | Zig:19   | Killed Tock the pandemonium lord
 97898 | Zig:19   | Noticed Wify the pandemonium lord
 97898 | Zig:19   | Killed Jyfadeba the pandemonium lord
 97899 | Zig:19   | Killed Buecsuj the pandemonium lord
 97900 | Zig:19   | Noticed Kyubontu the pandemonium lord
 97900 | Zig:19   | Noticed Fetteah the pandemonium lord
 97901 | Zig:19   | Noticed Kaxticre the pandemonium lord
 97902 | Zig:19   | Noticed Hyruocse the pandemonium lord
 97904 | Zig:19   | Killed Gityroca the pandemonium lord
 97904 | Zig:19   | Killed Bed Ila the pandemonium lord
 97906 | Zig:19   | Killed Wify the pandemonium lord
 97906 | Zig:19   | Killed Fetteah the pandemonium lord
 97906 | Zig:19   | Killed Kyubontu the pandemonium lord
 97907 | Zig:19   | Killed Hyruocse the pandemonium lord
 97911 | Zig:19   | Killed Kaxticre the pandemonium lord
 97968 | Zig:19   | Got a scintillating platinum ring
 97969 | Zig:19   | Identified the ring of Zafah {rC+ rN+++ MP+9 Str-4 Dex-3}
                  | (You found it on level 19 of a ziggurat)
 97983 | Zig:19   | Identified Sif Muna's Disquisition on Shifting Arcane
                  | Weapons
 97987 | Zig:19   | Got a serpentine turquoise ring
 97988 | Zig:19   | Identified the ring of Nuceveu {rC+ Slay+2 SInv} (You found
                  | it on level 19 of a ziggurat)
 98008 | Zig:20   | Entered Level 20 of a ziggurat
 98025 | Zig:20   | Noticed an orb of fire
 98026 | Zig:20   | Noticed an orb of fire
 98027 | Zig:20   | Noticed an orb of fire
 98028 | Zig:20   | Killed an orb of fire
 98028 | Zig:20   | Killed an orb of fire
 98028 | Zig:20   | Noticed an orb of fire
 98029 | Zig:20   | Noticed an orb of fire
 98029 | Zig:20   | Noticed an orb of fire
 98030 | Zig:20   | Noticed an orb of fire
 98031 | Zig:20   | Killed an orb of fire
 98031 | Zig:20   | Noticed an orb of fire
 98031 | Zig:20   | Noticed an orb of fire
 98031 | Zig:20   | Noticed an orb of fire
 98032 | Zig:20   | Killed an orb of fire
 98032 | Zig:20   | Killed an orb of fire
 98032 | Zig:20   | Killed an orb of fire
 98032 | Zig:20   | Noticed an orb of fire
 98033 | Zig:20   | Noticed an orb of fire
 98033 | Zig:20   | Killed an orb of fire
 98033 | Zig:20   | Noticed an orb of fire
 98033 | Zig:20   | Noticed an orb of fire
 98033 | Zig:20   | Noticed an orb of fire
 98033 | Zig:20   | Noticed an orb of fire
 98033 | Zig:20   | Noticed an orb of fire
 98034 | Zig:20   | Killed an orb of fire
 98034 | Zig:20   | Killed an orb of fire
 98035 | Zig:20   | Noticed an orb of fire
 98035 | Zig:20   | Killed an orb of fire
 98035 | Zig:20   | Killed an orb of fire
 98035 | Zig:20   | Killed an orb of fire
 98035 | Zig:20   | Killed an orb of fire
 98035 | Zig:20   | Noticed an orb of fire
 98035 | Zig:20   | Noticed an orb of fire
 98035 | Zig:20   | Noticed an orb of fire
 98035 | Zig:20   | Noticed an orb of fire
 98036 | Zig:20   | Killed an orb of fire
 98036 | Zig:20   | Killed an orb of fire
 98036 | Zig:20   | Killed an orb of fire
 98036 | Zig:20   | Noticed an orb of fire
 98036 | Zig:20   | Noticed an orb of fire
 98037 | Zig:20   | Noticed an orb of fire
 98037 | Zig:20   | Noticed an orb of fire
 98037 | Zig:20   | Killed an orb of fire
 98037 | Zig:20   | Noticed an orb of fire
 98037 | Zig:20   | Noticed an orb of fire
 98038 | Zig:20   | Killed an orb of fire
 98038 | Zig:20   | Killed an orb of fire
 98038 | Zig:20   | Noticed an orb of fire
 98038 | Zig:20   | Noticed an orb of fire
 98039 | Zig:20   | Killed an orb of fire
 98039 | Zig:20   | Killed an orb of fire
 98039 | Zig:20   | Killed an orb of fire
 98039 | Zig:20   | Killed an orb of fire
 98039 | Zig:20   | Killed an orb of fire
 98039 | Zig:20   | Noticed an orb of fire
 98040 | Zig:20   | Noticed an orb of fire
 98040 | Zig:20   | Noticed an orb of fire
 98040 | Zig:20   | Noticed an orb of fire
 98040 | Zig:20   | Noticed an orb of fire
 98041 | Zig:20   | Reached skill level 27 in Long Blades
 98041 | Zig:20   | Reached skill level 27 in Maces & Flails
 98041 | Zig:20   | Reached skill level 27 in Slings
 98041 | Zig:20   | Reached skill level 27 in Bows
 98041 | Zig:20   | Reached skill level 27 in Crossbows
 98041 | Zig:20   | Reached skill level 27 in Translocations
 98041 | Zig:20   | Reached skill level 27 in Poison Magic
 98041 | Zig:20   | Killed an orb of fire
 98041 | Zig:20   | Killed an orb of fire
 98041 | Zig:20   | Killed an orb of fire
 98041 | Zig:20   | Killed an orb of fire
 98041 | Zig:20   | Killed an orb of fire
 98041 | Zig:20   | Noticed an orb of fire
 98041 | Zig:20   | Noticed an orb of fire
 98041 | Zig:20   | Noticed an orb of fire
 98042 | Zig:20   | Killed an orb of fire
 98042 | Zig:20   | Killed an orb of fire
 98043 | Zig:20   | Killed an orb of fire
 98043 | Zig:20   | Killed an orb of fire
 98043 | Zig:20   | Killed an orb of fire
 98043 | Zig:20   | Killed an orb of fire
 98044 | Zig:20   | Killed an orb of fire
 98044 | Zig:20   | Killed an orb of fire
 98044 | Zig:20   | Noticed an orb of fire
 98045 | Zig:20   | Killed an orb of fire
 98047 | Zig:20   | Killed an orb of fire
 98048 | Zig:20   | Noticed an orb of fire
 98051 | Zig:20   | Killed an orb of fire
 98082 | Zig:20   | Found the +9 scales of the Dragon King {rPois rF+ rC+ MR+}
 98095 | Zig:20   | Got a wavering pewter amulet
 98096 | Zig:20   | Identified the amulet of Dihus {+Inv Regen+ Str+4 Int-4}
                  | (You found it on level 20 of a ziggurat)
 98099 | Zig:20   | Got a steaming pewter amulet
 98100 | Zig:20   | Identified the amulet "Luvooc" {Reflect rElec SH+2} (You
                  | found it on level 20 of a ziggurat)
 98112 | Zig:20   | Identified Sif Muna's Incunabulum of Ignition and
                  | Necromancy
 98127 | Zig:21   | Entered Level 21 of a ziggurat
 98199 | Zig:21   | Found the +8 orange crystal plate armour {Archmagi, Int+3
                  | Clar}
 98200 | Zig:21   | Found the +3 robe of Clouds {+Thunder rCloud rElec}
 98205 | Zig:21   | Identified A Primer on Theurgy
 98208 | Zig:21   | Got a wavering brass ring
 98209 | Zig:21   | Identified the ring "Jiuf Nen" {EV+3 Int+6} (You found it
                  | on level 21 of a ziggurat)
 98218 | Zig:21   | Got a twitching iron ring
 98220 | Zig:21   | Got a sparkling bronze ring
 98221 | Zig:21   | Identified the ring of Wonkukeakk {rCorr rPois rC- SInv}
                  | (You found it on level 21 of a ziggurat)
 98222 | Zig:21   | Identified the ring of Vojeblur {rElec rPois rC+ Stlth+}
                  | (You found it on level 21 of a ziggurat)
 98332 | Zig:22   | Entered Level 22 of a ziggurat
 98343 | Zig:22   | Noticed Wexemay the pandemonium lord
 98343 | Zig:22   | Noticed Otoqem the pandemonium lord
 98343 | Zig:22   | Noticed Romyex the pandemonium lord
 98344 | Zig:22   | Noticed Emop Jat the pandemonium lord
 98346 | Zig:22   | Noticed Rett the pandemonium lord
 98346 | Zig:22   | Noticed Meonaack the pandemonium lord
 98346 | Zig:22   | Noticed Zir Fajy the pandemonium lord
 98347 | Zig:22   | Noticed Ocadworch the pandemonium lord
 98347 | Zig:22   | Noticed Reuruc the pandemonium lord
 98347 | Zig:22   | Noticed Sauloh the pandemonium lord
 98347 | Zig:22   | Noticed Enitz the pandemonium lord
 98350 | Zig:22   | Killed Wexemay the pandemonium lord
 98351 | Zig:22   | Killed Romyex the pandemonium lord
 98351 | Zig:22   | Noticed Pimas the pandemonium lord
 98352 | Zig:22   | Killed Emop Jat the pandemonium lord
 98353 | Zig:22   | Killed Zir Fajy the pandemonium lord
 98354 | Zig:22   | Killed Enitz the pandemonium lord
 98354 | Zig:22   | Killed Rett the pandemonium lord
 98354 | Zig:22   | Killed Ocadworch the pandemonium lord
 98354 | Zig:22   | Noticed Archable the pandemonium lord
 98356 | Zig:22   | Killed Meonaack the pandemonium lord
 98356 | Zig:22   | Killed Sauloh the pandemonium lord
 98358 | Zig:22   | Killed Pimas the pandemonium lord
 98359 | Zig:22   | Killed Otoqem the pandemonium lord
 98359 | Zig:22   | Noticed Tablerur the pandemonium lord
 98360 | Zig:22   | Killed Reuruc the pandemonium lord
 98360 | Zig:22   | Noticed a juggernaut
 98362 | Zig:22   | Killed Tablerur the pandemonium lord
 98362 | Zig:22   | Killed Archable the pandemonium lord
 98362 | Zig:22   | Noticed Mouburph the pandemonium lord
 98362 | Zig:22   | Noticed Xeuracog the pandemonium lord
 98363 | Zig:22   | Killed a juggernaut
 98363 | Zig:22   | Noticed Muddops the pandemonium lord
 98363 | Zig:22   | Noticed Legeed the pandemonium lord
 98363 | Zig:22   | Noticed Qiruq the pandemonium lord
 98364 | Zig:22   | Noticed Bussuun the pandemonium lord
 98365 | Zig:22   | Killed Legeed the pandemonium lord
 98371 | Zig:22   | Killed Xeuracog the pandemonium lord
 98371 | Zig:22   | Noticed Roqifyru the pandemonium lord
 98372 | Zig:22   | Killed Qiruq the pandemonium lord
 98372 | Zig:22   | Killed Mouburph the pandemonium lord
 98376 | Zig:22   | Noticed Eraus the pandemonium lord
 98377 | Zig:22   | Noticed Heuqecoi the pandemonium lord
 98377 | Zig:22   | Noticed Suro the pandemonium lord
 98378 | Zig:22   | Killed Roqifyru the pandemonium lord
 98380 | Zig:22   | Killed Bussuun the pandemonium lord
 98380 | Zig:22   | Noticed Reanemiw the pandemonium lord
 98381 | Zig:22   | Killed Heuqecoi the pandemonium lord
 98381 | Zig:22   | Killed Suro the pandemonium lord
 98381 | Zig:22   | Noticed Cenysar the pandemonium lord
 98383 | Zig:22   | Killed Eraus the pandemonium lord
 98384 | Zig:22   | Killed Reanemiw the pandemonium lord
 98384 | Zig:22   | Killed Cenysar the pandemonium lord
 98384 | Zig:22   | Noticed Lutzoose the pandemonium lord
 98384 | Zig:22   | Noticed Kump the pandemonium lord
 98385 | Zig:22   | Noticed Cuetamn the pandemonium lord
 98385 | Zig:22   | Noticed Ecryhos the pandemonium lord
 98385 | Zig:22   | Noticed Xelass the pandemonium lord
 98387 | Zig:22   | Noticed Nyrilil the pandemonium lord
 98388 | Zig:22   | Killed Lutzoose the pandemonium lord
 98388 | Zig:22   | Killed Xelass the pandemonium lord
 98388 | Zig:22   | Killed Cuetamn the pandemonium lord
 98389 | Zig:22   | Killed Ecryhos the pandemonium lord
 98389 | Zig:22   | Killed Kump the pandemonium lord
 98389 | Zig:22   | Noticed Kesoloex the pandemonium lord
 98390 | Zig:22   | Noticed Haroew the pandemonium lord
 98390 | Zig:22   | Noticed Belog the pandemonium lord
 98391 | Zig:22   | Killed Muddops the pandemonium lord
 98391 | Zig:22   | Killed Nyrilil the pandemonium lord
 98391 | Zig:22   | Noticed Nobih the pandemonium lord
 98393 | Zig:22   | Killed Kesoloex the pandemonium lord
 98393 | Zig:22   | Noticed Deadasha the pandemonium lord
 98393 | Zig:22   | Noticed Nosewkomump the pandemonium lord
 98395 | Zig:22   | Noticed Roafa the pandemonium lord
 98396 | Zig:22   | Noticed Goil the pandemonium lord
 98398 | Zig:22   | Killed Haroew the pandemonium lord
 98400 | Zig:22   | Killed Belog the pandemonium lord
 98400 | Zig:22   | Noticed Disub the pandemonium lord
 98400 | Zig:22   | Noticed Teygasto the pandemonium lord
 98401 | Zig:22   | Killed Nobih the pandemonium lord
 98402 | Zig:22   | Noticed Meawafial the pandemonium lord
 98408 | Zig:22   | Paralysed by a floating eye for 4 turns
 98416 | Zig:22   | Noticed Juce the pandemonium lord
 98420 | Zig:22   | Noticed Keckuk the pandemonium lord
 98420 | Zig:22   | Killed from afar by a Tzitzimitl

Vault maps used:
D:1:      lightli_arrival_statuegarden, minmay_pentomino_t4
D:2:      eino_curves_04, eino_curves_01
D:3:      first_ration
D:4:      nicolae_qazlal_style_of_elements, minmay_misc_feat_pillars,
          minivault_19
D:5:      uniq_duvessa
D:6:      gammafunk_temple_overflow_elements, ebering_ghost_sewer_f,
          basic_altar, st_stairs_8, grunt_ministairs_9,
          chequers_serial_rivers_micro_d
D:7:      minmay_temple_entry_steel_oval
D:8:      nicolae_gozag_cash_rules_everything_around_me,
          gammafunk_ghost_spectres, grunt_pizzeria, uniq_pikel
D:9:      due_lair_maze_entry_diamond, serial_shops, shop, shop,
          uniq_prince_ribbit1, uniq_psyche, uniq_maurice
D:10:     serial_shops, nicolae_shop_trees, lemuel_mausoleum_altar_kikubaaqudgha
D:11:     minivault_29
D:12:     serial_shops, nicolae_shop_trees
D:13:     gammafunk_jiyva_shrine, grunt_vaults_entry_fortified, basic_altar
D:14:     nooodl_glass_maze, minivault_24, enter_bailey_1, serial_shops, shop,
          portal_ice_cave_entry_imps, uniq_roxanne
D:15:     grunt_enter_depths_snipers, serial_shops, shop_fountains, uniq_azrael
Temple:   dpeg_five_rooms_temple
Lair:1:   grunt_megastairs_1, uniq_grum
Lair:3:   lemuel_fruit_tree, infiniplex_staircase_pool, lemuel_fruit_fields,
          uniq_nergalle
Lair:4:   minmay_shoals_entry_hut, dummy_spider_entry, st_stairs_10,
          minmay_lair_oklob_chamber
Lair:5:   nicolae_slime_entry_slimehenge, uniq_sonja
Lair:6:   evilmike_catoblepas_cave, dpeg_oklob_1
Shoals:1: nicolae_shoals_siren_and_animal_friends
Shoals:2: uniq_ilsuiw
Shoals:3: serial_shops, nicolae_shop_crystal
Shoals:4: shoals_end_grunt_ice
Spider:1: nicolae_spider_corner, uniq_nikola, uniq_asterion
Spider:2: hangedman_spider_tarantella_strand, uniq_kirke, uniq_jorgrun
Spider:3: nicolae_looking_at_the_future
Spider:4: grunt_spider_rune_circles
Slime:2:  cheibrodos_slime_lost_civilization_6
Slime:3:  nicolae_slime_welcoming_committee
Orc:1:    serial_shops, shop, shop, shop, shop, abandoned_shop
Orc:2:    st_orc_ogre_mass, serial_shops, shop
Elf:1:    basic_altar, minmay_elf_demonology
Elf:2:    ebering_ghost_xom, serial_shops, nicolae_shop_stone, shop,
          shop_fountains, shop, nicolae_shop_waterfront, item_on_display_a,
          minmay_shop_grove
Elf:3:    minmay_elf_hall_quartered_circle, statue_in_the_mist_lemuel,
          moated_statue, st_stairs_1, spider_trap, uniq_saint_roka
Vaults:1: vaults_standard_mumra_x, ontoclasm_vaults_idyll, special_room_vaults,
          v_misc_2, vaults_dpeg_diagonal, vaults_room_pools,
          vaults_dpeg_encased_lava, basic_altar
Vaults:2: vaults_standard_mumra_lines, hangedman_vaults_corner,
          hangedman_vaults_hard_town_square, hangedman_vaults_variations,
          nicolae_vaults_triangles, v_rooms_6, v_misc_23,
          blue_anna_dwarven_crypt, serial_shops, shop
Vaults:3: ontoclasm_vaults_spin, nicolae_vaults_network_quinsquares,
          ontoclasm_vaults_chip, nicolae_vaults_little_squares_3,
          grunt_vaults_hallway_short, grunt_vaults_bifocal,
          nicolae_vaults_network_periphery, nicolae_vaults_hallways_thing,
          nicolae_vaults_angled_halls, ontoclasm_vaults_chip,
          nicolae_vaults_quadrants, nicolae_vaults_shelves_hall, v_misc_15,
          v_misc_2
Vaults:4: hangedman_vaults_capsules, nicolae_vaults_little_squares_6,
          vaults_room_stairs_pillars, hangedman_vaults_trim,
          ontoclasm_vaults_gateway, ontoclasm_vaults_chip,
          ontoclasm_vaults_idyll, v_rooms_3, v_alt_pattern_6, v_misc_12,
          nicolae_vaults_rhombus_6, vaults_mumra_chevron, special_room_vaults,
          nicolae_vaults_diagonal_hallway_7, nicolae_vaults_little_squares_2
Crypt:1:  gammafunk_ghost_mausoleum
Crypt:3:  evilmike_haunted_forest
Depths:1: grunt_hell_entry_dis_mu, abyss_entry, minmay_misc_feat_chi,
          lemuel_statue_altar, roderic_lattice_octagonal_star
Depths:2: wad_arrow_thing, hangedman_decor_opposing, lightli_too_deep,
          hangedman_abyss_or_decor_stagger,
          hangedman_abyss_or_decor_lesser_grid, basic_stair_grate_trap
Depths:3: hangedman_six_sided_sadism, rand_demon_pan_entry_3, roderic_lattice_a,
          hell_entry
Depths:4: minmay_eyes, hell_entry, minmay_room_of_horrors, reverse_door_vault,
          basic_stair_grate_trap, uniq_boris
Depths:5: grunt_crosshair, enter_ziggurat_c, chequers_serial_rivers_small_3,
          ebering_ghost_rock_garden, pf_hell_entry_great_geh, uniq_jory,
          uniq_sojobo
Zig:1:    ziggurat_pillar_centre_c
Zig:8:    ziggurat_pillar_centre_dispersal
Zig:9:    ziggurat_pillar_centre_oklobs
Zig:10:   ziggurat_pillar_centre_dead_trees
Zig:12:   ziggurat_pillar_centre_smoke
Zig:22:   ziggurat_pillar_centre_more_plants
Zig:27:   ziggurat_pillar_centre_drop
IceCv:    ice_cave_small_giant

Skill      XL: |  1  2  3  4  5  6  7  8  9 10 11 12 13 14 15 16 17 18 19 20 21 22 23 24 25 26 27 |
---------------+----------------------------------------------------------------------------------+-----
Fire Magic     | 3 4 5 6 8 10 11 12 13 14 15 16 17 18 19 27 | 27.0
Conjurations   | 2 3 4 5 6 8 9 10 11 12 13 14 15 16 17 18 19 20 27 | 27.0
Spellcasting   | 3 4 5 6 7 8 10 11 12 13 14 15 16 17 18 19 20 21 22 24 27 | 27.0
Fighting       | 4 5 27 | 27.0
Shields        | 2 4 8 12 27 | 27.0
Dodging        | 5 7 9 10 27 | 27.0
Earth Magic    | 5 7 9 11 12 13 15 16 17 18 27 | 27.0
Evocations     | 4 6 9 11 27 | 27.0
Throwing       | 6 11 12 27 | 27.0
Air Magic      | 7 27 | 27.0
Necromancy     | 27 | 27.0
Transmutations | 27 | 27.0
Staves         | 27 | 27.0
Armour         | 27 | 27.0
Unarmed Combat | 27 | 27.0
Ice Magic      | 27 | 27.0
Axes           | 27 | 27.0
Hexes          | 27 | 27.0
Summonings     | 27 | 27.0
Charms         | 27 | 27.0
Bows           | 27 | 27.0
Stealth        | 27 | 27.0
Short Blades   | 27 | 27.0
Polearms       | 27 | 27.0
Maces & Flails | 27 | 27.0
Invocations    | 27 | 27.0
Long Blades    | 27 | 27.0
Slings         | 27 | 27.0
Crossbows      | 27 | 27.0
Translocations | 27 | 27.0
Poison Magic   | 27 | 27.0

Action                   |  1- 3 |  4- 6 |  7- 9 | 10-12 | 13-15 | 16-18 | 19-21 | 22-24 | 25-27 || total
-------------------------+-------+-------+-------+-------+-------+-------+-------+-------+-------++-------
Melee: Unarmed           |     9 |       |       |       |       |       |       |       |       ||     9
       Short sword       |       |     9 |       |       |       |       |       |       |       ||     9
       Headbutt          |       |     2 |     1 |    11 |       |     3 |     4 |       |     8 ||    29
       Flail             |       |       |    11 |       |       |       |       |       |       ||    11
       Whip              |       |       |       |    81 |    12 |    36 |     7 |       |       ||   136
       Staff             |       |       |       |       |     1 |     8 |    15 |     1 |    28 ||    53
       Broad axe         |       |       |       |       |       |       |       |       |    27 ||    27
Throw: Javelin           |       |       |       |       |       |       |       |       |    38 ||    38
 Cast: Flame Tongue      |    53 |    91 |   260 |   486 |    45 |     2 |       |       |       ||   937
       Conjure Flame     |       |     1 |     8 |    28 |       |       |       |       |       ||    37
       Sticky Flame      |       |       |    26 |    72 |    35 |     7 |     2 |       |       ||   142
       Fireball          |       |       |    10 |   107 |   569 |   516 |   491 |    77 |   145 ||  1915
       Iron Shot         |       |       |       |       |     2 |   101 |   270 |    99 |    90 ||   562
       Bolt of Fire      |       |       |       |       |     1 |    13 |    28 |     1 |     2 ||    45
       Blink             |       |       |       |       |       |     4 |     1 |       |     1 ||     6
       Fire Storm        |       |       |       |       |       |       |    30 |   175 |  3448 ||  3653
       Borgnjor's Vile C |       |       |       |       |       |       |       |     1 |     1 ||     2
       Shatter           |       |       |       |       |       |       |       |     9 |   347 ||   356
       Ignition          |       |       |       |       |       |       |       |       |   652 ||   652
       Lehudib's Crystal |       |       |       |       |       |       |       |       |   290 ||   290
       Spellforged Servi |       |       |       |       |       |       |       |       |    55 ||    55
       Necromutation     |       |       |       |       |       |       |       |       |   364 ||   364
       Glaciate          |       |       |       |       |       |       |       |       |   355 ||   355
       Tornado           |       |       |       |       |       |       |       |       |    93 ||    93
       Deflect Missiles  |       |       |       |       |       |       |       |       |    14 ||    14
       Darkness          |       |       |       |       |       |       |       |       |     8 ||     8
       Yara's Violent Un |       |       |       |       |       |       |       |       |     2 ||     2
 Abil: End Transformatio |       |       |       |       |       |       |       |       |    13 ||    13
Evoke: Wand              |       |       |       |     3 |       |     6 |    10 |     1 |    12 ||    32
       Staff of energy   |       |       |       |       |       |       |       |       |    31 ||    31
       Figurine of a zig |       |       |       |       |       |       |       |       |     8 ||     8
       Staff of Wucad Mu |       |       |       |       |       |       |       |       |     1 ||     1
  Use: Scroll            |       |       |    14 |     6 |    15 |    12 |    14 |     6 |   292 ||   359
       Potion            |       |       |       |       |       |     5 |     6 |     6 |    77 ||    94
  Eat: Chunk             |     3 |     5 |    23 |    58 |    54 |    35 |    35 |    33 |    17 ||   263
       Ration            |       |       |     1 |     4 |     3 |     3 |     6 |     9 |     8 ||    34
Armor: Robe              |     8 |     9 |    25 |    22 |       |       |     1 |     8 |   417 ||   490
       Troll leather arm |       |       |       |    57 |    32 |    50 |    43 |       |       ||   182
Dodge: Dodged            |    31 |    20 |    53 |   147 |    95 |   215 |   145 |    42 |  1684 ||  2432
       Deflected         |       |       |       |       |       |       |       |       |   249 ||   249
Block: Buckler           |       |       |       |    38 |    26 |    65 |    51 |    18 |    25 ||   223
       Large shield      |       |       |       |       |       |       |       |       |   360 ||   360
       Shield            |       |       |       |       |       |       |       |       |  1131 ||  1131

Table legend:
 A = Non-vault XP
 B = Vault XP
 C = Vault XP percentage of total XP
 D = Non-vault monster count
 E = Vault monster count
 F = Vault count percentage of total count
                 A         B        C        D         E       F
            +---------+---------+-------+---------+---------+-------
      Total | 8226478 |  771982 |   8.6 |   24270 |    1199 |   4.7
            +---------+---------+-------+---------+---------+-------
        D:1 |      23 |       7 |  23.3 |      14 |       4 |  22.2
        D:2 |      58 |       0 |   0.0 |       9 |       0 |   0.0
        D:3 |     234 |       0 |   0.0 |      23 |       0 |   0.0
        D:4 |     926 |       0 |   0.0 |      24 |       0 |   0.0
        D:5 |     318 |     220 |  40.9 |      15 |       2 |  11.8
        D:6 |    1135 |     421 |  27.1 |      31 |       6 |  16.2
        D:7 |    1242 |       0 |   0.0 |      20 |       0 |   0.0
        D:8 |    1759 |    2406 |  57.8 |      23 |       7 |  23.3
        D:9 |    3313 |    2416 |  42.2 |      36 |      15 |  29.4
       D:10 |    2302 |     759 |  24.8 |      22 |      12 |  35.3
       D:11 |    3537 |    4576 |  56.4 |      32 |      41 |  56.2
       D:12 |    5605 |       0 |   0.0 |      37 |       0 |   0.0
       D:13 |    9237 |    6773 |  42.3 |      35 |      10 |  22.2
       D:14 |    7688 |    4405 |  36.4 |      53 |      20 |  27.4
       D:15 |   12711 |    4491 |  26.1 |      30 |       9 |  23.1
     Lair:1 |    5034 |    2454 |  32.8 |      14 |      12 |  46.2
     Lair:2 |    4337 |       0 |   0.0 |      22 |       0 |   0.0
     Lair:3 |    2172 |     828 |  27.6 |      13 |       1 |   7.1
     Lair:4 |    9532 |    7013 |  42.4 |      31 |      15 |  32.6
     Lair:5 |   10102 |     887 |   8.1 |      30 |       5 |  14.3
     Lair:6 |   16607 |   14406 |  46.5 |      44 |      27 |  38.0
   Shoals:1 |    8195 |    2264 |  21.6 |      15 |       3 |  16.7
   Shoals:2 |   18543 |    6321 |  25.4 |      36 |       5 |  12.2
   Shoals:3 |   19595 |     933 |   4.5 |      33 |       1 |   2.9
   Shoals:4 |   25634 |   21076 |  45.1 |      52 |      29 |  35.8
   Spider:1 |   12716 |   18128 |  58.8 |      32 |      32 |  50.0
   Spider:2 |   13893 |    5635 |  28.9 |      45 |       3 |   6.2
   Spider:3 |   18304 |    1925 |   9.5 |      53 |      15 |  22.1
   Spider:4 |   11968 |   22309 |  65.1 |      34 |      40 |  54.1
    Slime:1 |   14555 |       0 |   0.0 |      22 |       0 |   0.0
    Slime:2 |    1837 |       0 |   0.0 |       6 |       0 |   0.0
    Slime:3 |    3059 |       0 |   0.0 |       5 |       0 |   0.0
    Slime:4 |    8334 |       0 |   0.0 |      11 |       0 |   0.0
    Slime:5 |    4520 |   35044 |  88.6 |       8 |      14 |  63.6
      Orc:1 |    1479 |       0 |   0.0 |      19 |       0 |   0.0
      Orc:2 |    3987 |   18733 |  82.5 |      49 |      39 |  44.3
      Elf:1 |   19036 |    6630 |  25.8 |      30 |      10 |  25.0
      Elf:2 |   14433 |   29049 |  66.8 |      24 |      33 |  57.9
      Elf:3 |   18373 |   57855 |  75.9 |      34 |      48 |  58.5
   Vaults:1 |    2602 |    9256 |  78.1 |       4 |      35 |  89.7
   Vaults:2 |   38222 |   28968 |  43.1 |      67 |      42 |  38.5
   Vaults:3 |   21779 |   35148 |  61.7 |      45 |      46 |  50.5
   Vaults:4 |   35029 |   22483 |  39.1 |      52 |      44 |  45.8
   Vaults:5 |   29576 |  134619 |  82.0 |      51 |      95 |  65.1
    Crypt:1 |   39771 |   16018 |  28.7 |      61 |      13 |  17.6
    Crypt:2 |   17671 |       0 |   0.0 |      35 |       0 |   0.0
    Crypt:3 |       0 |   64798 | 100.0 |       0 |      98 | 100.0
     Tomb:1 |       0 |       0 |   N/A |      23 |      55 |  70.5
     Tomb:2 |       0 |       0 |   N/A |      27 |      43 |  61.4
     Tomb:3 |       0 |       0 |   N/A |      44 |      72 |  62.1
   Depths:1 |   41672 |     448 |   1.1 |      67 |       1 |   1.5
   Depths:2 |   26571 |   14856 |  35.9 |      28 |      14 |  33.3
   Depths:3 |   27469 |   44038 |  61.6 |      34 |      51 |  60.0
   Depths:4 |   20775 |   64396 |  75.6 |      20 |      60 |  75.0
   Depths:5 |   53982 |   44588 |  45.2 |      49 |      26 |  34.7
      Zig:1 |   20000 |       0 |   0.0 |      75 |       0 |   0.0
      Zig:2 |   26596 |       0 |   0.0 |     123 |       0 |   0.0
      Zig:3 |   48292 |       0 |   0.0 |     158 |       0 |   0.0
      Zig:4 |   74095 |       0 |   0.0 |     182 |       0 |   0.0
      Zig:5 |   69787 |       0 |   0.0 |     265 |       0 |   0.0
      Zig:6 |  111928 |       0 |   0.0 |     337 |       0 |   0.0
      Zig:7 |  148094 |       0 |   0.0 |     437 |       0 |   0.0
      Zig:8 |  139170 |       0 |   0.0 |     417 |       0 |   0.0
      Zig:9 |  148279 |    3968 |   2.6 |     554 |       7 |   1.2
     Zig:10 |  182712 |       0 |   0.0 |     571 |       0 |   0.0
     Zig:11 |  209227 |       0 |   0.0 |     664 |       0 |   0.0
     Zig:12 |  261704 |       0 |   0.0 |     715 |       0 |   0.0
     Zig:13 |  270332 |      50 |   0.0 |     734 |       1 |   0.1
     Zig:14 |  179013 |       0 |   0.0 |     889 |       0 |   0.0
     Zig:15 |  226840 |       0 |   0.0 |     847 |       0 |   0.0
     Zig:16 |  264196 |       0 |   0.0 |    1172 |       0 |   0.0
     Zig:17 |  321956 |       0 |   0.0 |     984 |       0 |   0.0
     Zig:18 |  422632 |       0 |   0.0 |    1265 |       0 |   0.0
     Zig:19 |  394278 |       0 |   0.0 |    1302 |       0 |   0.0
     Zig:20 |  470193 |     728 |   0.2 |    1111 |       1 |   0.1
     Zig:21 |  403490 |       0 |   0.0 |    1240 |       0 |   0.0
     Zig:22 |  416054 |       0 |   0.0 |    1334 |       0 |   0.0
     Zig:23 |  434511 |      34 |   0.0 |    1303 |       1 |   0.1
     Zig:24 |  517039 |       0 |   0.0 |    1363 |       0 |   0.0
     Zig:25 |  647860 |       0 |   0.0 |    1576 |       0 |   0.0
     Zig:26 |  583576 |       0 |   0.0 |    1301 |       0 |   0.0
     Zig:27 |  563172 |       0 |   0.0 |    1678 |       0 |   0.0
      IceCv |       0 |    9622 | 100.0 |       0 |      36 | 100.0
            +---------+---------+-------+---------+---------+-------
